Workbook
Name Data: '[1]Tabla de Valoración'!$I$2:$L$5
Name Diseño: '[1]Tabla de Valoración'!$I$2:$I$5
Name Ejecución: '[1]Tabla de Valoración'!$I$2:$L$2
Name Posibilidad: [2]Hoja2!$H$3:$H$7
Name Posibilidad: [2]Hoja2!$H$3:$H$7

Sheet Presentacion 
A1: Consejo Superior de la Judicatura
A7: MAPA DE RIESGOS SIGCMA
A9: DEPENDENCIA (Unidad misional del CSJ o Unidad de la DEAJ o Seccional o CSJ en caso de despachos judiciales certificados) | B9: DIRECCIÓN SECCIONAL DE ADMINISTRACIÓN JUDICIAL DE PEREIRA
A11: PROCESO (indique el tipo de proceso si es Estratégico. Misional, Apoyo, Evaluación y Mejora y especifique el nombre del proceso) | B11: Apoyo | C11: ADQUISICIÓN DE BIENES Y SERVICIOS
A13: CONSEJO SUPERIOR DE LA JUDICATURA
A14: CONSEJO SECCIONAL DE LA JUDICATURA
A15: DIRECCIÓN SECCIONAL DE ADMINISTRACIÓN JUDICIAL | B15: X
A16: DESPACHO JUDICIAL CERTIFICADO
A18: FECHA

Sheet Contexto
B1: Consejo Superior de la Judicatura
B2: Análisis de Contexto
A4: DEPENDENCIA: | B4: DIRECCION SECCIONAL DE ADMINISTRACION JUDICIAL DE PEREIRA | D4: PROCESO | E4: ADQUISICION DE BIENES Y SERVICIOS
A6: CONSEJO SECCIONAL/ DIRECCIÓN SECCIONAL DE ADMINISTRACIÓN JUDICIAL | B6: DIRECCION SECCIONAL DE ADMINISTRACION JUDICIAL DE PEREIRA
A8: OBJETIVO DEL PROCESO: | B8: Adquirir oportunamente los bienes y servicios requeridos por la Rama Judicial para garantizar una óptima gestión en cada vigencia, en el marco del sistema de gestión de la calidad, medio ambiente y seguridad y salud en el trabajo.
A9: CONTEXTO EXTERNO
A10: FACTORES | B10: No. | C10: AMENAZAS (Factores) | D10: No. | E10: OPORTUNIDADES (Factores)
A11: Político (cambios de gobierno, legislación, políticas públicas, regulación). | B11: 1 | C11: Eliminación o cambio del Proceso de adquisición de bienes y servicios por una Nueva legislación que impactan el quehacer normal de las diferentes instancias de la Rama Judicial. | D11: 1 | E11: Expedición de la Ley del Plan Nacional de Desarrollo que contiene el Plan Sectorial de Desarrollo de la Rama Judicial.
B12: 2 | C12: El cambio de gobierno puede incidir en la priorización de los temas ambientales en los diferentes instrumentos gubernamentales | D12: 2 | E12: Normatividad que parte de gobierno y de las políticas internacionales para la preservación de medio Ambiente.
A13: Económicos y Financieros | B13: 3 | C13: El aplazamiento o recorte presupuestal que realiza el Ministerio de Hacienda al presupuesto de la Rama Judicial. | D13: 3 | E13: Asignación anual de presupuestos de inversión y funcionamiento por parte del Gobierno Nacional.
B14: 4 | C14: Legislación en materia de COVID que establece austeridad y limita la disponibilidad de recursos. | D14: 4 | E14: Asignación de presupuesto para la realización de actividades de bienestar para los servidores judiciales y para la atención de la emergencia sanitaria.
B15: 5 | C15: Las decisiones que adopta el Congreso de la Republica cuando aprueba el proyecto de presupuesto de la Rama Judicial.
A16: Sociales y culturales | B16: 6 | C16: Actos delictivos cometidos por usuarios del servicio, contratistas y/o autoridades públicas. | D16: 5 | E16: Acceso por parte de la ciudadanía a los canales de comunicación institucionales a través de los medios virtuales.
B17: 7 | C17: Restricciones de movilidad, aislamiento, restricciones de ingreso a las sedes judiciales. | D17: 6 | E17: Fomentar la conservación de patrimonio cultural en las sedes judiciales.
B18: 8 | C18: Alteración del orden público. | D18: 7 | E18: Aumento de la demanda de medios tecnológicos y plataformas por parte de los usuarios de la administración de justicia.
B19: 9 | C19: Afectación emocional por atención a clientes internos y externos irrespetuosos | D19: 8 | E19: La cultura de la calidad y de la gestión ambiental desarrollada en las diferentes entidades y de cierta manera esperada por la ciudadanía.
A20: Tecnológicos | B20: 10 | C20: Implementación de nuevos software para el manejo de los procesos sin la suficiente capacitación, para ser aplicada en las seccionales. | D20: 9 | E20: Nuevas herramientas para trabajo colaborativo.
B21: 11 | C21: Falla de conectividad en la plataforma transaccional SECOP II | D21: 10 | E21: Disponibilidad en el mercado de herramientas tecnológicas.
B22: 12 | C22: Desconocimiento en el manejo de la plataforma transaccional SECOP II por parte de los proveedores.
B23: 13 | C23: Riesgos de la seguridad de la información por amenazas externas.(Ataques cibernéticos., Fraudes electrónicos)
B24: 14 | C24: Perdida de la información por virus.
A25: Ambientales | B25: 15 | C25: Ocurrencia de fenómenos naturales (Inundaciones, sismos, vendavales, pandemias) que pueden afectar la prestación del servicio | D25: 11 | E25: Se cuenta con organismos y entidades para el control adecuado de las emergencias ambientales.
B26: 16 | D26: 12 | E26: Los proveedores se encuentran en mejores condiciones para cumplimiento de requerimientos ambientales.
A27: Legales y reglamentarios | B27: 17 | C27: Servicios de proveedores que no cumplen con la normatividad ambiental en sus productos o servicios. | D27: 13 | E27: Legislación vigente (Calidad, Ambiental y SST). Manual de espacios fisicos saludables
B28: 18 | C28: Multiplicidad de decretos emitidos por la emergencia sanitaria que asignan más funciones y responsabilidades en el desempeño de proceso. | E28: Las opciones de integración de los sistemas de gestión y los modelos administrativos de apoyo a la rama judicial.
B29: 19 | C29: Excesiva cantidad de normas que podrían llevar a aplicar normatividad derogada.
A30: Otros | B30: 20 | C30: Expedición de directrices dadas a conocer sin la oportunidad suficiente y sin capacitación previa. | D30: 14 | E30: Disponibilidad de proveedores que ofertan productos biodegradables y/o amigables con el medio ambiente (papel a partir de bagazo de caña, insumos para la limpieza y desinfección).
B31: 21 | C31: Pliegos tipo de Colombia Compra eficiente, no se refuerza el tema ambiental en ellos, si no que prevalece el menor valor y menos requsitos para mayor oferentes. | D31: 15 | E31: Posibilidad de acceder a multiples proveedores de Bienes y Servicios a traves de la Plataforma Transaccional SECOP 2
A32: CONTEXTO INTERNO
A33: FACTORES | B33: No. | C33: DEBILIDADES (Factores) | D33: No. | E33: FORTALEZAS (Factores)
A34: Estratégicos: (direccionamiento estratégico, planeación institucional, liderazgo, trabajo en equipo) | B34: 1 | C34: Falta de comunicación y trabajo en equipo para los integrantes del proceso de adquisición de bienes y servicios | D34: 1 | E34: Programación de actividades del area con base en el plan anual de adquisiciones.
B35: 2 | C35: Expedición de directrices dadas a conocer de manera tardía y sin capacitación previa. | D35: 2 | E35: Existencia y funcionamiento de la Junta Seccional de Contratación y de Comité Evaluador y Estructurador seccional
B36: 3 | C36: Falta de mayor integración entre los enlaces de proceso con el líder de calidad y el lider ambiental de la seccional. | D36: 3 | E36: Reglamentación definida a través de Acuerdos para la planeación y adquisición de bienes y servicios.
B37: 4 | C37: Falta de conocimiento en la documentación dispuesta por el SIGCMA para el proceso de adquisición de bienes y servicios | D37: 4 | E37: Mejoramiento continuo de los documentos y anexos para adelantar los procesos de contratación.
A38: Recursos financieros (presupuesto de funcionamiento, recursos de inversión) | B38: 5 | C38: No asignación desde el mes de enero de todos los recursos solicitados por la seccional. | D38: 5 | E38: optimización de recursos disponibles para actividades específicas del proceso
B39: 6 | C39: Aprobación tardía de los proyectos de inversión.
B40: 7 | C40: No disponibilidad de recursos financieros para todas las actividades requeridas.
B41: 8 | C41: Demora en la asignación de PAC por restricciones o iliquidez en el Ministerio.
B42: 9 | C42: No se cuenta con un presupuesto asignado para la realización de proyectos ambientales.
B43: 10 | C43: Falta de asignación de recursos, para personal de apoyo técnico y metodológico en las seccionales en cuanto a la implementación y seguimiento de SIGCMA.
A44: Personal (competencia del personal, disponibilidad, suficiencia, seguridad y salud en el trabajo) | B44: 11 | C44: Insuficiencia de personal para ejercer los cargos de secretaría tecnica de la junta y lider administrativo del proceso de contratación | D44: 6 | E44: El personal asignado al proceso de adquisición de bienes y servicios es altamente calificado, en formación y experiencia, por encima de los perfiles definidos para los cargos.
B45: 12 | C45: Falta de personal suficiente para el proceso adquisicion de bienes y servicios | D45: 7 | E45: Conciencia social-ambiental por parte de la Administración Judicial en los procesos de contratación, precontractual y post contractual (Supervisión).
B46: 13 | C46: Falta de la creación del area de compras públicas
A47: Proceso (capacidad, diseño, ejecución, proveedores, entradas, salidas, gestión del conocimiento) | B47: 14 | C47: Falta de oferta de capacitación en contratación estatal, manejo de SIGOBius, manejo de inventarios, elaboración de estudios previos por parte de la EJRLB. | D47: 8 | E47: Contar con inventarios individualizados de todos los funcionarios de Distrito Judicial
B48: 15 | C48: Falta de claridad en las disposiciones para la convocatoria de recicladores de oficio | D48: 9 | E48: Reducción en los impactos ambientales (ahorro de papel, combustible, agua, energía, insumos de impresión ) debido a la prestación virtual de los servicios de justicia
D49: 10 | E49: Adaptación al cambio para enfrentar los retos de la pandemia (manejo electrónico, mejoramiento en los tiempos de respuesta de las peticiones de los usuarios internos y externos).
A50: Tecnológicos | B50: 5 | C50: Falta de soporte para el manejo del programa de inventarios SICOF enlazado con EFINÓMINA | D50: 5 | E50: Se dispone con los recursos suficientes de equipos de computo, fotocopiadoras, escaner, entre otros,
C51: Ancho de banda insuficiente para la navegación. | E51: Inversión de consejo superior de la judicatura para proveer a los despachos judiciales equipos tecnológicos para prestar los servicios.
E52: Implementación de medios virtuales para el desarrollo de las funciones propias del proceso.
A53: Documentación (Actualización, coherencia, aplicabilidad) | C53: Falta de ajuste o inexistencia de procedimientos que regulen el trabajo en casa. | D53: 6 | E53: Utilización de las herrramientas ofimaticas y correos electrónicos para el desarrollo de las actividades del proceso
C54: No todo el trámite de la correspondencia se realiza por medio de SIGOBius por lo que no se garantiza la trazabilidad de la gestión.
C55: Falta de unificación de la documentación de calidad y ambiental para los requisitos comunes.
A56: Infraestructura física (suficiencia, comodidad) | B56: 6 | C56: Falta de satisfacción de los prestadores y usuarios del servicio de justicia frente a la infraestructura física en las sedes (Dosquebradas, Santa Rosa de Cabal, La Virginia, Marsella, Balboa, La Celia) | E56: Los servidores judiciales de proceso cuentan con sede para realizar las actividades relacionadas con el proceso, con buena iluminación, buena ventilación, seguridad, etc.
E57: Mantenimiento de los puntos de oxigenación de Piso 1 y Piso 6 de Palacio de Justicia de Pereira.
E58: Incorporación de criterios Ambientales, en la remodelación y construcción de sedes
A59: Elementos de trabajo (papel, equipos) | C59: N/A | D59: 7 | E59: Suministro de elementos de trabajo suficientes y necesarios para la realización de las actividades del proceso.
A60: Comunicación Interna (canales utilizados y su efectividad, flujo de la información necesaria para el desarrollo de las actividades) | C60: Difusión tardía de los cambios en los documentos de SIGCMA. | D60: 8 | E60: La comunicación interna implementó los canales oficiales como el aplicativo SIGOBius, el correo electrónico institucional y herramientas tecnologícas a través del office 365 para gestión propia del proceso.
A61: Otros (Ambientales) | C61: Aumento de desechos tecnológicos. | D61: 9 | E61: Estudios previos mas robustos Estudio de mercado mas ajustado y mejor detallado
C62: Incremento en el consumo de Elementos de Protección Personal por efecto de la pandemia | E62: La generación de conciencia ambiental y exigencia de cumplimiento de estos requisitos para todos los proveedores.
C63: Adquisicion de Bienes y Servicios a proveedores que no ofrecen la Calidad esperada | E63: Disminución en el consumo de los recursos dada la reducción de trabajo presencial.
C64: Adquisicion de Bienes y Servicios sin las suficientes Garantias del producto
C65: Corrupción

Sheet Estrategias
A1: Consejo Superior de la Judicatura
A2: ESTRATEGIAS/ACCIONES
A3: ESTRATEGIAS DOFA
A4: ESTRATEGIA/ACCIÓN/ PROYECTO | B4: GESTIONA | F4: DOCUMENTADA EN
B5: A | C5: O | D5: D | E5: F
A6: Establecer Cronograma de actividades para la ejecucion de la Contratacion | E6: 1, 2 , 3
A7: Solicitar a la EJRLB cursos en Contratacion Publica. | D7: 3 | F7: Solicitud a la EJRLB
A8: Establecer las Polizas de Garantia de producto Incluir clausulado ambiental en los pliegos de condiciones y en las minutas del contrato | B8: 5 y 6 | C8: 5 y 6 | E8: 4 | F8: Pliegos de condiciones y minutas de contratos

Sheet Mapa Final
D1: MATRIZ DE RIESGOS SIGCMA | AL1: SIGCMA
A4: Proceso: | D4: Adquisición de bienes y servicios
A5: Objetivo: | D5: Adquirir oportunamente los bienes y servicios requeridos por la Rama Judicial para garantizar una óptima gestión en cada vigencia, en el marco del sistema de gestión de la calidad, medio ambiente y seguridad y salud en el trabajo.
A6: Alcance: | D6: Nivel Central - Nivel Seccional
A7: Identificación del riesgo | I7: Análisis del riesgo inherente | O7: Evaluación del riesgo - Valoración de los controles | X7: Evaluación del riesgo - Nivel del riesgo residual | AI7: Plan de Acción
A8: N. | B8: Riesgo | C8: Impacto | D8: Causas Inmediata | E8: Causa Raíz | F8: Descripción del Riesgo | G8: Clasificación del Riesgo | H8: Frecuencia con la cual se realiza la actividad | I8: Probabilidad Inherente | J8: % | K8: Criterios de impacto | L8: Impacto Inherente | M8: % | N8: Zona de Riesgo Inherente | O8: No. Control | P8: Descripción del Control | Q8: Afectación | R8: Atributos | X8: Probabilidad Residual | Y8: Probabilidad Residua Finall | Z8: % | AC8: Impacto Residual Final | AD8: % | AG8: Zona de Riesgo Final | AH8: Tratamiento | AI8: Plan de Acción | AJ8: Responsable | AK8: Fecha Implementación | AL8: Fecha Seguimiento | AM8: Seguimiento | AN8: Estado
R9: Tipo | S9: Implementación | T9: Calificación | U9: Documentación | V9: Frecuencia | W9: Evidencia | AA9: Probabilidad Residual Final | AB9: % | AE9: Impacto Residual Final | AF9: %
A10: 1 | B10: Desabastecimiento | C10: Afectación en la Prestación del Servicio de Justicia | D10: Alteración del orden publico | E10: No disponibilidad de productos y/o servicios por alteracion del orden publico | F10: Probabilidad de afectación en la prestación del Servicio de Justicia por la no disponibilidad de productos y/o servicios por alteracion del orden publico | G10: Daños Activos Fijos/Eventos Externos | H10: 4 | I10: =IF(H10<=2,'Tabla probabilidad'!$B$5,IF(H10<=24,'Tabla probabilidad'!$B$6,IF(H10<=500,'Tabla probabilidad'!$B$7,IF(H10<=5000,'Tabla probabilidad'!$B$8,IF(H10>5000,'Tabla probabilidad'!$B$9))))) -> Baja | J10: =IF(H10<=2,'Tabla probabilidad'!$D$5,IF(H10<=24,'Tabla probabilidad'!$D$6,IF(H10<=500,'Tabla probabilidad'!$D$7,IF(H10<=5000,'Tabla probabilidad'!$D$8,IF(H10>5000,'Tabla probabilidad'!$D$9))))) -> 0.4 | K10: Afecta la Prestación del Servicio de Administración de Justicia en 15% | L10: =IF(K10="El riesgo afecta la imagen de alguna área de la organización","Leve",IF(K10="El riesgo afecta la imagen de la entidad internamente, de conocimiento general, nivel interno, alta dirección, contratista y/o de provedores","Menor",IF(K10="El riesgo afecta la imagen de la entidad con algunos usuarios de relevancia frente al logro de los objetivos","Moderado",IF(K10="El riesgo afecta la imagen de de la entidad con efecto publicitario sostenido a nivel del sector justicia","Mayor",IF(K10="El riesgo afecta la imagen de la entidad a nivel nacional, con efecto publicitarios sostenible a nivel país","Catastrófico",IF(K10="Impacto que afecte la ejecución presupuestal en un valor ≥0,5%.","Leve",IF(K10="Impacto que afecte la ejecución presupuestal en un valor ≥1%.","Menor",IF(K10="Impacto que afecte la ejecución presupuestal en un valor ≥5%.","Moderado",IF(K10="Impacto que afecte la ejecución presupuestal en un valor ≥20%.","Mayor",IF(K10="Impacto que afecte la ejecución presupuestal en un valor ≥50%.","Catastrófico",IF(K10="Incumplimiento máximo del 5% de la meta planeada","Leve",IF(K10="Incumplimiento máximo del 15% de la meta planeada","Menor",IF(K10="Incumplimiento máximo del 20% de la meta planeada","Moderado",IF(K10="Incumplimiento máximo del 50% de la meta planeada","Mayor",IF(K10="Incumplimiento máximo del 80% de la meta planeada","Catastrófico",IF(K10="Cualquier afectación a la violacion de los derechos de los ciudadanos se considera con consecuencias altas","Mayor",IF(K10="Cualquier afectación a la violacion de los derechos de los ciudadanos se considera con consecuencias desastrosas","Catastrófico",IF(K10="Afecta la Prestación del Servicio de Administración de Justicia en 5%","Leve",IF(K10="Afecta la Prestación del Servicio de Administración de Justicia en 10%","Menor",IF(K10="Afecta la Prestación del Servicio de Administración de Justicia en 15%","Moderado",IF(K10="Afecta la Prestación del Servicio de Administración de Justicia en 20%","Mayor",IF(K10="Afecta la Prestación del Servicio de Administración de Justicia en más del 50%","Catastrófico",IF(K10="Cualquier acto indebido de los servidores judiciales genera altas consecuencias para la entidad","Mayor",IF(K10="Cualquier acto indebido de los servidores judiciales genera consecuencias desastrosas para la entidad","Catastrófico",IF(K10="Si el hecho llegara a presentarse, tendría consecuencias o efectos mínimos sobre la entidad","Leve",IF(K10="Si el hecho llegara a presentarse, tendría bajo impacto o efecto sobre la entidad","Menor",IF(K10="Si el hecho llegara a presentarse, tendría medianas consecuencias o efectos sobre la entidad","Moderado",IF(K10="Si el hecho llegara a presentarse, tendría altas consecuencias o efectos sobre la entidad","Mayor",IF(K10="Si el hecho llegara a presentarse, tendría desastrosas consecuencias o efectos sobre la entidad","Catastrófico"))))))))))))))))))))))))))))) -> Moderado | M10: =IF(K10="El riesgo afecta la imagen de alguna área de la organización","20%",IF(K10="El riesgo afecta la imagen de la entidad internamente, de conocimiento general, nivel interno, alta dirección, contratista y/o de provedores","40%",IF(K10="El riesgo afecta la imagen de la entidad con algunos usuarios de relevancia frente al logro de los objetivos","60%",IF(K10="El riesgo afecta la imagen de de la entidad con efecto publicitario sostenido a nivel del sector justicia","80%",IF(K10="El riesgo afecta la imagen de la entidad a nivel nacional, con efecto publicitarios sostenible a nivel país","100%",IF(K10="Impacto que afecte la ejecución presupuestal en un valor ≥0,5%.","20%",IF(K10="Impacto que afecte la ejecución presupuestal en un valor ≥1%.","40%",IF(K10="Impacto que afecte la ejecución presupuestal en un valor ≥5%.","60%",IF(K10="Impacto que afecte la ejecución presupuestal en un valor ≥20%.","80%",IF(K10="Impacto que afecte la ejecución presupuestal en un valor ≥50%.","100%",IF(K10="Incumplimiento máximo del 5% de la meta planeada","20%",IF(K10="Incumplimiento máximo del 15% de la meta planeada","40%",IF(K10="Incumplimiento máximo del 20% de la meta planeada","60%",IF(K10="Incumplimiento máximo del 50% de la meta planeada","80%",IF(K10="Incumplimiento máximo del 80% de la meta planeada","100%",IF(K10="Cualquier afectación a la violacion de los derechos de los ciudadanos se considera con consecuencias altas","80%",IF(K10="Cualquier afectación a la violacion de los derechos de los ciudadanos se considera con consecuencias desastrosas","100%",IF(K10="Afecta la Prestación del Servicio de Administración de Justicia en 5%","20%",IF(K10="Afecta la Prestación del Servicio de Administración de Justicia en 10%","40%",IF(K10="Afecta la Prestación del Servicio de Administración de Justicia en 15%","60%",IF(K10="Afecta la Prestación del Servicio de Administración de Justicia en 20%","80%",IF(K10="Afecta la Prestación del Servicio de Administración de Justicia en más del 50%","100%",IF(K10="Cualquier acto indebido de los servidores judiciales genera altas consecuencias para la entidad","80%",IF(K10="Cualquier acto indebido de los servidores judiciales genera consecuencias desastrosas para la entidad","100%",IF(K10="Si el hecho llegara a presentarse, tendría consecuencias o efectos mínimos sobre la entidad","20%",IF(K10="Si el hecho llegara a presentarse, tendría bajo impacto o efecto sobre la entidad","40%",IF(K10="Si el hecho llegara a presentarse, tendría medianas consecuencias o efectos sobre la entidad","60%",IF(K10="Si el hecho llegara a presentarse, tendría altas consecuencias o efectos sobre la entidad","80%",IF(K10="Si el hecho llegara a presentarse, tendría desastrosas consecuencias o efectos sobre la entidad","100%"))))))))))))))))))))))))))))) -> 60% | N10: =VLOOKUP((I10&L10),Hoja1!$B$4:$C$28,2,0) -> Moderado | O10: 1 | P10: Planeación adecuada de la adquisición de bienes y servicios, teniendo en cuenta que se puede presentar alteración de orden público. | Q10: =IF(R10="Preventivo","Probabilidad",IF(R10="Detectivo","Probabilidad", IF(R10="Correctivo","Impacto"))) -> Probabilidad | R10: Preventivo | S10: Manual | T10: =VLOOKUP(R10&S10,Hoja1!$Q$4:$R$9,2,0) -> 0.45 | U10: Documentado | V10: Continua | W10: Con Registro | X10: =IF(Q10="Probabilidad",($J$10*T10),IF(Q10="Impacto"," ")) -> 0.18 | Y10: =IF(Z10<=20%,'Tabla probabilidad'!$B$5,IF(Z10<=40%,'Tabla probabilidad'!$B$6,IF(Z10<=60%,'Tabla probabilidad'!$B$7,IF(Z10<=80%,'Tabla probabilidad'!$B$8,IF(Z10<=100%,'Tabla probabilidad'!$B$9))))) -> Baja | Z10: =IF(R10="Preventivo",(J10-(J10*T10)),IF(R10="Detectivo",(J10-(J10*T10)),IF(R10="Correctivo",(J10)))) -> 0.22 | AA10: =IF(AB10<=20%,'Tabla probabilidad'!$B$5,IF(AB10<=40%,'Tabla probabilidad'!$B$6,IF(AB10<=60%,'Tabla probabilidad'!$B$7,IF(AB10<=80%,'Tabla probabilidad'!$B$8,IF(AB10<=100%,'Tabla probabilidad'!$B$9))))) -> Baja | AB10: =AVERAGE(Z10:Z13) -> 0.22 | AC10: =IF(AD10<=20%,"Leve",IF(AD10<=40%,"Menor",IF(AD10<=60%,"Moderado",IF(AD10<=80%,"Mayor",IF(AD10<=100%,"Catastrófico"))))) -> Moderado | AD10: =IF(Q10="Probabilidad",(($M$10-0)),IF(Q10="Impacto",($M$10-($M$10*T10)))) -> 0.6 | AE10: =IF(AF10<=20%,"Leve",IF(AF10<=40%,"Menor",IF(AF10<=60%,"Moderado",IF(AF10<=80%,"Mayor",IF(AF10<=100%,"Catastrófico"))))) -> Moderado | AF10: =AVERAGE(AD10:AD13) -> 0.6 | AG10: =VLOOKUP(AA10&AE10,Hoja1!$B$4:$C$28,2,0) -> Moderado | AH10: Aceptar
D11: Cierre de vias | O11: 2 | P11: Verificar el estado de las vías del departamento antes de partir hacia las diferentes sedes judiciales a realizar mantenimientos y entregas de insumos. | Q11: =IF(R11="Preventivo","Probabilidad",IF(R11="Detectivo","Probabilidad", IF(R11="Correctivo","Impacto"))) -> Probabilidad | R11: Preventivo | S11: Manual | T11: =VLOOKUP(R11&S11,Hoja1!$Q$4:$R$9,2,0) -> 0.45 | U11: Documentado | V11: Continua | W11: Con Registro | X11: =IF(Q11="Probabilidad",($J$10*T11),IF(Q11="Impacto"," ")) -> 0.18 | Y11: =IF(Z11<=20%,'Tabla probabilidad'!$B$5,IF(Z11<=40%,'Tabla probabilidad'!$B$6,IF(Z11<=60%,'Tabla probabilidad'!$B$7,IF(Z11<=80%,'Tabla probabilidad'!$B$8,IF(Z11<=100%,'Tabla probabilidad'!$B$9))))) -> Baja | Z11: =IF(R11="Preventivo",(J10-(J10*T11)),IF(R11="Detectivo",(J10-(J10*T11)),IF(R11="Correctivo",(J10)))) -> 0.22 | AC11: =IF(AD11<=20%,"Leve",IF(AD11<=40%,"Menor",IF(AD11<=60%,"Moderado",IF(AD11<=80%,"Mayor",IF(AD11<=100%,"Catastrófico"))))) -> Moderado | AD11: =IF(Q11="Probabilidad",(($M$10-0)),IF(Q11="Impacto",($M$10-($M$10*T11)))) -> 0.6
D12: Declaratorias de emergencia | O12: 3 | P12: Planeación de actividades fuera de la sede (trabajo en casa) | Q12: =IF(R12="Preventivo","Probabilidad",IF(R12="Detectivo","Probabilidad", IF(R12="Correctivo","Impacto"))) -> Probabilidad | R12: Preventivo | S12: Manual | T12: =VLOOKUP(R12&S12,Hoja1!$Q$4:$R$9,2,0) -> 0.45 | U12: Documentado | V12: Continua | W12: Con Registro | X12: =IF(Q12="Probabilidad",($J$10*T12),IF(Q12="Impacto"," ")) -> 0.18 | Y12: =IF(Z12<=20%,'Tabla probabilidad'!$B$5,IF(Z12<=40%,'Tabla probabilidad'!$B$6,IF(Z12<=60%,'Tabla probabilidad'!$B$7,IF(Z12<=80%,'Tabla probabilidad'!$B$8,IF(Z12<=100%,'Tabla probabilidad'!$B$9))))) -> Baja | Z12: =IF(R12="Preventivo",(J10-(J10*T12)),IF(R12="Detectivo",(J10-(J10*T12)),IF(R12="Correctivo",(J10)))) -> 0.22 | AC12: =IF(AD12<=20%,"Leve",IF(AD12<=40%,"Menor",IF(AD12<=60%,"Moderado",IF(AD12<=80%,"Mayor",IF(AD12<=100%,"Catastrófico"))))) -> Moderado | AD12: =IF(Q12="Probabilidad",(($M$10-0)),IF(Q12="Impacto",($M$10-($M$10*T12)))) -> 0.6
D13: Cierre de proveedores | O13: 4 | P13: Inventario y stock suficiente para atender necesidades del distrito. | Q13: Probabilidad | R13: Preventivo | S13: Manual | T13: =VLOOKUP(R13&S13,Hoja1!$Q$4:$R$9,2,0) -> 0.45 | U13: Documentado | V13: Continua | W13: Con Registro | X13: =IF(Q13="Probabilidad",($J$10*T13),IF(Q13="Impacto"," ")) -> 0.18 | Y13: =IF(Z13<=20%,'Tabla probabilidad'!$B$5,IF(Z13<=40%,'Tabla probabilidad'!$B$6,IF(Z13<=60%,'Tabla probabilidad'!$B$7,IF(Z13<=80%,'Tabla probabilidad'!$B$8,IF(Z13<=100%,'Tabla probabilidad'!$B$9))))) -> Baja | Z13: =IF(R13="Preventivo",(J10-(J10*T13)),IF(R13="Detectivo",(J10-(J10*T13)),IF(R13="Correctivo",(J10)))) -> 0.22 | AC13: =IF(AD13<=20%,"Leve",IF(AD13<=40%,"Menor",IF(AD13<=60%,"Moderado",IF(AD13<=80%,"Mayor",IF(AD13<=100%,"Catastrófico"))))) -> Moderado | AD13: =IF(Q13="Probabilidad",(($M$10-0)),IF(Q13="Impacto",($M$10-($M$10*T13)))) -> 0.6
D14: Incumplimiento en la prestación del servicio y en el desarrollo normal de la operación en las distintas sedes Judiciales. | E14: No entrega de insumos en tiempos que permitan el debido abastecimiento de las diferentes Sedes Judiciales. | F14: Probabilidad de afectación en la prestación del Servicio de Justicia por la no entrega de insumos en tiempos que permitan el debido abastecimiento de las diferentes Sedes Judiciales. | G14: Usuarios, productos y prácticas organizacionales | H14: 113 | I14: =IF(H14<=2,'Tabla probabilidad'!$B$5,IF(H14<=24,'Tabla probabilidad'!$B$6,IF(H14<=500,'Tabla probabilidad'!$B$7,IF(H14<=5000,'Tabla probabilidad'!$B$8,IF(H14>5000,'Tabla probabilidad'!$B$9))))) -> Media | J14: =IF(H14<=2,'Tabla probabilidad'!$D$5,IF(H14<=24,'Tabla probabilidad'!$D$6,IF(H14<=500,'Tabla probabilidad'!$D$7,IF(H14<=5000,'Tabla probabilidad'!$D$8,IF(H14>5000,'Tabla probabilidad'!$D$9))))) -> 0.6 | K14: Afecta la Prestación del Servicio de Administración de Justicia en 20% | L14: =IF(K14="El riesgo afecta la imagen de alguna área de la organización","Leve",IF(K14="El riesgo afecta la imagen de la entidad internamente, de conocimiento general, nivel interno, alta dirección, contratista y/o de provedores","Menor",IF(K14="El riesgo afecta la imagen de la entidad con algunos usuarios de relevancia frente al logro de los objetivos","Moderado",IF(K14="El riesgo afecta la imagen de de la entidad con efecto publicitario sostenido a nivel del sector justicia","Mayor",IF(K14="El riesgo afecta la imagen de la entidad a nivel nacional, con efecto publicitarios sostenible a nivel país","Catastrófico",IF(K14="Impacto que afecte la ejecución presupuestal en un valor ≥0,5%.","Leve",IF(K14="Impacto que afecte la ejecución presupuestal en un valor ≥1%.","Menor",IF(K14="Impacto que afecte la ejecución presupuestal en un valor ≥5%.","Moderado",IF(K14="Impacto que afecte la ejecución presupuestal en un valor ≥20%.","Mayor",IF(K14="Impacto que afecte la ejecución presupuestal en un valor ≥50%.","Catastrófico",IF(K14="Incumplimiento máximo del 5% de la meta planeada","Leve",IF(K14="Incumplimiento máximo del 15% de la meta planeada","Menor",IF(K14="Incumplimiento máximo del 20% de la meta planeada","Moderado",IF(K14="Incumplimiento máximo del 50% de la meta planeada","Mayor",IF(K14="Incumplimiento máximo del 80% de la meta planeada","Catastrófico",IF(K14="Cualquier afectación a la violacion de los derechos de los ciudadanos se considera con consecuencias altas","Mayor",IF(K14="Cualquier afectación a la violacion de los derechos de los ciudadanos se considera con consecuencias desastrosas","Catastrófico",IF(K14="Afecta la Prestación del Servicio de Administración de Justicia en 5%","Leve",IF(K14="Afecta la Prestación del Servicio de Administración de Justicia en 10%","Menor",IF(K14="Afecta la Prestación del Servicio de Administración de Justicia en 15%","Moderado",IF(K14="Afecta la Prestación del Servicio de Administración de Justicia en 20%","Mayor",IF(K14="Afecta la Prestación del Servicio de Administración de Justicia en más del 50%","Catastrófico",IF(K14="Cualquier acto indebido de los servidores judiciales genera altas consecuencias para la entidad","Mayor",IF(K14="Cualquier acto indebido de los servidores judiciales genera consecuencias desastrosas para la entidad","Catastrófico",IF(K14="Si el hecho llegara a presentarse, tendría consecuencias o efectos mínimos sobre la entidad","Leve",IF(K14="Si el hecho llegara a presentarse, tendría bajo impacto o efecto sobre la entidad","Menor",IF(K14="Si el hecho llegara a presentarse, tendría medianas consecuencias o efectos sobre la entidad","Moderado",IF(K14="Si el hecho llegara a presentarse, tendría altas consecuencias o efectos sobre la entidad","Mayor",IF(K14="Si el hecho llegara a presentarse, tendría desastrosas consecuencias o efectos sobre la entidad","Catastrófico"))))))))))))))))))))))))))))) -> Mayor | M14: =IF(K14="El riesgo afecta la imagen de alguna área de la organización","20%",IF(K14="El riesgo afecta la imagen de la entidad internamente, de conocimiento general, nivel interno, alta dirección, contratista y/o de provedores","40%",IF(K14="El riesgo afecta la imagen de la entidad con algunos usuarios de relevancia frente al logro de los objetivos","60%",IF(K14="El riesgo afecta la imagen de de la entidad con efecto publicitario sostenido a nivel del sector justicia","80%",IF(K14="El riesgo afecta la imagen de la entidad a nivel nacional, con efecto publicitarios sostenible a nivel país","100%",IF(K14="Impacto que afecte la ejecución presupuestal en un valor ≥0,5%.","20%",IF(K14="Impacto que afecte la ejecución presupuestal en un valor ≥1%.","40%",IF(K14="Impacto que afecte la ejecución presupuestal en un valor ≥5%.","60%",IF(K14="Impacto que afecte la ejecución presupuestal en un valor ≥20%.","80%",IF(K14="Impacto que afecte la ejecución presupuestal en un valor ≥50%.","100%",IF(K14="Incumplimiento máximo del 5% de la meta planeada","20%",IF(K14="Incumplimiento máximo del 15% de la meta planeada","40%",IF(K14="Incumplimiento máximo del 20% de la meta planeada","60%",IF(K14="Incumplimiento máximo del 50% de la meta planeada","80%",IF(K14="Incumplimiento máximo del 80% de la meta planeada","100%",IF(K14="Cualquier afectación a la violacion de los derechos de los ciudadanos se considera con consecuencias altas","80%",IF(K14="Cualquier afectación a la violacion de los derechos de los ciudadanos se considera con consecuencias desastrosas","100%",IF(K14="Afecta la Prestación del Servicio de Administración de Justicia en 5%","20%",IF(K14="Afecta la Prestación del Servicio de Administración de Justicia en 10%","40%",IF(K14="Afecta la Prestación del Servicio de Administración de Justicia en 15%","60%",IF(K14="Afecta la Prestación del Servicio de Administración de Justicia en 20%","80%",IF(K14="Afecta la Prestación del Servicio de Administración de Justicia en más del 50%","100%",IF(K14="Cualquier acto indebido de los servidores judiciales genera altas consecuencias para la entidad","80%",IF(K14="Cualquier acto indebido de los servidores judiciales genera consecuencias desastrosas para la entidad","100%",IF(K14="Si el hecho llegara a presentarse, tendría consecuencias o efectos mínimos sobre la entidad","20%",IF(K14="Si el hecho llegara a presentarse, tendría bajo impacto o efecto sobre la entidad","40%",IF(K14="Si el hecho llegara a presentarse, tendría medianas consecuencias o efectos sobre la entidad","60%",IF(K14="Si el hecho llegara a presentarse, tendría altas consecuencias o efectos sobre la entidad","80%",IF(K14="Si el hecho llegara a presentarse, tendría desastrosas consecuencias o efectos sobre la entidad","100%"))))))))))))))))))))))))))))) -> 80% | N14: =VLOOKUP((I14&L14),Hoja1!$B$4:$C$28,2,0) -> Alto | O14: 1 | P14: Asegurar medios de transporte propios para la entrega de productos, servicios y suministros en las distintas sedes del Distrito Risaralda. | Q14: =IF(R14="Preventivo","Probabilidad",IF(R14="Detectivo","Probabilidad", IF(R14="Correctivo","Impacto"))) -> Probabilidad | R14: Preventivo | S14: Manual | T14: =VLOOKUP(R14&S14,Hoja1!$Q$4:$R$9,2,0) -> 0.45 | U14: Documentado | V14: Continua | W14: Con Registro | X14: =IF(Q14="Probabilidad",($J$40*T14),IF(Q14="Impacto"," ")) -> 0.09 | Y14: =IF(Z14<=20%,'Tabla probabilidad'!$B$5,IF(Z14<=40%,'Tabla probabilidad'!$B$6,IF(Z14<=60%,'Tabla probabilidad'!$B$7,IF(Z14<=80%,'Tabla probabilidad'!$B$8,IF(Z14<=100%,'Tabla probabilidad'!$B$9))))) -> Baja | Z14: =IF(R14="Preventivo",(J14-(J14*T14)),IF(R14="Detectivo",(J14-(J14*T14)),IF(R14="Correctivo",(J14)))) -> 0.33 | AA14: =IF(AB14<=20%,'Tabla probabilidad'!$B$5,IF(AB14<=40%,'Tabla probabilidad'!$B$6,IF(AB14<=60%,'Tabla probabilidad'!$B$7,IF(AB14<=80%,'Tabla probabilidad'!$B$8,IF(AB14<=100%,'Tabla probabilidad'!$B$9))))) -> Baja | AB14: =AVERAGE(Z14:Z16) -> 0.33 | AC14: =IF(AD14<=20%,"Leve",IF(AD14<=40%,"Menor",IF(AD14<=60%,"Moderado",IF(AD14<=80%,"Mayor",IF(AD14<=100%,"Catastrófico"))))) -> Leve | AD14: =IF(Q14="Probabilidad",(($M$40-0)),IF(Q14="Impacto",($M$40-($M$40*T14)))) -> 0.2 | AE14: =IF(AF14<=20%,"Leve",IF(AF14<=40%,"Menor",IF(AF14<=60%,"Moderado",IF(AF14<=80%,"Mayor",IF(AF14<=100%,"Catastrófico"))))) -> Leve | AF14: =AVERAGE(AD14:AD16) -> 0.2 | AG14: =VLOOKUP(AA14&AE14,Hoja1!$B$4:$C$28,2,0) -> Bajo | AH14: Aceptar
D15: Incumplimiento en la entrega de suministro a los diferentes despachos judiciales. | O15: 2 | P15: Programar las entregas de insumos con suficiente antelación antes de que en los despachos judiciales se acaben las existencias. | Q15: =IF(R15="Preventivo","Probabilidad",IF(R15="Detectivo","Probabilidad", IF(R15="Correctivo","Impacto"))) -> Probabilidad | R15: Preventivo | S15: Manual | T15: =VLOOKUP(R15&S15,Hoja1!$Q$4:$R$9,2,0) -> 0.45 | U15: Documentado | V15: Continua | W15: Con Registro | X15: =IF(Q15="Probabilidad",($J$40*T15),IF(Q15="Impacto"," ")) -> 0.09 | Y15: =IF(Z15<=20%,'Tabla probabilidad'!$B$5,IF(Z15<=40%,'Tabla probabilidad'!$B$6,IF(Z15<=60%,'Tabla probabilidad'!$B$7,IF(Z15<=80%,'Tabla probabilidad'!$B$8,IF(Z15<=100%,'Tabla probabilidad'!$B$9))))) -> Baja | Z15: =IF(R15="Preventivo",(J14-(J14*T15)),IF(R15="Detectivo",(J14-(J14*T15)),IF(R15="Correctivo",(J14)))) -> 0.33 | AC15: =IF(AD15<=20%,"Leve",IF(AD15<=40%,"Menor",IF(AD15<=60%,"Moderado",IF(AD15<=80%,"Mayor",IF(AD15<=100%,"Catastrófico"))))) -> Leve | AD15: =IF(Q15="Probabilidad",(($M$40-0)),IF(Q15="Impacto",($M$40-($M$40*T15)))) -> 0.2
D16: Falta de suministros para operar en las distintas sedes judiciales. | O16: 3 | P16: Para garantizar la disponibilidad de los insumos y productos que requieren los despachos judiciales se tiene un cuadro de requerimientos. | Q16: =IF(R16="Preventivo","Probabilidad",IF(R16="Detectivo","Probabilidad", IF(R16="Correctivo","Impacto"))) -> Probabilidad | R16: Preventivo | S16: Manual | T16: =VLOOKUP(R16&S16,Hoja1!$Q$4:$R$9,2,0) -> 0.45 | U16: Documentado | V16: Continua | W16: Con Registro | X16: =IF(Q16="Probabilidad",($J$40*T16),IF(Q16="Impacto"," ")) -> 0.09 | Y16: =IF(Z16<=20%,'Tabla probabilidad'!$B$5,IF(Z16<=40%,'Tabla probabilidad'!$B$6,IF(Z16<=60%,'Tabla probabilidad'!$B$7,IF(Z16<=80%,'Tabla probabilidad'!$B$8,IF(Z16<=100%,'Tabla probabilidad'!$B$9))))) -> Baja | Z16: =IF(R16="Preventivo",(J14-(J14*T16)),IF(R16="Detectivo",(J14-(J14*T16)),IF(R16="Correctivo",(J14)))) -> 0.33 | AC16: =IF(AD16<=20%,"Leve",IF(AD16<=40%,"Menor",IF(AD16<=60%,"Moderado",IF(AD16<=80%,"Mayor",IF(AD16<=100%,"Catastrófico"))))) -> Leve | AD16: =IF(Q16="Probabilidad",(($M$40-0)),IF(Q16="Impacto",($M$40-($M$40*T16)))) -> 0.2
D17: Afectación de la curva de aprendizaje. | E17: No ajuste de la contratación a las necesidades especificas de la Seccional | F17: Probabilidad de afectación en la prestación del Servicio de Justicia por el no ajuste de la contratación a las necesidades especificas de la Seccional | G17: Usuarios, productos y prácticas organizacionales | H17: 2 | I17: =IF(H17<=2,'Tabla probabilidad'!$B$5,IF(H17<=24,'Tabla probabilidad'!$B$6,IF(H17<=500,'Tabla probabilidad'!$B$7,IF(H17<=5000,'Tabla probabilidad'!$B$8,IF(H17>5000,'Tabla probabilidad'!$B$9))))) -> Muy Baja | J17: =IF(H17<=2,'Tabla probabilidad'!$D$5,IF(H17<=24,'Tabla probabilidad'!$D$6,IF(H17<=500,'Tabla probabilidad'!$D$7,IF(H17<=5000,'Tabla probabilidad'!$D$8,IF(H17>5000,'Tabla probabilidad'!$D$9))))) -> 0.2 | K17: El riesgo afecta la imagen de alguna área de la organización | L17: =IF(K17="El riesgo afecta la imagen de alguna área de la organización","Leve",IF(K17="El riesgo afecta la imagen de la entidad internamente, de conocimiento general, nivel interno, alta dirección, contratista y/o de provedores","Menor",IF(K17="El riesgo afecta la imagen de la entidad con algunos usuarios de relevancia frente al logro de los objetivos","Moderado",IF(K17="El riesgo afecta la imagen de de la entidad con efecto publicitario sostenido a nivel del sector justicia","Mayor",IF(K17="El riesgo afecta la imagen de la entidad a nivel nacional, con efecto publicitarios sostenible a nivel país","Catastrófico",IF(K17="Impacto que afecte la ejecución presupuestal en un valor ≥0,5%.","Leve",IF(K17="Impacto que afecte la ejecución presupuestal en un valor ≥1%.","Menor",IF(K17="Impacto que afecte la ejecución presupuestal en un valor ≥5%.","Moderado",IF(K17="Impacto que afecte la ejecución presupuestal en un valor ≥20%.","Mayor",IF(K17="Impacto que afecte la ejecución presupuestal en un valor ≥50%.","Catastrófico",IF(K17="Incumplimiento máximo del 5% de la meta planeada","Leve",IF(K17="Incumplimiento máximo del 15% de la meta planeada","Menor",IF(K17="Incumplimiento máximo del 20% de la meta planeada","Moderado",IF(K17="Incumplimiento máximo del 50% de la meta planeada","Mayor",IF(K17="Incumplimiento máximo del 80% de la meta planeada","Catastrófico",IF(K17="Cualquier afectación a la violacion de los derechos de los ciudadanos se considera con consecuencias altas","Mayor",IF(K17="Cualquier afectación a la violacion de los derechos de los ciudadanos se considera con consecuencias desastrosas","Catastrófico",IF(K17="Afecta la Prestación del Servicio de Administración de Justicia en 5%","Leve",IF(K17="Afecta la Prestación del Servicio de Administración de Justicia en 10%","Menor",IF(K17="Afecta la Prestación del Servicio de Administración de Justicia en 15%","Moderado",IF(K17="Afecta la Prestación del Servicio de Administración de Justicia en 20%","Mayor",IF(K17="Afecta la Prestación del Servicio de Administración de Justicia en más del 50%","Catastrófico",IF(K17="Cualquier acto indebido de los servidores judiciales genera altas consecuencias para la entidad","Mayor",IF(K17="Cualquier acto indebido de los servidores judiciales genera consecuencias desastrosas para la entidad","Catastrófico",IF(K17="Si el hecho llegara a presentarse, tendría consecuencias o efectos mínimos sobre la entidad","Leve",IF(K17="Si el hecho llegara a presentarse, tendría bajo impacto o efecto sobre la entidad","Menor",IF(K17="Si el hecho llegara a presentarse, tendría medianas consecuencias o efectos sobre la entidad","Moderado",IF(K17="Si el hecho llegara a presentarse, tendría altas consecuencias o efectos sobre la entidad","Mayor",IF(K17="Si el hecho llegara a presentarse, tendría desastrosas consecuencias o efectos sobre la entidad","Catastrófico"))))))))))))))))))))))))))))) -> Leve | M17: =IF(K17="El riesgo afecta la imagen de alguna área de la organización","20%",IF(K17="El riesgo afecta la imagen de la entidad internamente, de conocimiento general, nivel interno, alta dirección, contratista y/o de provedores","40%",IF(K17="El riesgo afecta la imagen de la entidad con algunos usuarios de relevancia frente al logro de los objetivos","60%",IF(K17="El riesgo afecta la imagen de de la entidad con efecto publicitario sostenido a nivel del sector justicia","80%",IF(K17="El riesgo afecta la imagen de la entidad a nivel nacional, con efecto publicitarios sostenible a nivel país","100%",IF(K17="Impacto que afecte la ejecución presupuestal en un valor ≥0,5%.","20%",IF(K17="Impacto que afecte la ejecución presupuestal en un valor ≥1%.","40%",IF(K17="Impacto que afecte la ejecución presupuestal en un valor ≥5%.","60%",IF(K17="Impacto que afecte la ejecución presupuestal en un valor ≥20%.","80%",IF(K17="Impacto que afecte la ejecución presupuestal en un valor ≥50%.","100%",IF(K17="Incumplimiento máximo del 5% de la meta planeada","20%",IF(K17="Incumplimiento máximo del 15% de la meta planeada","40%",IF(K17="Incumplimiento máximo del 20% de la meta planeada","60%",IF(K17="Incumplimiento máximo del 50% de la meta planeada","80%",IF(K17="Incumplimiento máximo del 80% de la meta planeada","100%",IF(K17="Cualquier afectación a la violacion de los derechos de los ciudadanos se considera con consecuencias altas","80%",IF(K17="Cualquier afectación a la violacion de los derechos de los ciudadanos se considera con consecuencias desastrosas","100%",IF(K17="Afecta la Prestación del Servicio de Administración de Justicia en 5%","20%",IF(K17="Afecta la Prestación del Servicio de Administración de Justicia en 10%","40%",IF(K17="Afecta la Prestación del Servicio de Administración de Justicia en 15%","60%",IF(K17="Afecta la Prestación del Servicio de Administración de Justicia en 20%","80%",IF(K17="Afecta la Prestación del Servicio de Administración de Justicia en más del 50%","100%",IF(K17="Cualquier acto indebido de los servidores judiciales genera altas consecuencias para la entidad","80%",IF(K17="Cualquier acto indebido de los servidores judiciales genera consecuencias desastrosas para la entidad","100%",IF(K17="Si el hecho llegara a presentarse, tendría consecuencias o efectos mínimos sobre la entidad","20%",IF(K17="Si el hecho llegara a presentarse, tendría bajo impacto o efecto sobre la entidad","40%",IF(K17="Si el hecho llegara a presentarse, tendría medianas consecuencias o efectos sobre la entidad","60%",IF(K17="Si el hecho llegara a presentarse, tendría altas consecuencias o efectos sobre la entidad","80%",IF(K17="Si el hecho llegara a presentarse, tendría desastrosas consecuencias o efectos sobre la entidad","100%"))))))))))))))))))))))))))))) -> 20% | N17: =VLOOKUP((I17&L17),Hoja1!$B$4:$C$28,2,0) -> Bajo | O17: 1 | P17: Exigencia en la contratación que el cambio de personal deba ser acordado con el Supervisor, para evitar la rotación permanentemente del personal que presta sus servicios en las sedes judiciales. | Q17: =IF(R17="Preventivo","Probabilidad",IF(R17="Detectivo","Probabilidad", IF(R17="Correctivo","Impacto"))) -> Probabilidad | R17: Preventivo | S17: Manual | T17: =VLOOKUP(R17&S17,Hoja1!$Q$4:$R$9,2,0) -> 0.45 | U17: Documentado | V17: Continua | W17: Con Registro | X17: =IF(Q17="Probabilidad",($J$40*T17),IF(Q17="Impacto"," ")) -> 0.09 | Y17: =IF(Z17<=20%,'Tabla probabilidad'!$B$5,IF(Z17<=40%,'Tabla probabilidad'!$B$6,IF(Z17<=60%,'Tabla probabilidad'!$B$7,IF(Z17<=80%,'Tabla probabilidad'!$B$8,IF(Z17<=100%,'Tabla probabilidad'!$B$9))))) -> Muy Baja | Z17: =IF(R17="Preventivo",(J17-(J17*T17)),IF(R17="Detectivo",(J17-(J17*T17)),IF(R17="Correctivo",(J17)))) -> 0.11 | AA17: =IF(AB17<=20%,'Tabla probabilidad'!$B$5,IF(AB17<=40%,'Tabla probabilidad'!$B$6,IF(AB17<=60%,'Tabla probabilidad'!$B$7,IF(AB17<=80%,'Tabla probabilidad'!$B$8,IF(AB17<=100%,'Tabla probabilidad'!$B$9))))) -> Muy Baja | AB17: =AVERAGE(Z17:Z19) -> 0.11 | AC17: =IF(AD17<=20%,"Leve",IF(AD17<=40%,"Menor",IF(AD17<=60%,"Moderado",IF(AD17<=80%,"Mayor",IF(AD17<=100%,"Catastrófico"))))) -> Leve | AD17: =IF(Q17="Probabilidad",(($M$40-0)),IF(Q17="Impacto",($M$40-($M$40*T17)))) -> 0.2 | AE17: =IF(AF17<=20%,"Leve",IF(AF17<=40%,"Menor",IF(AF17<=60%,"Moderado",IF(AF17<=80%,"Mayor",IF(AF17<=100%,"Catastrófico"))))) -> Leve | AF17: =AVERAGE(AD17:AD19) -> 0.2 | AG17: =VLOOKUP(AA17&AE17,Hoja1!$B$4:$C$28,2,0) -> Bajo | AH17: Aceptar
D18: Afectación de knox hoy de la entidad, KNOW - HOWY (Que hacer y como). | O18: 2 | P18: Constitución de Polizas de garantías | Q18: =IF(R18="Preventivo","Probabilidad",IF(R18="Detectivo","Probabilidad", IF(R18="Correctivo","Impacto"))) -> Probabilidad | R18: Preventivo | S18: Manual | T18: =VLOOKUP(R18&S18,Hoja1!$Q$4:$R$9,2,0) -> 0.45 | U18: Documentado | V18: Continua | W18: Con Registro | X18: =IF(Q18="Probabilidad",($J$40*T18),IF(Q18="Impacto"," ")) -> 0.09 | Y18: =IF(Z18<=20%,'Tabla probabilidad'!$B$5,IF(Z18<=40%,'Tabla probabilidad'!$B$6,IF(Z18<=60%,'Tabla probabilidad'!$B$7,IF(Z18<=80%,'Tabla probabilidad'!$B$8,IF(Z18<=100%,'Tabla probabilidad'!$B$9))))) -> Muy Baja | Z18: =IF(R18="Preventivo",(J17-(J17*T18)),IF(R18="Detectivo",(J17-(J17*T18)),IF(R18="Correctivo",(J17)))) -> 0.11 | AC18: =IF(AD18<=20%,"Leve",IF(AD18<=40%,"Menor",IF(AD18<=60%,"Moderado",IF(AD18<=80%,"Mayor",IF(AD18<=100%,"Catastrófico"))))) -> Leve | AD18: =IF(Q18="Probabilidad",(($M$40-0)),IF(Q18="Impacto",($M$40-($M$40*T18)))) -> 0.2
D19: Mala imagen institucional | O19: 3 | P19: Definición de condiciones explicitas de la necesidad en los estudios previos. | Q19: =IF(R19="Preventivo","Probabilidad",IF(R19="Detectivo","Probabilidad", IF(R19="Correctivo","Impacto"))) -> Probabilidad | R19: Preventivo | S19: Manual | T19: =VLOOKUP(R19&S19,Hoja1!$Q$4:$R$9,2,0) -> 0.45 | U19: Documentado | V19: Continua | W19: Con Registro | X19: =IF(Q19="Probabilidad",($J$40*T19),IF(Q19="Impacto"," ")) -> 0.09 | Y19: =IF(Z19<=20%,'Tabla probabilidad'!$B$5,IF(Z19<=40%,'Tabla probabilidad'!$B$6,IF(Z19<=60%,'Tabla probabilidad'!$B$7,IF(Z19<=80%,'Tabla probabilidad'!$B$8,IF(Z19<=100%,'Tabla probabilidad'!$B$9))))) -> Muy Baja | Z19: =IF(R19="Preventivo",(J17-(J17*T19)),IF(R19="Detectivo",(J17-(J17*T19)),IF(R19="Correctivo",(J17)))) -> 0.11 | AC19: =IF(AD19<=20%,"Leve",IF(AD19<=40%,"Menor",IF(AD19<=60%,"Moderado",IF(AD19<=80%,"Mayor",IF(AD19<=100%,"Catastrófico"))))) -> Leve | AD19: =IF(Q19="Probabilidad",(($M$40-0)),IF(Q19="Impacto",($M$40-($M$40*T19)))) -> 0.2
A20: 2 | B20: Desacierto | C20: Incumplimiento de las metas establecidas | D20: Seleccion no adecuada de los contratistas y prestadores de servicios. | E20: Falta de detalle en la planificación de las condiciones tecnicas, alcances y demas anexos del estudio | F20: Adquisición de bienes, servicios y obras públicas que no cumplen las especificaciones | G20: Ejecución y Administración de Procesos | H20: 80 | I20: =IF(H20<=2,'Tabla probabilidad'!$B$5,IF(H20<=24,'Tabla probabilidad'!$B$6,IF(H20<=500,'Tabla probabilidad'!$B$7,IF(H20<=5000,'Tabla probabilidad'!$B$8,IF(H20>5000,'Tabla probabilidad'!$B$9))))) -> Media | J20: =IF(H20<=2,'Tabla probabilidad'!$D$5,IF(H20<=24,'Tabla probabilidad'!$D$6,IF(H20<=500,'Tabla probabilidad'!$D$7,IF(H20<=5000,'Tabla probabilidad'!$D$8,IF(H20>5000,'Tabla probabilidad'!$D$9))))) -> 0.6 | K20: Incumplimiento máximo del 5% de la meta planeada | L20: =IF(K20="El riesgo afecta la imagen de alguna área de la organización","Leve",IF(K20="El riesgo afecta la imagen de la entidad internamente, de conocimiento general, nivel interno, alta dirección, contratista y/o de provedores","Menor",IF(K20="El riesgo afecta la imagen de la entidad con algunos usuarios de relevancia frente al logro de los objetivos","Moderado",IF(K20="El riesgo afecta la imagen de de la entidad con efecto publicitario sostenido a nivel del sector justicia","Mayor",IF(K20="El riesgo afecta la imagen de la entidad a nivel nacional, con efecto publicitarios sostenible a nivel país","Catastrófico",IF(K20="Impacto que afecte la ejecución presupuestal en un valor ≥0,5%.","Leve",IF(K20="Impacto que afecte la ejecución presupuestal en un valor ≥1%.","Menor",IF(K20="Impacto que afecte la ejecución presupuestal en un valor ≥5%.","Moderado",IF(K20="Impacto que afecte la ejecución presupuestal en un valor ≥20%.","Mayor",IF(K20="Impacto que afecte la ejecución presupuestal en un valor ≥50%.","Catastrófico",IF(K20="Incumplimiento máximo del 5% de la meta planeada","Leve",IF(K20="Incumplimiento máximo del 15% de la meta planeada","Menor",IF(K20="Incumplimiento máximo del 20% de la meta planeada","Moderado",IF(K20="Incumplimiento máximo del 50% de la meta planeada","Mayor",IF(K20="Incumplimiento máximo del 80% de la meta planeada","Catastrófico",IF(K20="Cualquier afectación a la violacion de los derechos de los ciudadanos se considera con consecuencias altas","Mayor",IF(K20="Cualquier afectación a la violacion de los derechos de los ciudadanos se considera con consecuencias desastrosas","Catastrófico",IF(K20="Afecta la Prestación del Servicio de Administración de Justicia en 5%","Leve",IF(K20="Afecta la Prestación del Servicio de Administración de Justicia en 10%","Menor",IF(K20="Afecta la Prestación del Servicio de Administración de Justicia en 15%","Moderado",IF(K20="Afecta la Prestación del Servicio de Administración de Justicia en 20%","Mayor",IF(K20="Afecta la Prestación del Servicio de Administración de Justicia en más del 50%","Catastrófico",IF(K20="Cualquier acto indebido de los servidores judiciales genera altas consecuencias para la entidad","Mayor",IF(K20="Cualquier acto indebido de los servidores judiciales genera consecuencias desastrosas para la entidad","Catastrófico",IF(K20="Si el hecho llegara a presentarse, tendría consecuencias o efectos mínimos sobre la entidad","Leve",IF(K20="Si el hecho llegara a presentarse, tendría bajo impacto o efecto sobre la entidad","Menor",IF(K20="Si el hecho llegara a presentarse, tendría medianas consecuencias o efectos sobre la entidad","Moderado",IF(K20="Si el hecho llegara a presentarse, tendría altas consecuencias o efectos sobre la entidad","Mayor",IF(K20="Si el hecho llegara a presentarse, tendría desastrosas consecuencias o efectos sobre la entidad","Catastrófico"))))))))))))))))))))))))))))) -> Leve | M20: =IF(K20="El riesgo afecta la imagen de alguna área de la organización","20%",IF(K20="El riesgo afecta la imagen de la entidad internamente, de conocimiento general, nivel interno, alta dirección, contratista y/o de provedores","40%",IF(K20="El riesgo afecta la imagen de la entidad con algunos usuarios de relevancia frente al logro de los objetivos","60%",IF(K20="El riesgo afecta la imagen de de la entidad con efecto publicitario sostenido a nivel del sector justicia","80%",IF(K20="El riesgo afecta la imagen de la entidad a nivel nacional, con efecto publicitarios sostenible a nivel país","100%",IF(K20="Impacto que afecte la ejecución presupuestal en un valor ≥0,5%.","20%",IF(K20="Impacto que afecte la ejecución presupuestal en un valor ≥1%.","40%",IF(K20="Impacto que afecte la ejecución presupuestal en un valor ≥5%.","60%",IF(K20="Impacto que afecte la ejecución presupuestal en un valor ≥20%.","80%",IF(K20="Impacto que afecte la ejecución presupuestal en un valor ≥50%.","100%",IF(K20="Incumplimiento máximo del 5% de la meta planeada","20%",IF(K20="Incumplimiento máximo del 15% de la meta planeada","40%",IF(K20="Incumplimiento máximo del 20% de la meta planeada","60%",IF(K20="Incumplimiento máximo del 50% de la meta planeada","80%",IF(K20="Incumplimiento máximo del 80% de la meta planeada","100%",IF(K20="Cualquier afectación a la violacion de los derechos de los ciudadanos se considera con consecuencias altas","80%",IF(K20="Cualquier afectación a la violacion de los derechos de los ciudadanos se considera con consecuencias desastrosas","100%",IF(K20="Afecta la Prestación del Servicio de Administración de Justicia en 5%","20%",IF(K20="Afecta la Prestación del Servicio de Administración de Justicia en 10%","40%",IF(K20="Afecta la Prestación del Servicio de Administración de Justicia en 15%","60%",IF(K20="Afecta la Prestación del Servicio de Administración de Justicia en 20%","80%",IF(K20="Afecta la Prestación del Servicio de Administración de Justicia en más del 50%","100%",IF(K20="Cualquier acto indebido de los servidores judiciales genera altas consecuencias para la entidad","80%",IF(K20="Cualquier acto indebido de los servidores judiciales genera consecuencias desastrosas para la entidad","100%",IF(K20="Si el hecho llegara a presentarse, tendría consecuencias o efectos mínimos sobre la entidad","20%",IF(K20="Si el hecho llegara a presentarse, tendría bajo impacto o efecto sobre la entidad","40%",IF(K20="Si el hecho llegara a presentarse, tendría medianas consecuencias o efectos sobre la entidad","60%",IF(K20="Si el hecho llegara a presentarse, tendría altas consecuencias o efectos sobre la entidad","80%",IF(K20="Si el hecho llegara a presentarse, tendría desastrosas consecuencias o efectos sobre la entidad","100%"))))))))))))))))))))))))))))) -> 20% | N20: =VLOOKUP((I20&L20),Hoja1!$B$4:$C$28,2,0) -> Moderado | O20: 1 | P20: Estructurar bien los Estudios previos para la contratación | Q20: =IF(R20="Preventivo","Probabilidad",IF(R20="Detectivo","Probabilidad", IF(R20="Correctivo","Impacto"))) -> Probabilidad | R20: Preventivo | S20: Manual | T20: =VLOOKUP(R20&S20,Hoja1!$Q$4:$R$9,2,0) -> 0.45 | U20: Documentado | V20: Continua | W20: Con Registro | X20: =IF(Q20="Probabilidad",($J$20*T20),IF(Q20="Impacto"," ")) -> 0.27 | Y20: =IF(Z20<=20%,'Tabla probabilidad'!$B$5,IF(Z20<=40%,'Tabla probabilidad'!$B$6,IF(Z20<=60%,'Tabla probabilidad'!$B$7,IF(Z20<=80%,'Tabla probabilidad'!$B$8,IF(Z20<=100%,'Tabla probabilidad'!$B$9))))) -> Baja | Z20: =IF(R20="Preventivo",(J20-(J20*T20)),IF(R20="Detectivo",(J20-(J20*T20)),IF(R20="Correctivo",(J20)))) -> 0.33 | AA20: =IF(AB20<=20%,'Tabla probabilidad'!$B$5,IF(AB20<=40%,'Tabla probabilidad'!$B$6,IF(AB20<=60%,'Tabla probabilidad'!$B$7,IF(AB20<=80%,'Tabla probabilidad'!$B$8,IF(AB20<=100%,'Tabla probabilidad'!$B$9))))) -> Baja | AB20: =AVERAGE(Z20:Z22) -> 0.33 | AC20: =IF(AD20<=20%,"Leve",IF(AD20<=40%,"Menor",IF(AD20<=60%,"Moderado",IF(AD20<=80%,"Mayor",IF(AD20<=100%,"Catastrófico"))))) -> Leve | AD20: =IF(Q20="Probabilidad",(($M$20-0)),IF(Q20="Impacto",($M$20-($M$20*T20)))) -> 0.2 | AE20: =IF(AF20<=20%,"Leve",IF(AF20<=40%,"Menor",IF(AF20<=60%,"Moderado",IF(AF20<=80%,"Mayor",IF(AF20<=100%,"Catastrófico"))))) -> Leve | AF20: =AVERAGE(AD20:AD22) -> 0.2 | AG20: =VLOOKUP(AA20&AE20,Hoja1!$B$4:$C$28,2,0) -> Bajo | AH20: Aceptar
D21: Falta de definicion de la necesidad | O21: 2 | P21: Detallar la necesidad que la entidad busca satisfacer, con base a la normatividad vigente | Q21: =IF(R21="Preventivo","Probabilidad",IF(R21="Detectivo","Probabilidad", IF(R21="Correctivo","Impacto"))) -> Probabilidad | R21: Preventivo | S21: Manual | T21: =VLOOKUP(R21&S21,Hoja1!$Q$4:$R$9,2,0) -> 0.45 | U21: Documentado | V21: Continua | W21: Con Registro | X21: =IF(Q21="Probabilidad",($J$20*T21),IF(Q21="Impacto"," ")) -> 0.27 | Y21: =IF(Z21<=20%,'Tabla probabilidad'!$B$5,IF(Z21<=40%,'Tabla probabilidad'!$B$6,IF(Z21<=60%,'Tabla probabilidad'!$B$7,IF(Z21<=80%,'Tabla probabilidad'!$B$8,IF(Z21<=100%,'Tabla probabilidad'!$B$9))))) -> Baja | Z21: =IF(R21="Preventivo",(J20-(J20*T21)),IF(R21="Detectivo",(J20-(J20*T21)),IF(R21="Correctivo",(J20)))) -> 0.33 | AC21: =IF(AD21<=20%,"Leve",IF(AD21<=40%,"Menor",IF(AD21<=60%,"Moderado",IF(AD21<=80%,"Mayor",IF(AD21<=100%,"Catastrófico"))))) -> Leve | AD21: =IF(Q21="Probabilidad",(($M$20-0)),IF(Q21="Impacto",($M$20-($M$20*T21)))) -> 0.2
D22: Falta de precision de las Condiciones tecnicas, alcances y demas anexos del estudio para la contratacion de bienes o servicios | O22: 3 | P22: Fortalecimiento de los estudios previos en cuanto a las condiciones tecnicas, alcances y demas anexos del estudio, solicitud de muestras para comparar y analizar las distintas alternativas que el mercado ofrece | Q22: =IF(R22="Preventivo","Probabilidad",IF(R22="Detectivo","Probabilidad", IF(R22="Correctivo","Impacto"))) -> Probabilidad | R22: Preventivo | S22: Manual | T22: =VLOOKUP(R22&S22,Hoja1!$Q$4:$R$9,2,0) -> 0.45 | U22: Documentado | V22: Continua | W22: Con Registro | X22: =IF(Q22="Probabilidad",($J$20*T22),IF(Q22="Impacto"," ")) -> 0.27 | Y22: =IF(Z22<=20%,'Tabla probabilidad'!$B$5,IF(Z22<=40%,'Tabla probabilidad'!$B$6,IF(Z22<=60%,'Tabla probabilidad'!$B$7,IF(Z22<=80%,'Tabla probabilidad'!$B$8,IF(Z22<=100%,'Tabla probabilidad'!$B$9))))) -> Baja | Z22: =IF(R22="Preventivo",(J20-(J20*T22)),IF(R22="Detectivo",(J20-(J20*T22)),IF(R22="Correctivo",(J20)))) -> 0.33 | AC22: =IF(AD22<=20%,"Leve",IF(AD22<=40%,"Menor",IF(AD22<=60%,"Moderado",IF(AD22<=80%,"Mayor",IF(AD22<=100%,"Catastrófico"))))) -> Leve | AD22: =IF(Q22="Probabilidad",(($M$20-0)),IF(Q22="Impacto",($M$20-($M$20*T22)))) -> 0.2
C23: Afectación en la Prestación del Servicio de Justicia | D23: Insuficiencia en el estudio de mercado | E23: Deficiencia en la etapa de evalaución | F23: Adjudicar el contrato a un proveedor sin contar con la capacidad, experiencia y antiguedad para cumplir acabalidad el objeto contractual. | G23: Ejecución y Administración de Procesos | I23: =IF(H23<=2,'Tabla probabilidad'!$B$5,IF(H23<=24,'Tabla probabilidad'!$B$6,IF(H23<=500,'Tabla probabilidad'!$B$7,IF(H23<=5000,'Tabla probabilidad'!$B$8,IF(H23>5000,'Tabla probabilidad'!$B$9))))) -> Muy Baja | J23: =IF(H23<=2,'Tabla probabilidad'!$D$5,IF(H23<=24,'Tabla probabilidad'!$D$6,IF(H23<=500,'Tabla probabilidad'!$D$7,IF(H23<=5000,'Tabla probabilidad'!$D$8,IF(H23>5000,'Tabla probabilidad'!$D$9))))) -> 0.2 | K23: Impacto que afecte la ejecución presupuestal en un valor ≥5%. | L23: =IF(K23="El riesgo afecta la imagen de alguna área de la organización","Leve",IF(K23="El riesgo afecta la imagen de la entidad internamente, de conocimiento general, nivel interno, alta dirección, contratista y/o de provedores","Menor",IF(K23="El riesgo afecta la imagen de la entidad con algunos usuarios de relevancia frente al logro de los objetivos","Moderado",IF(K23="El riesgo afecta la imagen de de la entidad con efecto publicitario sostenido a nivel del sector justicia","Mayor",IF(K23="El riesgo afecta la imagen de la entidad a nivel nacional, con efecto publicitarios sostenible a nivel país","Catastrófico",IF(K23="Impacto que afecte la ejecución presupuestal en un valor ≥0,5%.","Leve",IF(K23="Impacto que afecte la ejecución presupuestal en un valor ≥1%.","Menor",IF(K23="Impacto que afecte la ejecución presupuestal en un valor ≥5%.","Moderado",IF(K23="Impacto que afecte la ejecución presupuestal en un valor ≥20%.","Mayor",IF(K23="Impacto que afecte la ejecución presupuestal en un valor ≥50%.","Catastrófico",IF(K23="Incumplimiento máximo del 5% de la meta planeada","Leve",IF(K23="Incumplimiento máximo del 15% de la meta planeada","Menor",IF(K23="Incumplimiento máximo del 20% de la meta planeada","Moderado",IF(K23="Incumplimiento máximo del 50% de la meta planeada","Mayor",IF(K23="Incumplimiento máximo del 80% de la meta planeada","Catastrófico",IF(K23="Cualquier afectación a la violacion de los derechos de los ciudadanos se considera con consecuencias altas","Mayor",IF(K23="Cualquier afectación a la violacion de los derechos de los ciudadanos se considera con consecuencias desastrosas","Catastrófico",IF(K23="Afecta la Prestación del Servicio de Administración de Justicia en 5%","Leve",IF(K23="Afecta la Prestación del Servicio de Administración de Justicia en 10%","Menor",IF(K23="Afecta la Prestación del Servicio de Administración de Justicia en 15%","Moderado",IF(K23="Afecta la Prestación del Servicio de Administración de Justicia en 20%","Mayor",IF(K23="Afecta la Prestación del Servicio de Administración de Justicia en más del 50%","Catastrófico",IF(K23="Cualquier acto indebido de los servidores judiciales genera altas consecuencias para la entidad","Mayor",IF(K23="Cualquier acto indebido de los servidores judiciales genera consecuencias desastrosas para la entidad","Catastrófico",IF(K23="Si el hecho llegara a presentarse, tendría consecuencias o efectos mínimos sobre la entidad","Leve",IF(K23="Si el hecho llegara a presentarse, tendría bajo impacto o efecto sobre la entidad","Menor",IF(K23="Si el hecho llegara a presentarse, tendría medianas consecuencias o efectos sobre la entidad","Moderado",IF(K23="Si el hecho llegara a presentarse, tendría altas consecuencias o efectos sobre la entidad","Mayor",IF(K23="Si el hecho llegara a presentarse, tendría desastrosas consecuencias o efectos sobre la entidad","Catastrófico"))))))))))))))))))))))))))))) -> Moderado | M23: =IF(K23="El riesgo afecta la imagen de alguna área de la organización","20%",IF(K23="El riesgo afecta la imagen de la entidad internamente, de conocimiento general, nivel interno, alta dirección, contratista y/o de provedores","40%",IF(K23="El riesgo afecta la imagen de la entidad con algunos usuarios de relevancia frente al logro de los objetivos","60%",IF(K23="El riesgo afecta la imagen de de la entidad con efecto publicitario sostenido a nivel del sector justicia","80%",IF(K23="El riesgo afecta la imagen de la entidad a nivel nacional, con efecto publicitarios sostenible a nivel país","100%",IF(K23="Impacto que afecte la ejecución presupuestal en un valor ≥0,5%.","20%",IF(K23="Impacto que afecte la ejecución presupuestal en un valor ≥1%.","40%",IF(K23="Impacto que afecte la ejecución presupuestal en un valor ≥5%.","60%",IF(K23="Impacto que afecte la ejecución presupuestal en un valor ≥20%.","80%",IF(K23="Impacto que afecte la ejecución presupuestal en un valor ≥50%.","100%",IF(K23="Incumplimiento máximo del 5% de la meta planeada","20%",IF(K23="Incumplimiento máximo del 15% de la meta planeada","40%",IF(K23="Incumplimiento máximo del 20% de la meta planeada","60%",IF(K23="Incumplimiento máximo del 50% de la meta planeada","80%",IF(K23="Incumplimiento máximo del 80% de la meta planeada","100%",IF(K23="Cualquier afectación a la violacion de los derechos de los ciudadanos se considera con consecuencias altas","80%",IF(K23="Cualquier afectación a la violacion de los derechos de los ciudadanos se considera con consecuencias desastrosas","100%",IF(K23="Afecta la Prestación del Servicio de Administración de Justicia en 5%","20%",IF(K23="Afecta la Prestación del Servicio de Administración de Justicia en 10%","40%",IF(K23="Afecta la Prestación del Servicio de Administración de Justicia en 15%","60%",IF(K23="Afecta la Prestación del Servicio de Administración de Justicia en 20%","80%",IF(K23="Afecta la Prestación del Servicio de Administración de Justicia en más del 50%","100%",IF(K23="Cualquier acto indebido de los servidores judiciales genera altas consecuencias para la entidad","80%",IF(K23="Cualquier acto indebido de los servidores judiciales genera consecuencias desastrosas para la entidad","100%",IF(K23="Si el hecho llegara a presentarse, tendría consecuencias o efectos mínimos sobre la entidad","20%",IF(K23="Si el hecho llegara a presentarse, tendría bajo impacto o efecto sobre la entidad","40%",IF(K23="Si el hecho llegara a presentarse, tendría medianas consecuencias o efectos sobre la entidad","60%",IF(K23="Si el hecho llegara a presentarse, tendría altas consecuencias o efectos sobre la entidad","80%",IF(K23="Si el hecho llegara a presentarse, tendría desastrosas consecuencias o efectos sobre la entidad","100%"))))))))))))))))))))))))))))) -> 60% | N23: =VLOOKUP((I23&L23),Hoja1!$B$4:$C$28,2,0) -> Moderado | O23: 1 | P23: cláusula contractual de acreditación de experiencia y antigüedad en los pliegos de condiciones no inferior a 5 años. | Q23: =IF(R23="Preventivo","Probabilidad",IF(R23="Detectivo","Probabilidad", IF(R23="Correctivo","Impacto"))) -> Probabilidad | R23: Preventivo | S23: Manual | T23: =VLOOKUP(R23&S23,Hoja1!$Q$4:$R$9,2,0) -> 0.45 | U23: Documentado | W23: Con Registro | X23: =IF(Q23="Probabilidad",($J$23*T23),IF(Q23="Impacto"," ")) -> 0.09 | Y23: =IF(Z23<=20%,'Tabla probabilidad'!$B$5,IF(Z23<=40%,'Tabla probabilidad'!$B$6,IF(Z23<=60%,'Tabla probabilidad'!$B$7,IF(Z23<=80%,'Tabla probabilidad'!$B$8,IF(Z23<=100%,'Tabla probabilidad'!$B$9))))) -> Muy Baja | Z23: =IF(R23="Preventivo",(J23-(J23*T23)),IF(R23="Detectivo",(J23-(J23*T23)),IF(R23="Correctivo",(J23)))) -> 0.11 | AA23: =IF(AB23<=20%,'Tabla probabilidad'!$B$5,IF(AB23<=40%,'Tabla probabilidad'!$B$6,IF(AB23<=60%,'Tabla probabilidad'!$B$7,IF(AB23<=80%,'Tabla probabilidad'!$B$8,IF(AB23<=100%,'Tabla probabilidad'!$B$9))))) -> Muy Baja | AB23: =AVERAGE(Z23:Z25) -> 0.11 | AC23: =IF(AD23<=20%,"Leve",IF(AD23<=40%,"Menor",IF(AD23<=60%,"Moderado",IF(AD23<=80%,"Mayor",IF(AD23<=100%,"Catastrófico"))))) -> Moderado | AD23: =IF(Q23="Probabilidad",(($M$23-0)),IF(Q23="Impacto",($M$23-($M$23*T23)))) -> 0.6 | AE23: =IF(AF23<=20%,"Leve",IF(AF23<=40%,"Menor",IF(AF23<=60%,"Moderado",IF(AF23<=80%,"Mayor",IF(AF23<=100%,"Catastrófico"))))) -> Moderado | AF23: =AVERAGE(AD23:AD25) -> 0.6 | AG23: =VLOOKUP(AA23&AE23,Hoja1!$B$4:$C$28,2,0) -> Moderado | AH23: Aceptar
D24: Deficiencia en la revisión de documentos y evaluación de los oferentes | O24: 2 | P24: Pólizas de cobertura contractual y extracontractual 3. Consolidación del Plan de Tratamiento del Riesgo. | Q24: =IF(R24="Preventivo","Probabilidad",IF(R24="Detectivo","Probabilidad", IF(R24="Correctivo","Impacto"))) -> Probabilidad | R24: Preventivo | S24: Manual | T24: =VLOOKUP(R24&S24,Hoja1!$Q$4:$R$9,2,0) -> 0.45 | U24: Documentado | W24: Con Registro | X24: =IF(Q24="Probabilidad",($J$23*T24),IF(Q24="Impacto"," ")) -> 0.09 | Y24: =IF(Z24<=20%,'Tabla probabilidad'!$B$5,IF(Z24<=40%,'Tabla probabilidad'!$B$6,IF(Z24<=60%,'Tabla probabilidad'!$B$7,IF(Z24<=80%,'Tabla probabilidad'!$B$8,IF(Z24<=100%,'Tabla probabilidad'!$B$9))))) -> Muy Baja | Z24: =IF(R24="Preventivo",(J23-(J23*T24)),IF(R24="Detectivo",(J23-(J23*T24)),IF(R24="Correctivo",(J23)))) -> 0.11 | AC24: =IF(AD24<=20%,"Leve",IF(AD24<=40%,"Menor",IF(AD24<=60%,"Moderado",IF(AD24<=80%,"Mayor",IF(AD24<=100%,"Catastrófico"))))) -> Moderado | AD24: =IF(Q24="Probabilidad",(($M$23-0)),IF(Q24="Impacto",($M$23-($M$23*T24)))) -> 0.6
O25: 3 | P25: Consolidación del Plan de Tratamiento del Riesgo. | Q25: =IF(R25="Preventivo","Probabilidad",IF(R25="Detectivo","Probabilidad", IF(R25="Correctivo","Impacto"))) -> Probabilidad | R25: Preventivo | S25: Manual | T25: =VLOOKUP(R25&S25,Hoja1!$Q$4:$R$9,2,0) -> 0.45 | U25: Documentado | W25: Con Registro | X25: =IF(Q25="Probabilidad",($J$23*T25),IF(Q25="Impacto"," ")) -> 0.09 | Y25: =IF(Z25<=20%,'Tabla probabilidad'!$B$5,IF(Z25<=40%,'Tabla probabilidad'!$B$6,IF(Z25<=60%,'Tabla probabilidad'!$B$7,IF(Z25<=80%,'Tabla probabilidad'!$B$8,IF(Z25<=100%,'Tabla probabilidad'!$B$9))))) -> Muy Baja | Z25: =IF(R25="Preventivo",(J23-(J23*T25)),IF(R25="Detectivo",(J23-(J23*T25)),IF(R25="Correctivo",(J23)))) -> 0.11 | AC25: =IF(AD25<=20%,"Leve",IF(AD25<=40%,"Menor",IF(AD25<=60%,"Moderado",IF(AD25<=80%,"Mayor",IF(AD25<=100%,"Catastrófico"))))) -> Moderado | AD25: =IF(Q25="Probabilidad",(($M$23-0)),IF(Q25="Impacto",($M$23-($M$23*T25)))) -> 0.6
A26: 3 | B26: Incumplimiento | C26: Afectación Económica | D26: PAC Insuficiente para atender las obligaciones mensuales de la Entidad. | E26: Planeacion del proceso | F26: Incumplimiento en la atención de las obligaciones mensuales de la Entidad. | G26: Ejecución y Administración de Procesos | H26: 80 | I26: =IF(H26<=2,'Tabla probabilidad'!$B$5,IF(H26<=24,'Tabla probabilidad'!$B$6,IF(H26<=500,'Tabla probabilidad'!$B$7,IF(H26<=5000,'Tabla probabilidad'!$B$8,IF(H26>5000,'Tabla probabilidad'!$B$9))))) -> Media | J26: =IF(H26<=2,'Tabla probabilidad'!$D$5,IF(H26<=24,'Tabla probabilidad'!$D$6,IF(H26<=500,'Tabla probabilidad'!$D$7,IF(H26<=5000,'Tabla probabilidad'!$D$8,IF(H26>5000,'Tabla probabilidad'!$D$9))))) -> 0.6 | K26: Impacto que afecte la ejecución presupuestal en un valor ≥5%. | L26: =IF(K26="El riesgo afecta la imagen de alguna área de la organización","Leve",IF(K26="El riesgo afecta la imagen de la entidad internamente, de conocimiento general, nivel interno, alta dirección, contratista y/o de provedores","Menor",IF(K26="El riesgo afecta la imagen de la entidad con algunos usuarios de relevancia frente al logro de los objetivos","Moderado",IF(K26="El riesgo afecta la imagen de de la entidad con efecto publicitario sostenido a nivel del sector justicia","Mayor",IF(K26="El riesgo afecta la imagen de la entidad a nivel nacional, con efecto publicitarios sostenible a nivel país","Catastrófico",IF(K26="Impacto que afecte la ejecución presupuestal en un valor ≥0,5%.","Leve",IF(K26="Impacto que afecte la ejecución presupuestal en un valor ≥1%.","Menor",IF(K26="Impacto que afecte la ejecución presupuestal en un valor ≥5%.","Moderado",IF(K26="Impacto que afecte la ejecución presupuestal en un valor ≥20%.","Mayor",IF(K26="Impacto que afecte la ejecución presupuestal en un valor ≥50%.","Catastrófico",IF(K26="Incumplimiento máximo del 5% de la meta planeada","Leve",IF(K26="Incumplimiento máximo del 15% de la meta planeada","Menor",IF(K26="Incumplimiento máximo del 20% de la meta planeada","Moderado",IF(K26="Incumplimiento máximo del 50% de la meta planeada","Mayor",IF(K26="Incumplimiento máximo del 80% de la meta planeada","Catastrófico",IF(K26="Cualquier afectación a la violacion de los derechos de los ciudadanos se considera con consecuencias altas","Mayor",IF(K26="Cualquier afectación a la violacion de los derechos de los ciudadanos se considera con consecuencias desastrosas","Catastrófico",IF(K26="Afecta la Prestación del Servicio de Administración de Justicia en 5%","Leve",IF(K26="Afecta la Prestación del Servicio de Administración de Justicia en 10%","Menor",IF(K26="Afecta la Prestación del Servicio de Administración de Justicia en 15%","Moderado",IF(K26="Afecta la Prestación del Servicio de Administración de Justicia en 20%","Mayor",IF(K26="Afecta la Prestación del Servicio de Administración de Justicia en más del 50%","Catastrófico",IF(K26="Cualquier acto indebido de los servidores judiciales genera altas consecuencias para la entidad","Mayor",IF(K26="Cualquier acto indebido de los servidores judiciales genera consecuencias desastrosas para la entidad","Catastrófico",IF(K26="Si el hecho llegara a presentarse, tendría consecuencias o efectos mínimos sobre la entidad","Leve",IF(K26="Si el hecho llegara a presentarse, tendría bajo impacto o efecto sobre la entidad","Menor",IF(K26="Si el hecho llegara a presentarse, tendría medianas consecuencias o efectos sobre la entidad","Moderado",IF(K26="Si el hecho llegara a presentarse, tendría altas consecuencias o efectos sobre la entidad","Mayor",IF(K26="Si el hecho llegara a presentarse, tendría desastrosas consecuencias o efectos sobre la entidad","Catastrófico"))))))))))))))))))))))))))))) -> Moderado | M26: =IF(K26="El riesgo afecta la imagen de alguna área de la organización","20%",IF(K26="El riesgo afecta la imagen de la entidad internamente, de conocimiento general, nivel interno, alta dirección, contratista y/o de provedores","40%",IF(K26="El riesgo afecta la imagen de la entidad con algunos usuarios de relevancia frente al logro de los objetivos","60%",IF(K26="El riesgo afecta la imagen de de la entidad con efecto publicitario sostenido a nivel del sector justicia","80%",IF(K26="El riesgo afecta la imagen de la entidad a nivel nacional, con efecto publicitarios sostenible a nivel país","100%",IF(K26="Impacto que afecte la ejecución presupuestal en un valor ≥0,5%.","20%",IF(K26="Impacto que afecte la ejecución presupuestal en un valor ≥1%.","40%",IF(K26="Impacto que afecte la ejecución presupuestal en un valor ≥5%.","60%",IF(K26="Impacto que afecte la ejecución presupuestal en un valor ≥20%.","80%",IF(K26="Impacto que afecte la ejecución presupuestal en un valor ≥50%.","100%",IF(K26="Incumplimiento máximo del 5% de la meta planeada","20%",IF(K26="Incumplimiento máximo del 15% de la meta planeada","40%",IF(K26="Incumplimiento máximo del 20% de la meta planeada","60%",IF(K26="Incumplimiento máximo del 50% de la meta planeada","80%",IF(K26="Incumplimiento máximo del 80% de la meta planeada","100%",IF(K26="Cualquier afectación a la violacion de los derechos de los ciudadanos se considera con consecuencias altas","80%",IF(K26="Cualquier afectación a la violacion de los derechos de los ciudadanos se considera con consecuencias desastrosas","100%",IF(K26="Afecta la Prestación del Servicio de Administración de Justicia en 5%","20%",IF(K26="Afecta la Prestación del Servicio de Administración de Justicia en 10%","40%",IF(K26="Afecta la Prestación del Servicio de Administración de Justicia en 15%","60%",IF(K26="Afecta la Prestación del Servicio de Administración de Justicia en 20%","80%",IF(K26="Afecta la Prestación del Servicio de Administración de Justicia en más del 50%","100%",IF(K26="Cualquier acto indebido de los servidores judiciales genera altas consecuencias para la entidad","80%",IF(K26="Cualquier acto indebido de los servidores judiciales genera consecuencias desastrosas para la entidad","100%",IF(K26="Si el hecho llegara a presentarse, tendría consecuencias o efectos mínimos sobre la entidad","20%",IF(K26="Si el hecho llegara a presentarse, tendría bajo impacto o efecto sobre la entidad","40%",IF(K26="Si el hecho llegara a presentarse, tendría medianas consecuencias o efectos sobre la entidad","60%",IF(K26="Si el hecho llegara a presentarse, tendría altas consecuencias o efectos sobre la entidad","80%",IF(K26="Si el hecho llegara a presentarse, tendría desastrosas consecuencias o efectos sobre la entidad","100%"))))))))))))))))))))))))))))) -> 60% | N26: =VLOOKUP((I26&L26),Hoja1!$B$4:$C$28,2,0) -> Moderado | O26: 1 | P26: Programacion del PAC acorde a los Compromisos que se tiene para pagos | Q26: =IF(R26="Preventivo","Probabilidad",IF(R26="Detectivo","Probabilidad", IF(R26="Correctivo","Impacto"))) -> Probabilidad | R26: Preventivo | S26: Manual | T26: =VLOOKUP(R26&S26,Hoja1!$Q$4:$R$9,2,0) -> 0.45 | U26: Documentado | V26: Continua | W26: Con Registro | X26: =IF(Q26="Probabilidad",($J$26*T26),IF(Q26="Impacto"," ")) -> 0.27 | Y26: =IF(Z26<=20%,'Tabla probabilidad'!$B$5,IF(Z26<=40%,'Tabla probabilidad'!$B$6,IF(Z26<=60%,'Tabla probabilidad'!$B$7,IF(Z26<=80%,'Tabla probabilidad'!$B$8,IF(Z26<=100%,'Tabla probabilidad'!$B$9))))) -> Baja | Z26: =IF(R26="Preventivo",(J26-(J26*T26)),IF(R26="Detectivo",(J26-(J26*T26)),IF(R26="Correctivo",(J26)))) -> 0.33 | AA26: =IF(AB26<=20%,'Tabla probabilidad'!$B$5,IF(AB26<=40%,'Tabla probabilidad'!$B$6,IF(AB26<=60%,'Tabla probabilidad'!$B$7,IF(AB26<=80%,'Tabla probabilidad'!$B$8,IF(AB26<=100%,'Tabla probabilidad'!$B$9))))) -> Baja | AB26: =AVERAGE(Z26:Z32) -> 0.33 | AC26: =IF(AD26<=20%,"Leve",IF(AD26<=40%,"Menor",IF(AD26<=60%,"Moderado",IF(AD26<=80%,"Mayor",IF(AD26<=100%,"Catastrófico"))))) -> Moderado | AD26: =IF(Q26="Probabilidad",(($M$26-0)),IF(Q26="Impacto",($M$26-($M$26*T26)))) -> 0.6 | AE26: =IF(AF26<=20%,"Leve",IF(AF26<=40%,"Menor",IF(AF26<=60%,"Moderado",IF(AF26<=80%,"Mayor",IF(AF26<=100%,"Catastrófico"))))) -> Moderado | AF26: =AVERAGE(AD26:AD32) -> 0.6 | AG26: =VLOOKUP(AA26&AE26,Hoja1!$B$4:$C$28,2,0) -> Moderado | AH26: Aceptar
P27: Inclusión en los Estudios previos en forma de pago la condicion de que el pago esta supeditado a la asignacion del PAC por parte del ministerio de hacienda (numeral 3.6.3) | Q27: =IF(R27="Preventivo","Probabilidad",IF(R27="Detectivo","Probabilidad", IF(R27="Correctivo","Impacto"))) -> Probabilidad | R27: Preventivo | S27: Manual | T27: =VLOOKUP(R27&S27,Hoja1!$Q$4:$R$9,2,0) -> 0.45 | U27: Documentado | V27: Continua | W27: Con Registro
D28: Falla en la sinergia de los intervinientes del proceso de pagos de la entidad | O28: 2 | P28: Coordinar con los supervisores del contrato y personal de nomina para que remitan los compromisos para pago de forma oportuna. | Q28: =IF(R28="Preventivo","Probabilidad",IF(R28="Detectivo","Probabilidad", IF(R28="Correctivo","Impacto"))) -> Probabilidad | R28: Preventivo | S28: Manual | T28: =VLOOKUP(R28&S28,Hoja1!$Q$4:$R$9,2,0) -> 0.45 | U28: Documentado | V28: Continua | W28: Con Registro
P29: Aplicar integramente el procedimiento de PAC | Q29: =IF(R29="Preventivo","Probabilidad",IF(R29="Detectivo","Probabilidad", IF(R29="Correctivo","Impacto"))) -> Probabilidad | R29: Preventivo | S29: Manual | T29: =VLOOKUP(R29&S29,Hoja1!$Q$4:$R$9,2,0) -> 0.45 | U29: Documentado | V29: Continua | W29: Con Registro | X29: =IF(Q29="Probabilidad",($J$26*T29),IF(Q29="Impacto"," ")) -> 0.27 | Y29: =IF(Z29<=20%,'Tabla probabilidad'!$B$5,IF(Z29<=40%,'Tabla probabilidad'!$B$6,IF(Z29<=60%,'Tabla probabilidad'!$B$7,IF(Z29<=80%,'Tabla probabilidad'!$B$8,IF(Z29<=100%,'Tabla probabilidad'!$B$9))))) -> Baja | Z29: =IF(R29="Preventivo",(J26-(J26*T29)),IF(R29="Detectivo",(J26-(J26*T29)),IF(R29="Correctivo",(J26)))) -> 0.33 | AC29: =IF(AD29<=20%,"Leve",IF(AD29<=40%,"Menor",IF(AD29<=60%,"Moderado",IF(AD29<=80%,"Mayor",IF(AD29<=100%,"Catastrófico"))))) -> Moderado | AD29: =IF(Q29="Probabilidad",(($M$26-0)),IF(Q29="Impacto",($M$26-($M$26*T29)))) -> 0.6
D30: Errores/cambios en el software para el pago de obligaciones | O30: 3 | P30: Seguimiento de directrices impartidas desde el nivel central y el ministerio de hacienda | Q30: =IF(R30="Preventivo","Probabilidad",IF(R30="Detectivo","Probabilidad", IF(R30="Correctivo","Impacto"))) -> Probabilidad | R30: Preventivo | S30: Manual | T30: =VLOOKUP(R30&S30,Hoja1!$Q$4:$R$9,2,0) -> 0.45 | U30: Documentado | V30: Continua | W30: Con Registro | X30: =IF(Q30="Probabilidad",($J$26*T30),IF(Q30="Impacto"," ")) -> 0.27 | Y30: =IF(Z30<=20%,'Tabla probabilidad'!$B$5,IF(Z30<=40%,'Tabla probabilidad'!$B$6,IF(Z30<=60%,'Tabla probabilidad'!$B$7,IF(Z30<=80%,'Tabla probabilidad'!$B$8,IF(Z30<=100%,'Tabla probabilidad'!$B$9))))) -> Baja | Z30: =IF(R30="Preventivo",(J26-(J26*T30)),IF(R30="Detectivo",(J26-(J26*T30)),IF(R30="Correctivo",(J26)))) -> 0.33 | AC30: =IF(AD30<=20%,"Leve",IF(AD30<=40%,"Menor",IF(AD30<=60%,"Moderado",IF(AD30<=80%,"Mayor",IF(AD30<=100%,"Catastrófico"))))) -> Moderado | AD30: =IF(Q30="Probabilidad",(($M$26-0)),IF(Q30="Impacto",($M$26-($M$26*T30)))) -> 0.6
D31: Solicitudes de PAC extemporaneas | O31: 4 | P31: Programar acorde a las fechas remitidas por el ministerio de hacienda | Q31: =IF(R31="Preventivo","Probabilidad",IF(R31="Detectivo","Probabilidad", IF(R31="Correctivo","Impacto"))) -> Probabilidad | R31: Preventivo | S31: Manual | T31: =VLOOKUP(R31&S31,Hoja1!$Q$4:$R$9,2,0) -> 0.45 | U31: Documentado | V31: Continua | W31: Con Registro | X31: =IF(Q31="Probabilidad",($J$26*T31),IF(Q31="Impacto"," ")) -> 0.27 | Y31: =IF(Z31<=20%,'Tabla probabilidad'!$B$5,IF(Z31<=40%,'Tabla probabilidad'!$B$6,IF(Z31<=60%,'Tabla probabilidad'!$B$7,IF(Z31<=80%,'Tabla probabilidad'!$B$8,IF(Z31<=100%,'Tabla probabilidad'!$B$9))))) -> Baja | Z31: =IF(R31="Preventivo",(J26-(J26*T31)),IF(R31="Detectivo",(J26-(J26*T31)),IF(R31="Correctivo",(J26)))) -> 0.33 | AC31: =IF(AD31<=20%,"Leve",IF(AD31<=40%,"Menor",IF(AD31<=60%,"Moderado",IF(AD31<=80%,"Mayor",IF(AD31<=100%,"Catastrófico"))))) -> Moderado | AD31: =IF(Q31="Probabilidad",(($M$26-0)),IF(Q31="Impacto",($M$26-($M$26*T31)))) -> 0.6
D32: Castigos del ministerio de hacienda por mala gestion del PAC | O32: 5 | P32: Ejecutar el 100% del PAC asignado | Q32: =IF(R32="Preventivo","Probabilidad",IF(R32="Detectivo","Probabilidad", IF(R32="Correctivo","Impacto"))) -> Probabilidad | R32: Preventivo | S32: Manual | T32: =VLOOKUP(R32&S32,Hoja1!$Q$4:$R$9,2,0) -> 0.45 | U32: Documentado | V32: Continua | W32: Con Registro | X32: =IF(Q32="Probabilidad",($J$26*T32),IF(Q32="Impacto"," ")) -> 0.27 | Y32: =IF(Z32<=20%,'Tabla probabilidad'!$B$5,IF(Z32<=40%,'Tabla probabilidad'!$B$6,IF(Z32<=60%,'Tabla probabilidad'!$B$7,IF(Z32<=80%,'Tabla probabilidad'!$B$8,IF(Z32<=100%,'Tabla probabilidad'!$B$9))))) -> Baja | Z32: =IF(R32="Preventivo",(J26-(J26*T32)),IF(R32="Detectivo",(J26-(J26*T32)),IF(R32="Correctivo",(J26)))) -> 0.33 | AC32: =IF(AD32<=20%,"Leve",IF(AD32<=40%,"Menor",IF(AD32<=60%,"Moderado",IF(AD32<=80%,"Mayor",IF(AD32<=100%,"Catastrófico"))))) -> Moderado | AD32: =IF(Q32="Probabilidad",(($M$26-0)),IF(Q32="Impacto",($M$26-($M$26*T32)))) -> 0.6
D33: Deficiencia en el analisis financiero y economico | E33: Falta de cumplimiento en los estandares financieros y economicos exigidos por la Entidad | F33: Rompimiento del equilibro economico del contrato | G33: Ejecución y Administración de Procesos | H33: 80 | I33: =IF(H33<=2,'Tabla probabilidad'!$B$5,IF(H33<=24,'Tabla probabilidad'!$B$6,IF(H33<=500,'Tabla probabilidad'!$B$7,IF(H33<=5000,'Tabla probabilidad'!$B$8,IF(H33>5000,'Tabla probabilidad'!$B$9))))) -> Media | J33: =IF(H33<=2,'Tabla probabilidad'!$D$5,IF(H33<=24,'Tabla probabilidad'!$D$6,IF(H33<=500,'Tabla probabilidad'!$D$7,IF(H33<=5000,'Tabla probabilidad'!$D$8,IF(H33>5000,'Tabla probabilidad'!$D$9))))) -> 0.6 | K33: Impacto que afecte la ejecución presupuestal en un valor ≥5%. | L33: =IF(K33="El riesgo afecta la imagen de alguna área de la organización","Leve",IF(K33="El riesgo afecta la imagen de la entidad internamente, de conocimiento general, nivel interno, alta dirección, contratista y/o de provedores","Menor",IF(K33="El riesgo afecta la imagen de la entidad con algunos usuarios de relevancia frente al logro de los objetivos","Moderado",IF(K33="El riesgo afecta la imagen de de la entidad con efecto publicitario sostenido a nivel del sector justicia","Mayor",IF(K33="El riesgo afecta la imagen de la entidad a nivel nacional, con efecto publicitarios sostenible a nivel país","Catastrófico",IF(K33="Impacto que afecte la ejecución presupuestal en un valor ≥0,5%.","Leve",IF(K33="Impacto que afecte la ejecución presupuestal en un valor ≥1%.","Menor",IF(K33="Impacto que afecte la ejecución presupuestal en un valor ≥5%.","Moderado",IF(K33="Impacto que afecte la ejecución presupuestal en un valor ≥20%.","Mayor",IF(K33="Impacto que afecte la ejecución presupuestal en un valor ≥50%.","Catastrófico",IF(K33="Incumplimiento máximo del 5% de la meta planeada","Leve",IF(K33="Incumplimiento máximo del 15% de la meta planeada","Menor",IF(K33="Incumplimiento máximo del 20% de la meta planeada","Moderado",IF(K33="Incumplimiento máximo del 50% de la meta planeada","Mayor",IF(K33="Incumplimiento máximo del 80% de la meta planeada","Catastrófico",IF(K33="Cualquier afectación a la violacion de los derechos de los ciudadanos se considera con consecuencias altas","Mayor",IF(K33="Cualquier afectación a la violacion de los derechos de los ciudadanos se considera con consecuencias desastrosas","Catastrófico",IF(K33="Afecta la Prestación del Servicio de Administración de Justicia en 5%","Leve",IF(K33="Afecta la Prestación del Servicio de Administración de Justicia en 10%","Menor",IF(K33="Afecta la Prestación del Servicio de Administración de Justicia en 15%","Moderado",IF(K33="Afecta la Prestación del Servicio de Administración de Justicia en 20%","Mayor",IF(K33="Afecta la Prestación del Servicio de Administración de Justicia en más del 50%","Catastrófico",IF(K33="Cualquier acto indebido de los servidores judiciales genera altas consecuencias para la entidad","Mayor",IF(K33="Cualquier acto indebido de los servidores judiciales genera consecuencias desastrosas para la entidad","Catastrófico",IF(K33="Si el hecho llegara a presentarse, tendría consecuencias o efectos mínimos sobre la entidad","Leve",IF(K33="Si el hecho llegara a presentarse, tendría bajo impacto o efecto sobre la entidad","Menor",IF(K33="Si el hecho llegara a presentarse, tendría medianas consecuencias o efectos sobre la entidad","Moderado",IF(K33="Si el hecho llegara a presentarse, tendría altas consecuencias o efectos sobre la entidad","Mayor",IF(K33="Si el hecho llegara a presentarse, tendría desastrosas consecuencias o efectos sobre la entidad","Catastrófico"))))))))))))))))))))))))))))) -> Moderado | M33: =IF(K33="El riesgo afecta la imagen de alguna área de la organización","20%",IF(K33="El riesgo afecta la imagen de la entidad internamente, de conocimiento general, nivel interno, alta dirección, contratista y/o de provedores","40%",IF(K33="El riesgo afecta la imagen de la entidad con algunos usuarios de relevancia frente al logro de los objetivos","60%",IF(K33="El riesgo afecta la imagen de de la entidad con efecto publicitario sostenido a nivel del sector justicia","80%",IF(K33="El riesgo afecta la imagen de la entidad a nivel nacional, con efecto publicitarios sostenible a nivel país","100%",IF(K33="Impacto que afecte la ejecución presupuestal en un valor ≥0,5%.","20%",IF(K33="Impacto que afecte la ejecución presupuestal en un valor ≥1%.","40%",IF(K33="Impacto que afecte la ejecución presupuestal en un valor ≥5%.","60%",IF(K33="Impacto que afecte la ejecución presupuestal en un valor ≥20%.","80%",IF(K33="Impacto que afecte la ejecución presupuestal en un valor ≥50%.","100%",IF(K33="Incumplimiento máximo del 5% de la meta planeada","20%",IF(K33="Incumplimiento máximo del 15% de la meta planeada","40%",IF(K33="Incumplimiento máximo del 20% de la meta planeada","60%",IF(K33="Incumplimiento máximo del 50% de la meta planeada","80%",IF(K33="Incumplimiento máximo del 80% de la meta planeada","100%",IF(K33="Cualquier afectación a la violacion de los derechos de los ciudadanos se considera con consecuencias altas","80%",IF(K33="Cualquier afectación a la violacion de los derechos de los ciudadanos se considera con consecuencias desastrosas","100%",IF(K33="Afecta la Prestación del Servicio de Administración de Justicia en 5%","20%",IF(K33="Afecta la Prestación del Servicio de Administración de Justicia en 10%","40%",IF(K33="Afecta la Prestación del Servicio de Administración de Justicia en 15%","60%",IF(K33="Afecta la Prestación del Servicio de Administración de Justicia en 20%","80%",IF(K33="Afecta la Prestación del Servicio de Administración de Justicia en más del 50%","100%",IF(K33="Cualquier acto indebido de los servidores judiciales genera altas consecuencias para la entidad","80%",IF(K33="Cualquier acto indebido de los servidores judiciales genera consecuencias desastrosas para la entidad","100%",IF(K33="Si el hecho llegara a presentarse, tendría consecuencias o efectos mínimos sobre la entidad","20%",IF(K33="Si el hecho llegara a presentarse, tendría bajo impacto o efecto sobre la entidad","40%",IF(K33="Si el hecho llegara a presentarse, tendría medianas consecuencias o efectos sobre la entidad","60%",IF(K33="Si el hecho llegara a presentarse, tendría altas consecuencias o efectos sobre la entidad","80%",IF(K33="Si el hecho llegara a presentarse, tendría desastrosas consecuencias o efectos sobre la entidad","100%"))))))))))))))))))))))))))))) -> 60% | N33: =VLOOKUP((I33&L33),Hoja1!$B$4:$C$28,2,0) -> Moderado | O33: 1 | P33: Revisión detallada de la documentación entregada por los proponentes | Q33: =IF(R33="Preventivo","Probabilidad",IF(R33="Detectivo","Probabilidad", IF(R33="Correctivo","Impacto"))) -> Probabilidad | R33: Preventivo | S33: Manual | T33: =VLOOKUP(R33&S33,Hoja1!$Q$4:$R$9,2,0) -> 0.45 | U33: Documentado | V33: Continua | W33: Con Registro | X33: =IF(Q33="Probabilidad",($J$40*T33),IF(Q33="Impacto"," ")) -> 0.09 | Y33: =IF(Z33<=20%,'Tabla probabilidad'!$B$5,IF(Z33<=40%,'Tabla probabilidad'!$B$6,IF(Z33<=60%,'Tabla probabilidad'!$B$7,IF(Z33<=80%,'Tabla probabilidad'!$B$8,IF(Z33<=100%,'Tabla probabilidad'!$B$9))))) -> Baja | Z33: =IF(R33="Preventivo",(J33-(J33*T33)),IF(R33="Detectivo",(J33-(J33*T33)),IF(R33="Correctivo",(J33)))) -> 0.33 | AA33: =IF(AB33<=20%,'Tabla probabilidad'!$B$5,IF(AB33<=40%,'Tabla probabilidad'!$B$6,IF(AB33<=60%,'Tabla probabilidad'!$B$7,IF(AB33<=80%,'Tabla probabilidad'!$B$8,IF(AB33<=100%,'Tabla probabilidad'!$B$9))))) -> Baja | AB33: =AVERAGE(Z33:Z35) -> 0.33 | AC33: =IF(AD33<=20%,"Leve",IF(AD33<=40%,"Menor",IF(AD33<=60%,"Moderado",IF(AD33<=80%,"Mayor",IF(AD33<=100%,"Catastrófico"))))) -> Leve | AD33: =IF(Q33="Probabilidad",(($M$40-0)),IF(Q33="Impacto",($M$40-($M$40*T33)))) -> 0.2 | AE33: =IF(AF33<=20%,"Leve",IF(AF33<=40%,"Menor",IF(AF33<=60%,"Moderado",IF(AF33<=80%,"Mayor",IF(AF33<=100%,"Catastrófico"))))) -> Leve | AF33: =AVERAGE(AD33:AD35) -> 0.2 | AG33: =VLOOKUP(AA33&AE33,Hoja1!$B$4:$C$28,2,0) -> Bajo | AH33: Aceptar
D34: estrategia colusoria del proponente | O34: 2 | P34: Asumir las implicaciones en caso de presentarse | Q34: =IF(R34="Preventivo","Probabilidad",IF(R34="Detectivo","Probabilidad", IF(R34="Correctivo","Impacto"))) -> Probabilidad | R34: Preventivo | S34: Manual | T34: =VLOOKUP(R34&S34,Hoja1!$Q$4:$R$9,2,0) -> 0.45 | U34: Documentado | V34: Continua | W34: Con Registro | X34: =IF(Q34="Probabilidad",($J$40*T34),IF(Q34="Impacto"," ")) -> 0.09 | Y34: =IF(Z34<=20%,'Tabla probabilidad'!$B$5,IF(Z34<=40%,'Tabla probabilidad'!$B$6,IF(Z34<=60%,'Tabla probabilidad'!$B$7,IF(Z34<=80%,'Tabla probabilidad'!$B$8,IF(Z34<=100%,'Tabla probabilidad'!$B$9))))) -> Baja | Z34: =IF(R34="Preventivo",(J33-(J33*T34)),IF(R34="Detectivo",(J33-(J33*T34)),IF(R34="Correctivo",(J33)))) -> 0.33 | AC34: =IF(AD34<=20%,"Leve",IF(AD34<=40%,"Menor",IF(AD34<=60%,"Moderado",IF(AD34<=80%,"Mayor",IF(AD34<=100%,"Catastrófico"))))) -> Leve | AD34: =IF(Q34="Probabilidad",(($M$40-0)),IF(Q34="Impacto",($M$40-($M$40*T34)))) -> 0.2
D35: Debilitar a otros proponentes durante el proceso de seleccion | O35: 3 | P35: Elaboración de estudios previos con las caracteristicas que ayudan a mitigar el riesgo. | Q35: =IF(R35="Preventivo","Probabilidad",IF(R35="Detectivo","Probabilidad", IF(R35="Correctivo","Impacto"))) -> Probabilidad | R35: Preventivo | S35: Manual | T35: =VLOOKUP(R35&S35,Hoja1!$Q$4:$R$9,2,0) -> 0.45 | U35: Documentado | V35: Continua | W35: Con Registro | X35: =IF(Q35="Probabilidad",($J$40*T35),IF(Q35="Impacto"," ")) -> 0.09 | Y35: =IF(Z35<=20%,'Tabla probabilidad'!$B$5,IF(Z35<=40%,'Tabla probabilidad'!$B$6,IF(Z35<=60%,'Tabla probabilidad'!$B$7,IF(Z35<=80%,'Tabla probabilidad'!$B$8,IF(Z35<=100%,'Tabla probabilidad'!$B$9))))) -> Baja | Z35: =IF(R35="Preventivo",(J33-(J33*T35)),IF(R35="Detectivo",(J33-(J33*T35)),IF(R35="Correctivo",(J33)))) -> 0.33 | AC35: =IF(AD35<=20%,"Leve",IF(AD35<=40%,"Menor",IF(AD35<=60%,"Moderado",IF(AD35<=80%,"Mayor",IF(AD35<=100%,"Catastrófico"))))) -> Leve | AD35: =IF(Q35="Probabilidad",(($M$40-0)),IF(Q35="Impacto",($M$40-($M$40*T35)))) -> 0.2
C36: Afectación Ambiental | D36: Incumplimiento de requisitos ambientales legales aplicables al proceso de contratación. | E36: debilidad en el cumplimiento de los requisitos ambientales legales aplicables al proceso de contratación. | F36: Incumplimiento de los requisitos contenido en la NTC 14001:2015, en el SIGCMA Seccional y en los Acuerdos PSAA14-10160, PSAA14-10161, así como NTC 9001: 2015, en el SIGCMA Seccional y el Acuerdo PSAA14-10161 | G36: Ejecución y Administración de Procesos | H36: 80 | I36: =IF(H36<=2,'Tabla probabilidad'!$B$5,IF(H36<=24,'Tabla probabilidad'!$B$6,IF(H36<=500,'Tabla probabilidad'!$B$7,IF(H36<=5000,'Tabla probabilidad'!$B$8,IF(H36>5000,'Tabla probabilidad'!$B$9))))) -> Media | J36: =IF(H36<=2,'Tabla probabilidad'!$D$5,IF(H36<=24,'Tabla probabilidad'!$D$6,IF(H36<=500,'Tabla probabilidad'!$D$7,IF(H36<=5000,'Tabla probabilidad'!$D$8,IF(H36>5000,'Tabla probabilidad'!$D$9))))) -> 0.6 | K36: Si el hecho llegara a presentarse, tendría medianas consecuencias o efectos sobre la entidad | L36: =IF(K36="El riesgo afecta la imagen de alguna área de la organización","Leve",IF(K36="El riesgo afecta la imagen de la entidad internamente, de conocimiento general, nivel interno, alta dirección, contratista y/o de provedores","Menor",IF(K36="El riesgo afecta la imagen de la entidad con algunos usuarios de relevancia frente al logro de los objetivos","Moderado",IF(K36="El riesgo afecta la imagen de de la entidad con efecto publicitario sostenido a nivel del sector justicia","Mayor",IF(K36="El riesgo afecta la imagen de la entidad a nivel nacional, con efecto publicitarios sostenible a nivel país","Catastrófico",IF(K36="Impacto que afecte la ejecución presupuestal en un valor ≥0,5%.","Leve",IF(K36="Impacto que afecte la ejecución presupuestal en un valor ≥1%.","Menor",IF(K36="Impacto que afecte la ejecución presupuestal en un valor ≥5%.","Moderado",IF(K36="Impacto que afecte la ejecución presupuestal en un valor ≥20%.","Mayor",IF(K36="Impacto que afecte la ejecución presupuestal en un valor ≥50%.","Catastrófico",IF(K36="Incumplimiento máximo del 5% de la meta planeada","Leve",IF(K36="Incumplimiento máximo del 15% de la meta planeada","Menor",IF(K36="Incumplimiento máximo del 20% de la meta planeada","Moderado",IF(K36="Incumplimiento máximo del 50% de la meta planeada","Mayor",IF(K36="Incumplimiento máximo del 80% de la meta planeada","Catastrófico",IF(K36="Cualquier afectación a la violacion de los derechos de los ciudadanos se considera con consecuencias altas","Mayor",IF(K36="Cualquier afectación a la violacion de los derechos de los ciudadanos se considera con consecuencias desastrosas","Catastrófico",IF(K36="Afecta la Prestación del Servicio de Administración de Justicia en 5%","Leve",IF(K36="Afecta la Prestación del Servicio de Administración de Justicia en 10%","Menor",IF(K36="Afecta la Prestación del Servicio de Administración de Justicia en 15%","Moderado",IF(K36="Afecta la Prestación del Servicio de Administración de Justicia en 20%","Mayor",IF(K36="Afecta la Prestación del Servicio de Administración de Justicia en más del 50%","Catastrófico",IF(K36="Cualquier acto indebido de los servidores judiciales genera altas consecuencias para la entidad","Mayor",IF(K36="Cualquier acto indebido de los servidores judiciales genera consecuencias desastrosas para la entidad","Catastrófico",IF(K36="Si el hecho llegara a presentarse, tendría consecuencias o efectos mínimos sobre la entidad","Leve",IF(K36="Si el hecho llegara a presentarse, tendría bajo impacto o efecto sobre la entidad","Menor",IF(K36="Si el hecho llegara a presentarse, tendría medianas consecuencias o efectos sobre la entidad","Moderado",IF(K36="Si el hecho llegara a presentarse, tendría altas consecuencias o efectos sobre la entidad","Mayor",IF(K36="Si el hecho llegara a presentarse, tendría desastrosas consecuencias o efectos sobre la entidad","Catastrófico"))))))))))))))))))))))))))))) -> Moderado | M36: =IF(K36="El riesgo afecta la imagen de alguna área de la organización","20%",IF(K36="El riesgo afecta la imagen de la entidad internamente, de conocimiento general, nivel interno, alta dirección, contratista y/o de provedores","40%",IF(K36="El riesgo afecta la imagen de la entidad con algunos usuarios de relevancia frente al logro de los objetivos","60%",IF(K36="El riesgo afecta la imagen de de la entidad con efecto publicitario sostenido a nivel del sector justicia","80%",IF(K36="El riesgo afecta la imagen de la entidad a nivel nacional, con efecto publicitarios sostenible a nivel país","100%",IF(K36="Impacto que afecte la ejecución presupuestal en un valor ≥0,5%.","20%",IF(K36="Impacto que afecte la ejecución presupuestal en un valor ≥1%.","40%",IF(K36="Impacto que afecte la ejecución presupuestal en un valor ≥5%.","60%",IF(K36="Impacto que afecte la ejecución presupuestal en un valor ≥20%.","80%",IF(K36="Impacto que afecte la ejecución presupuestal en un valor ≥50%.","100%",IF(K36="Incumplimiento máximo del 5% de la meta planeada","20%",IF(K36="Incumplimiento máximo del 15% de la meta planeada","40%",IF(K36="Incumplimiento máximo del 20% de la meta planeada","60%",IF(K36="Incumplimiento máximo del 50% de la meta planeada","80%",IF(K36="Incumplimiento máximo del 80% de la meta planeada","100%",IF(K36="Cualquier afectación a la violacion de los derechos de los ciudadanos se considera con consecuencias altas","80%",IF(K36="Cualquier afectación a la violacion de los derechos de los ciudadanos se considera con consecuencias desastrosas","100%",IF(K36="Afecta la Prestación del Servicio de Administración de Justicia en 5%","20%",IF(K36="Afecta la Prestación del Servicio de Administración de Justicia en 10%","40%",IF(K36="Afecta la Prestación del Servicio de Administración de Justicia en 15%","60%",IF(K36="Afecta la Prestación del Servicio de Administración de Justicia en 20%","80%",IF(K36="Afecta la Prestación del Servicio de Administración de Justicia en más del 50%","100%",IF(K36="Cualquier acto indebido de los servidores judiciales genera altas consecuencias para la entidad","80%",IF(K36="Cualquier acto indebido de los servidores judiciales genera consecuencias desastrosas para la entidad","100%",IF(K36="Si el hecho llegara a presentarse, tendría consecuencias o efectos mínimos sobre la entidad","20%",IF(K36="Si el hecho llegara a presentarse, tendría bajo impacto o efecto sobre la entidad","40%",IF(K36="Si el hecho llegara a presentarse, tendría medianas consecuencias o efectos sobre la entidad","60%",IF(K36="Si el hecho llegara a presentarse, tendría altas consecuencias o efectos sobre la entidad","80%",IF(K36="Si el hecho llegara a presentarse, tendría desastrosas consecuencias o efectos sobre la entidad","100%"))))))))))))))))))))))))))))) -> 60% | N36: =VLOOKUP((I36&L36),Hoja1!$B$4:$C$28,2,0) -> Moderado | O36: 1 | P36: Exigencia de requisitos y clausulas ambientales | Q36: =IF(R36="Preventivo","Probabilidad",IF(R36="Detectivo","Probabilidad", IF(R36="Correctivo","Impacto"))) -> Probabilidad | R36: Preventivo | S36: Manual | T36: =VLOOKUP(R36&S36,Hoja1!$Q$4:$R$9,2,0) -> 0.45 | U36: Documentado | V36: Continua | W36: Con Registro | X36: =IF(Q36="Probabilidad",($J$36*T36),IF(Q36="Impacto"," ")) -> 0.27 | Y36: =IF(Z36<=20%,'Tabla probabilidad'!$B$5,IF(Z36<=40%,'Tabla probabilidad'!$B$6,IF(Z36<=60%,'Tabla probabilidad'!$B$7,IF(Z36<=80%,'Tabla probabilidad'!$B$8,IF(Z36<=100%,'Tabla probabilidad'!$B$9))))) -> Baja | Z36: =IF(R36="Preventivo",(J36-(J36*T36)),IF(R36="Detectivo",(J36-(J36*T36)),IF(R36="Correctivo",(J36)))) -> 0.33 | AA36: =IF(AB36<=20%,'Tabla probabilidad'!$B$5,IF(AB36<=40%,'Tabla probabilidad'!$B$6,IF(AB36<=60%,'Tabla probabilidad'!$B$7,IF(AB36<=80%,'Tabla probabilidad'!$B$8,IF(AB36<=100%,'Tabla probabilidad'!$B$9))))) -> Baja | AB36: =AVERAGE(Z36:Z39) -> 0.33 | AC36: =IF(AD36<=20%,"Leve",IF(AD36<=40%,"Menor",IF(AD36<=60%,"Moderado",IF(AD36<=80%,"Mayor",IF(AD36<=100%,"Catastrófico"))))) -> Moderado | AD36: =IF(Q36="Probabilidad",(($M$36-0)),IF(Q36="Impacto",($M$36-($M$36*T36)))) -> 0.6 | AE36: =IF(AF36<=20%,"Leve",IF(AF36<=40%,"Menor",IF(AF36<=60%,"Moderado",IF(AF36<=80%,"Mayor",IF(AF36<=100%,"Catastrófico"))))) -> Moderado | AF36: =AVERAGE(AD36:AD39) -> 0.6 | AG36: =VLOOKUP(AA36&AE36,Hoja1!$B$4:$C$28,2,0) -> Moderado | AH36: Aceptar
D37: Incumplimiento de los programas ambientales establecidos Acuerdo NO. PSAA14-10160 | O37: 2 | P37: Capacitar al personal en manejo de los programas ambientales de la Seccional | Q37: =IF(R37="Preventivo","Probabilidad",IF(R37="Detectivo","Probabilidad", IF(R37="Correctivo","Impacto"))) -> Probabilidad | R37: Preventivo | S37: Manual | T37: =VLOOKUP(R37&S37,Hoja1!$Q$4:$R$9,2,0) -> 0.45 | U37: Documentado | V37: Continua | W37: Con Registro | X37: =IF(Q37="Probabilidad",($J$36*T37),IF(Q37="Impacto"," ")) -> 0.27 | Y37: =IF(Z37<=20%,'Tabla probabilidad'!$B$5,IF(Z37<=40%,'Tabla probabilidad'!$B$6,IF(Z37<=60%,'Tabla probabilidad'!$B$7,IF(Z37<=80%,'Tabla probabilidad'!$B$8,IF(Z37<=100%,'Tabla probabilidad'!$B$9))))) -> Baja | Z37: =IF(R37="Preventivo",(J36-(J36*T37)),IF(R37="Detectivo",(J36-(J36*T37)),IF(R37="Correctivo",(J36)))) -> 0.33 | AC37: =IF(AD37<=20%,"Leve",IF(AD37<=40%,"Menor",IF(AD37<=60%,"Moderado",IF(AD37<=80%,"Mayor",IF(AD37<=100%,"Catastrófico"))))) -> Moderado | AD37: =IF(Q37="Probabilidad",(($M$36-0)),IF(Q37="Impacto",($M$36-($M$36*T37)))) -> 0.6
D38: Incumplimiento de los requisitos establecidos por la NTC ISO 14001:2015 | O38: 3 | P38: Contratar gestor SIGCMA que articule todo el tema normativo entre las partes, promueva, gestione y controle todos los requisitos en materia Ambiental y calidad. | Q38: =IF(R38="Preventivo","Probabilidad",IF(R38="Detectivo","Probabilidad", IF(R38="Correctivo","Impacto"))) -> Probabilidad | R38: Preventivo | S38: Manual | T38: =VLOOKUP(R38&S38,Hoja1!$Q$4:$R$9,2,0) -> 0.45 | U38: Documentado | V38: Continua | W38: Con Registro | X38: =IF(Q38="Probabilidad",($J$36*T38),IF(Q38="Impacto"," ")) -> 0.27 | Y38: =IF(Z38<=20%,'Tabla probabilidad'!$B$5,IF(Z38<=40%,'Tabla probabilidad'!$B$6,IF(Z38<=60%,'Tabla probabilidad'!$B$7,IF(Z38<=80%,'Tabla probabilidad'!$B$8,IF(Z38<=100%,'Tabla probabilidad'!$B$9))))) -> Baja | Z38: =IF(R38="Preventivo",(J36-(J36*T38)),IF(R38="Detectivo",(J36-(J36*T38)),IF(R38="Correctivo",(J36)))) -> 0.33 | AC38: =IF(AD38<=20%,"Leve",IF(AD38<=40%,"Menor",IF(AD38<=60%,"Moderado",IF(AD38<=80%,"Mayor",IF(AD38<=100%,"Catastrófico"))))) -> Moderado | AD38: =IF(Q38="Probabilidad",(($M$36-0)),IF(Q38="Impacto",($M$36-($M$36*T38)))) -> 0.6
D39: Incrementos en el impato ambiental negativo generado por la entidad. | O39: 4 | P39: Asignar roles y funciones en gestión Ambiental en todos los contratos. | Q39: =IF(R39="Preventivo","Probabilidad",IF(R39="Detectivo","Probabilidad", IF(R39="Correctivo","Impacto"))) -> Probabilidad | R39: Preventivo | S39: Manual | T39: =VLOOKUP(R39&S39,Hoja1!$Q$4:$R$9,2,0) -> 0.45 | U39: Documentado | V39: Continua | W39: Con Registro | X39: =IF(Q39="Probabilidad",($J$36*T39),IF(Q39="Impacto"," ")) -> 0.27 | Y39: =IF(Z39<=20%,'Tabla probabilidad'!$B$5,IF(Z39<=40%,'Tabla probabilidad'!$B$6,IF(Z39<=60%,'Tabla probabilidad'!$B$7,IF(Z39<=80%,'Tabla probabilidad'!$B$8,IF(Z39<=100%,'Tabla probabilidad'!$B$9))))) -> Baja | Z39: =IF(R39="Preventivo",(J36-(J36*T39)),IF(R39="Detectivo",(J36-(J36*T39)),IF(R39="Correctivo",(J36)))) -> 0.33 | AC39: =IF(AD39<=20%,"Leve",IF(AD39<=40%,"Menor",IF(AD39<=60%,"Moderado",IF(AD39<=80%,"Mayor",IF(AD39<=100%,"Catastrófico"))))) -> Moderado | AD39: =IF(Q39="Probabilidad",(($M$36-0)),IF(Q39="Impacto",($M$36-($M$36*T39)))) -> 0.6
D40: Mala calidad en el servicio | E40: No aplicación de politicas y procedimientos de caldiad | I40: =IF(H40<=2,'Tabla probabilidad'!$B$5,IF(H40<=24,'Tabla probabilidad'!$B$6,IF(H40<=500,'Tabla probabilidad'!$B$7,IF(H40<=5000,'Tabla probabilidad'!$B$8,IF(H40>5000,'Tabla probabilidad'!$B$9))))) -> Muy Baja | J40: =IF(H40<=2,'Tabla probabilidad'!$D$5,IF(H40<=24,'Tabla probabilidad'!$D$6,IF(H40<=500,'Tabla probabilidad'!$D$7,IF(H40<=5000,'Tabla probabilidad'!$D$8,IF(H40>5000,'Tabla probabilidad'!$D$9))))) -> 0.2 | K40: El riesgo afecta la imagen de alguna área de la organización | L40: =IF(K40="El riesgo afecta la imagen de alguna área de la organización","Leve",IF(K40="El riesgo afecta la imagen de la entidad internamente, de conocimiento general, nivel interno, alta dirección, contratista y/o de provedores","Menor",IF(K40="El riesgo afecta la imagen de la entidad con algunos usuarios de relevancia frente al logro de los objetivos","Moderado",IF(K40="El riesgo afecta la imagen de de la entidad con efecto publicitario sostenido a nivel del sector justicia","Mayor",IF(K40="El riesgo afecta la imagen de la entidad a nivel nacional, con efecto publicitarios sostenible a nivel país","Catastrófico",IF(K40="Impacto que afecte la ejecución presupuestal en un valor ≥0,5%.","Leve",IF(K40="Impacto que afecte la ejecución presupuestal en un valor ≥1%.","Menor",IF(K40="Impacto que afecte la ejecución presupuestal en un valor ≥5%.","Moderado",IF(K40="Impacto que afecte la ejecución presupuestal en un valor ≥20%.","Mayor",IF(K40="Impacto que afecte la ejecución presupuestal en un valor ≥50%.","Catastrófico",IF(K40="Incumplimiento máximo del 5% de la meta planeada","Leve",IF(K40="Incumplimiento máximo del 15% de la meta planeada","Menor",IF(K40="Incumplimiento máximo del 20% de la meta planeada","Moderado",IF(K40="Incumplimiento máximo del 50% de la meta planeada","Mayor",IF(K40="Incumplimiento máximo del 80% de la meta planeada","Catastrófico",IF(K40="Cualquier afectación a la violacion de los derechos de los ciudadanos se considera con consecuencias altas","Mayor",IF(K40="Cualquier afectación a la violacion de los derechos de los ciudadanos se considera con consecuencias desastrosas","Catastrófico",IF(K40="Afecta la Prestación del Servicio de Administración de Justicia en 5%","Leve",IF(K40="Afecta la Prestación del Servicio de Administración de Justicia en 10%","Menor",IF(K40="Afecta la Prestación del Servicio de Administración de Justicia en 15%","Moderado",IF(K40="Afecta la Prestación del Servicio de Administración de Justicia en 20%","Mayor",IF(K40="Afecta la Prestación del Servicio de Administración de Justicia en más del 50%","Catastrófico",IF(K40="Cualquier acto indebido de los servidores judiciales genera altas consecuencias para la entidad","Mayor",IF(K40="Cualquier acto indebido de los servidores judiciales genera consecuencias desastrosas para la entidad","Catastrófico",IF(K40="Si el hecho llegara a presentarse, tendría consecuencias o efectos mínimos sobre la entidad","Leve",IF(K40="Si el hecho llegara a presentarse, tendría bajo impacto o efecto sobre la entidad","Menor",IF(K40="Si el hecho llegara a presentarse, tendría medianas consecuencias o efectos sobre la entidad","Moderado",IF(K40="Si el hecho llegara a presentarse, tendría altas consecuencias o efectos sobre la entidad","Mayor",IF(K40="Si el hecho llegara a presentarse, tendría desastrosas consecuencias o efectos sobre la entidad","Catastrófico"))))))))))))))))))))))))))))) -> Leve | M40: =IF(K40="El riesgo afecta la imagen de alguna área de la organización","20%",IF(K40="El riesgo afecta la imagen de la entidad internamente, de conocimiento general, nivel interno, alta dirección, contratista y/o de provedores","40%",IF(K40="El riesgo afecta la imagen de la entidad con algunos usuarios de relevancia frente al logro de los objetivos","60%",IF(K40="El riesgo afecta la imagen de de la entidad con efecto publicitario sostenido a nivel del sector justicia","80%",IF(K40="El riesgo afecta la imagen de la entidad a nivel nacional, con efecto publicitarios sostenible a nivel país","100%",IF(K40="Impacto que afecte la ejecución presupuestal en un valor ≥0,5%.","20%",IF(K40="Impacto que afecte la ejecución presupuestal en un valor ≥1%.","40%",IF(K40="Impacto que afecte la ejecución presupuestal en un valor ≥5%.","60%",IF(K40="Impacto que afecte la ejecución presupuestal en un valor ≥20%.","80%",IF(K40="Impacto que afecte la ejecución presupuestal en un valor ≥50%.","100%",IF(K40="Incumplimiento máximo del 5% de la meta planeada","20%",IF(K40="Incumplimiento máximo del 15% de la meta planeada","40%",IF(K40="Incumplimiento máximo del 20% de la meta planeada","60%",IF(K40="Incumplimiento máximo del 50% de la meta planeada","80%",IF(K40="Incumplimiento máximo del 80% de la meta planeada","100%",IF(K40="Cualquier afectación a la violacion de los derechos de los ciudadanos se considera con consecuencias altas","80%",IF(K40="Cualquier afectación a la violacion de los derechos de los ciudadanos se considera con consecuencias desastrosas","100%",IF(K40="Afecta la Prestación del Servicio de Administración de Justicia en 5%","20%",IF(K40="Afecta la Prestación del Servicio de Administración de Justicia en 10%","40%",IF(K40="Afecta la Prestación del Servicio de Administración de Justicia en 15%","60%",IF(K40="Afecta la Prestación del Servicio de Administración de Justicia en 20%","80%",IF(K40="Afecta la Prestación del Servicio de Administración de Justicia en más del 50%","100%",IF(K40="Cualquier acto indebido de los servidores judiciales genera altas consecuencias para la entidad","80%",IF(K40="Cualquier acto indebido de los servidores judiciales genera consecuencias desastrosas para la entidad","100%",IF(K40="Si el hecho llegara a presentarse, tendría consecuencias o efectos mínimos sobre la entidad","20%",IF(K40="Si el hecho llegara a presentarse, tendría bajo impacto o efecto sobre la entidad","40%",IF(K40="Si el hecho llegara a presentarse, tendría medianas consecuencias o efectos sobre la entidad","60%",IF(K40="Si el hecho llegara a presentarse, tendría altas consecuencias o efectos sobre la entidad","80%",IF(K40="Si el hecho llegara a presentarse, tendría desastrosas consecuencias o efectos sobre la entidad","100%"))))))))))))))))))))))))))))) -> 20% | N40: =VLOOKUP((I40&L40),Hoja1!$B$4:$C$28,2,0) -> Bajo | O40: 5 | P40: Exigencia de requisitos y clausulas en Gestión de la Calidad | Q40: =IF(R40="Preventivo","Probabilidad",IF(R40="Detectivo","Probabilidad", IF(R40="Correctivo","Impacto"))) -> Probabilidad | R40: Preventivo | S40: Manual | T40: =VLOOKUP(R40&S40,Hoja1!$Q$4:$R$9,2,0) -> 0.45 | U40: Documentado | V40: Continua | W40: Con Registro | X40: =IF(Q40="Probabilidad",($J$40*T40),IF(Q40="Impacto"," ")) -> 0.09 | Y40: =IF(Z40<=20%,'Tabla probabilidad'!$B$5,IF(Z40<=40%,'Tabla probabilidad'!$B$6,IF(Z40<=60%,'Tabla probabilidad'!$B$7,IF(Z40<=80%,'Tabla probabilidad'!$B$8,IF(Z40<=100%,'Tabla probabilidad'!$B$9))))) -> Muy Baja | Z40: =IF(R40="Preventivo",(J40-(J40*T40)),IF(R40="Detectivo",(J40-(J40*T40)),IF(R40="Correctivo",(J40)))) -> 0.11 | AA40: =IF(AB40<=20%,'Tabla probabilidad'!$B$5,IF(AB40<=40%,'Tabla probabilidad'!$B$6,IF(AB40<=60%,'Tabla probabilidad'!$B$7,IF(AB40<=80%,'Tabla probabilidad'!$B$8,IF(AB40<=100%,'Tabla probabilidad'!$B$9))))) -> Muy Baja | AB40: =AVERAGE(Z40:Z43) -> 0.11 | AC40: =IF(AD40<=20%,"Leve",IF(AD40<=40%,"Menor",IF(AD40<=60%,"Moderado",IF(AD40<=80%,"Mayor",IF(AD40<=100%,"Catastrófico"))))) -> Leve | AD40: =IF(Q40="Probabilidad",(($M$40-0)),IF(Q40="Impacto",($M$40-($M$40*T40)))) -> 0.2 | AE40: =IF(AF40<=20%,"Leve",IF(AF40<=40%,"Menor",IF(AF40<=60%,"Moderado",IF(AF40<=80%,"Mayor",IF(AF40<=100%,"Catastrófico"))))) -> Leve | AF40: =AVERAGE(AD40:AD43) -> 0.2 | AG40: =VLOOKUP(AA40&AE40,Hoja1!$B$4:$C$28,2,0) -> Bajo | AH40: Aceptar
D41: incumplimiento a la normatividad legal vigente | O41: 6 | P41: Capacitación y formación del personal del contratista con relación al SIGCMA Seccional, requisitos generales y reglamentación legal vigente | Q41: =IF(R41="Preventivo","Probabilidad",IF(R41="Detectivo","Probabilidad", IF(R41="Correctivo","Impacto"))) -> Probabilidad | R41: Preventivo | S41: Manual | T41: =VLOOKUP(R41&S41,Hoja1!$Q$4:$R$9,2,0) -> 0.45 | U41: Documentado | V41: Continua | W41: Con Registro | X41: =IF(Q41="Probabilidad",($J$40*T41),IF(Q41="Impacto"," ")) -> 0.09 | Y41: =IF(Z41<=20%,'Tabla probabilidad'!$B$5,IF(Z41<=40%,'Tabla probabilidad'!$B$6,IF(Z41<=60%,'Tabla probabilidad'!$B$7,IF(Z41<=80%,'Tabla probabilidad'!$B$8,IF(Z41<=100%,'Tabla probabilidad'!$B$9))))) -> Muy Baja | Z41: =IF(R41="Preventivo",(J40-(J40*T41)),IF(R41="Detectivo",(J40-(J40*T41)),IF(R41="Correctivo",(J40)))) -> 0.11 | AC41: =IF(AD41<=20%,"Leve",IF(AD41<=40%,"Menor",IF(AD41<=60%,"Moderado",IF(AD41<=80%,"Mayor",IF(AD41<=100%,"Catastrófico"))))) -> Leve | AD41: =IF(Q41="Probabilidad",(($M$40-0)),IF(Q41="Impacto",($M$40-($M$40*T41)))) -> 0.2
D42: Desgaste y mala imagen institucional | O42: 7 | P42: Inclusión de actividades y funciones que aseguren la calidad en el servicio en los perfiles y manuales de funciones del personal que presta servicios para la entidad | Q42: =IF(R42="Preventivo","Probabilidad",IF(R42="Detectivo","Probabilidad", IF(R42="Correctivo","Impacto"))) -> Probabilidad | R42: Preventivo | S42: Manual | T42: =VLOOKUP(R42&S42,Hoja1!$Q$4:$R$9,2,0) -> 0.45 | U42: Documentado | V42: Continua | W42: Con Registro | X42: =IF(Q42="Probabilidad",($J$40*T42),IF(Q42="Impacto"," ")) -> 0.09 | Y42: =IF(Z42<=20%,'Tabla probabilidad'!$B$5,IF(Z42<=40%,'Tabla probabilidad'!$B$6,IF(Z42<=60%,'Tabla probabilidad'!$B$7,IF(Z42<=80%,'Tabla probabilidad'!$B$8,IF(Z42<=100%,'Tabla probabilidad'!$B$9))))) -> Muy Baja | Z42: =IF(R42="Preventivo",(J40-(J40*T42)),IF(R42="Detectivo",(J40-(J40*T42)),IF(R42="Correctivo",(J40)))) -> 0.11 | AC42: =IF(AD42<=20%,"Leve",IF(AD42<=40%,"Menor",IF(AD42<=60%,"Moderado",IF(AD42<=80%,"Mayor",IF(AD42<=100%,"Catastrófico"))))) -> Leve | AD42: =IF(Q42="Probabilidad",(($M$40-0)),IF(Q42="Impacto",($M$40-($M$40*T42)))) -> 0.2
D43: Insatisfacción de usuarios internos y/o externos | O43: 8 | P43: Asignar un Profesional SIGCMA que asegure y articule toda la normatividad en materia de Calidad interna y externamente entre las partes, que además promueva, gestione, controle y apoye el SIGCMA Seccional | Q43: =IF(R43="Preventivo","Probabilidad",IF(R43="Detectivo","Probabilidad", IF(R43="Correctivo","Impacto"))) -> Probabilidad | R43: Preventivo | S43: Manual | T43: =VLOOKUP(R43&S43,Hoja1!$Q$4:$R$9,2,0) -> 0.45 | U43: Documentado | V43: Continua | W43: Con Registro | X43: =IF(Q43="Probabilidad",($J$40*T43),IF(Q43="Impacto"," ")) -> 0.09 | Y43: =IF(Z43<=20%,'Tabla probabilidad'!$B$5,IF(Z43<=40%,'Tabla probabilidad'!$B$6,IF(Z43<=60%,'Tabla probabilidad'!$B$7,IF(Z43<=80%,'Tabla probabilidad'!$B$8,IF(Z43<=100%,'Tabla probabilidad'!$B$9))))) -> Muy Baja | Z43: =IF(R43="Preventivo",(J40-(J40*T43)),IF(R43="Detectivo",(J40-(J40*T43)),IF(R43="Correctivo",(J40)))) -> 0.11 | AC43: =IF(AD43<=20%,"Leve",IF(AD43<=40%,"Menor",IF(AD43<=60%,"Moderado",IF(AD43<=80%,"Mayor",IF(AD43<=100%,"Catastrófico"))))) -> Leve | AD43: =IF(Q43="Probabilidad",(($M$40-0)),IF(Q43="Impacto",($M$40-($M$40*T43)))) -> 0.2
C44: Afectación en la Prestación del Servicio de Justicia | D44: Inexperiencia en el proceso de contratación por parte del contratista. | E44: Inadecuada revision de los requisitos del proceso por parte del contratista | F44: Falta de realización oportuna de las obligaciones por parte del contratista. | G44: Ejecución y Administración de Procesos | H44: 80 | I44: =IF(H44<=2,'Tabla probabilidad'!$B$5,IF(H44<=24,'Tabla probabilidad'!$B$6,IF(H44<=500,'Tabla probabilidad'!$B$7,IF(H44<=5000,'Tabla probabilidad'!$B$8,IF(H44>5000,'Tabla probabilidad'!$B$9))))) -> Media | J44: =IF(H44<=2,'Tabla probabilidad'!$D$5,IF(H44<=24,'Tabla probabilidad'!$D$6,IF(H44<=500,'Tabla probabilidad'!$D$7,IF(H44<=5000,'Tabla probabilidad'!$D$8,IF(H44>5000,'Tabla probabilidad'!$D$9))))) -> 0.6 | K44: Afecta la Prestación del Servicio de Administración de Justicia en 10% | L44: =IF(K44="El riesgo afecta la imagen de alguna área de la organización","Leve",IF(K44="El riesgo afecta la imagen de la entidad internamente, de conocimiento general, nivel interno, alta dirección, contratista y/o de provedores","Menor",IF(K44="El riesgo afecta la imagen de la entidad con algunos usuarios de relevancia frente al logro de los objetivos","Moderado",IF(K44="El riesgo afecta la imagen de de la entidad con efecto publicitario sostenido a nivel del sector justicia","Mayor",IF(K44="El riesgo afecta la imagen de la entidad a nivel nacional, con efecto publicitarios sostenible a nivel país","Catastrófico",IF(K44="Impacto que afecte la ejecución presupuestal en un valor ≥0,5%.","Leve",IF(K44="Impacto que afecte la ejecución presupuestal en un valor ≥1%.","Menor",IF(K44="Impacto que afecte la ejecución presupuestal en un valor ≥5%.","Moderado",IF(K44="Impacto que afecte la ejecución presupuestal en un valor ≥20%.","Mayor",IF(K44="Impacto que afecte la ejecución presupuestal en un valor ≥50%.","Catastrófico",IF(K44="Incumplimiento máximo del 5% de la meta planeada","Leve",IF(K44="Incumplimiento máximo del 15% de la meta planeada","Menor",IF(K44="Incumplimiento máximo del 20% de la meta planeada","Moderado",IF(K44="Incumplimiento máximo del 50% de la meta planeada","Mayor",IF(K44="Incumplimiento máximo del 80% de la meta planeada","Catastrófico",IF(K44="Cualquier afectación a la violacion de los derechos de los ciudadanos se considera con consecuencias altas","Mayor",IF(K44="Cualquier afectación a la violacion de los derechos de los ciudadanos se considera con consecuencias desastrosas","Catastrófico",IF(K44="Afecta la Prestación del Servicio de Administración de Justicia en 5%","Leve",IF(K44="Afecta la Prestación del Servicio de Administración de Justicia en 10%","Menor",IF(K44="Afecta la Prestación del Servicio de Administración de Justicia en 15%","Moderado",IF(K44="Afecta la Prestación del Servicio de Administración de Justicia en 20%","Mayor",IF(K44="Afecta la Prestación del Servicio de Administración de Justicia en más del 50%","Catastrófico",IF(K44="Cualquier acto indebido de los servidores judiciales genera altas consecuencias para la entidad","Mayor",IF(K44="Cualquier acto indebido de los servidores judiciales genera consecuencias desastrosas para la entidad","Catastrófico",IF(K44="Si el hecho llegara a presentarse, tendría consecuencias o efectos mínimos sobre la entidad","Leve",IF(K44="Si el hecho llegara a presentarse, tendría bajo impacto o efecto sobre la entidad","Menor",IF(K44="Si el hecho llegara a presentarse, tendría medianas consecuencias o efectos sobre la entidad","Moderado",IF(K44="Si el hecho llegara a presentarse, tendría altas consecuencias o efectos sobre la entidad","Mayor",IF(K44="Si el hecho llegara a presentarse, tendría desastrosas consecuencias o efectos sobre la entidad","Catastrófico"))))))))))))))))))))))))))))) -> Menor | M44: =IF(K44="El riesgo afecta la imagen de alguna área de la organización","20%",IF(K44="El riesgo afecta la imagen de la entidad internamente, de conocimiento general, nivel interno, alta dirección, contratista y/o de provedores","40%",IF(K44="El riesgo afecta la imagen de la entidad con algunos usuarios de relevancia frente al logro de los objetivos","60%",IF(K44="El riesgo afecta la imagen de de la entidad con efecto publicitario sostenido a nivel del sector justicia","80%",IF(K44="El riesgo afecta la imagen de la entidad a nivel nacional, con efecto publicitarios sostenible a nivel país","100%",IF(K44="Impacto que afecte la ejecución presupuestal en un valor ≥0,5%.","20%",IF(K44="Impacto que afecte la ejecución presupuestal en un valor ≥1%.","40%",IF(K44="Impacto que afecte la ejecución presupuestal en un valor ≥5%.","60%",IF(K44="Impacto que afecte la ejecución presupuestal en un valor ≥20%.","80%",IF(K44="Impacto que afecte la ejecución presupuestal en un valor ≥50%.","100%",IF(K44="Incumplimiento máximo del 5% de la meta planeada","20%",IF(K44="Incumplimiento máximo del 15% de la meta planeada","40%",IF(K44="Incumplimiento máximo del 20% de la meta planeada","60%",IF(K44="Incumplimiento máximo del 50% de la meta planeada","80%",IF(K44="Incumplimiento máximo del 80% de la meta planeada","100%",IF(K44="Cualquier afectación a la violacion de los derechos de los ciudadanos se considera con consecuencias altas","80%",IF(K44="Cualquier afectación a la violacion de los derechos de los ciudadanos se considera con consecuencias desastrosas","100%",IF(K44="Afecta la Prestación del Servicio de Administración de Justicia en 5%","20%",IF(K44="Afecta la Prestación del Servicio de Administración de Justicia en 10%","40%",IF(K44="Afecta la Prestación del Servicio de Administración de Justicia en 15%","60%",IF(K44="Afecta la Prestación del Servicio de Administración de Justicia en 20%","80%",IF(K44="Afecta la Prestación del Servicio de Administración de Justicia en más del 50%","100%",IF(K44="Cualquier acto indebido de los servidores judiciales genera altas consecuencias para la entidad","80%",IF(K44="Cualquier acto indebido de los servidores judiciales genera consecuencias desastrosas para la entidad","100%",IF(K44="Si el hecho llegara a presentarse, tendría consecuencias o efectos mínimos sobre la entidad","20%",IF(K44="Si el hecho llegara a presentarse, tendría bajo impacto o efecto sobre la entidad","40%",IF(K44="Si el hecho llegara a presentarse, tendría medianas consecuencias o efectos sobre la entidad","60%",IF(K44="Si el hecho llegara a presentarse, tendría altas consecuencias o efectos sobre la entidad","80%",IF(K44="Si el hecho llegara a presentarse, tendría desastrosas consecuencias o efectos sobre la entidad","100%"))))))))))))))))))))))))))))) -> 40% | N44: =VLOOKUP((I44&L44),Hoja1!$B$4:$C$28,2,0) -> Moderado | O44: 1 | P44: Procedimiento de supervisión del SIGCMA | Q44: =IF(R44="Preventivo","Probabilidad",IF(R44="Detectivo","Probabilidad", IF(R44="Correctivo","Impacto"))) -> Probabilidad | R44: Preventivo | S44: Manual | T44: =VLOOKUP(R44&S44,Hoja1!$Q$4:$R$9,2,0) -> 0.45 | U44: Documentado | V44: Continua | W44: Con Registro | X44: =IF(Q44="Probabilidad",($J$44*T44),IF(Q44="Impacto"," ")) -> 0.27 | Y44: =IF(Z44<=20%,'Tabla probabilidad'!$B$5,IF(Z44<=40%,'Tabla probabilidad'!$B$6,IF(Z44<=60%,'Tabla probabilidad'!$B$7,IF(Z44<=80%,'Tabla probabilidad'!$B$8,IF(Z44<=100%,'Tabla probabilidad'!$B$9))))) -> Baja | Z44: =IF(R44="Preventivo",(J44-(J44*T44)),IF(R44="Detectivo",(J44-(J44*T44)),IF(R44="Correctivo",(J44)))) -> 0.33 | AA44: =IF(AB44<=20%,'Tabla probabilidad'!$B$5,IF(AB44<=40%,'Tabla probabilidad'!$B$6,IF(AB44<=60%,'Tabla probabilidad'!$B$7,IF(AB44<=80%,'Tabla probabilidad'!$B$8,IF(AB44<=100%,'Tabla probabilidad'!$B$9))))) -> Baja | AB44: =AVERAGE(Z44:Z47) -> 0.33 | AC44: =IF(AD44<=20%,"Leve",IF(AD44<=40%,"Menor",IF(AD44<=60%,"Moderado",IF(AD44<=80%,"Mayor",IF(AD44<=100%,"Catastrófico"))))) -> Menor | AD44: =IF(Q44="Probabilidad",(($M$44-0)),IF(Q44="Impacto",($M$44-($M$44*T44)))) -> 0.4 | AE44: =IF(AF44<=20%,"Leve",IF(AF44<=40%,"Menor",IF(AF44<=60%,"Moderado",IF(AF44<=80%,"Mayor",IF(AF44<=100%,"Catastrófico"))))) -> Menor | AF44: =AVERAGE(AD44:AD47) -> 0.34 | AG44: =VLOOKUP(AA44&AE44,Hoja1!$B$4:$C$28,2,0) -> Moderado | AH44: Aceptar
P45: Exigencia de Garantias | Q45: =IF(R45="Preventivo","Probabilidad",IF(R45="Detectivo","Probabilidad", IF(R45="Correctivo","Impacto"))) -> Impacto | R45: Correctivo | S45: Manual | T45: =VLOOKUP(R45&S45,Hoja1!$Q$4:$R$9,2,0) -> 0.3 | U45: Documentado | V45: Continua | W45: Con Registro
D46: Factores externos a la Rama Judicial y a los contratistas, tales como ambientales y de salud publica. | O46: 2 | P46: Aplicar la normatividad vigente que permita la correcta ejecucion del contrato | Q46: =IF(R46="Preventivo","Probabilidad",IF(R46="Detectivo","Probabilidad", IF(R46="Correctivo","Impacto"))) -> Probabilidad | R46: Preventivo | S46: Manual | T46: =VLOOKUP(R46&S46,Hoja1!$Q$4:$R$9,2,0) -> 0.45 | U46: Documentado | V46: Continua | W46: Con Registro | X46: =IF(Q46="Probabilidad",($J$44*T46),IF(Q46="Impacto"," ")) -> 0.27 | Y46: =IF(Z46<=20%,'Tabla probabilidad'!$B$5,IF(Z46<=40%,'Tabla probabilidad'!$B$6,IF(Z46<=60%,'Tabla probabilidad'!$B$7,IF(Z46<=80%,'Tabla probabilidad'!$B$8,IF(Z46<=100%,'Tabla probabilidad'!$B$9))))) -> Baja | Z46: =IF(R46="Preventivo",(J44-(J44*T46)),IF(R46="Detectivo",(J44-(J44*T46)),IF(R46="Correctivo",(J44)))) -> 0.33 | AC46: =IF(AD46<=20%,"Leve",IF(AD46<=40%,"Menor",IF(AD46<=60%,"Moderado",IF(AD46<=80%,"Mayor",IF(AD46<=100%,"Catastrófico"))))) -> Menor | AD46: =IF(Q46="Probabilidad",(($M$44-0)),IF(Q46="Impacto",($M$44-($M$44*T46)))) -> 0.4
D47: Capacidad de ejecucion del contrato (tecnico, financiero, administrativo, juridico) | O47: 3 | P47: Procedimiento de supervisión del SIGCMA Exigencia de Garantias Seleccionar un supervisor idoneo de acuerdo al objeto del contrato | Q47: Impacto | R47: Preventivo | S47: Manual | T47: =VLOOKUP(R47&S47,Hoja1!$Q$4:$R$9,2,0) -> 0.45 | U47: Documentado | V47: Continua | W47: Con Registro | X47: =IF(Q47="Probabilidad",($J$44*T47),IF(Q47="Impacto"," ")) | Y47: =IF(Z47<=20%,'Tabla probabilidad'!$B$5,IF(Z47<=40%,'Tabla probabilidad'!$B$6,IF(Z47<=60%,'Tabla probabilidad'!$B$7,IF(Z47<=80%,'Tabla probabilidad'!$B$8,IF(Z47<=100%,'Tabla probabilidad'!$B$9))))) -> Baja | Z47: =IF(R47="Preventivo",(J44-(J44*T47)),IF(R47="Detectivo",(J44-(J44*T47)),IF(R47="Correctivo",(J44)))) -> 0.33 | AC47: =IF(AD47<=20%,"Leve",IF(AD47<=40%,"Menor",IF(AD47<=60%,"Moderado",IF(AD47<=80%,"Mayor",IF(AD47<=100%,"Catastrófico"))))) -> Menor | AD47: =IF(Q47="Probabilidad",(($M$44-0)),IF(Q47="Impacto",($M$44-($M$44*T47)))) -> 0.22
D48: Afectación en cumplimiento del contrato. | E48: Gestion precontractual deficiente | F48: Inadecuada prestación del servicio, deficiencia en la calidad de los bienes objeto del contrato. | G48: Usuarios, productos y prácticas organizacionales | H48: 80 | I48: =IF(H48<=2,'Tabla probabilidad'!$B$5,IF(H48<=24,'Tabla probabilidad'!$B$6,IF(H48<=500,'Tabla probabilidad'!$B$7,IF(H48<=5000,'Tabla probabilidad'!$B$8,IF(H48>5000,'Tabla probabilidad'!$B$9))))) -> Media | J48: =IF(H48<=2,'Tabla probabilidad'!$D$5,IF(H48<=24,'Tabla probabilidad'!$D$6,IF(H48<=500,'Tabla probabilidad'!$D$7,IF(H48<=5000,'Tabla probabilidad'!$D$8,IF(H48>5000,'Tabla probabilidad'!$D$9))))) -> 0.6 | K48: El riesgo afecta la imagen de alguna área de la organización | L48: =IF(K48="El riesgo afecta la imagen de alguna área de la organización","Leve",IF(K48="El riesgo afecta la imagen de la entidad internamente, de conocimiento general, nivel interno, alta dirección, contratista y/o de provedores","Menor",IF(K48="El riesgo afecta la imagen de la entidad con algunos usuarios de relevancia frente al logro de los objetivos","Moderado",IF(K48="El riesgo afecta la imagen de de la entidad con efecto publicitario sostenido a nivel del sector justicia","Mayor",IF(K48="El riesgo afecta la imagen de la entidad a nivel nacional, con efecto publicitarios sostenible a nivel país","Catastrófico",IF(K48="Impacto que afecte la ejecución presupuestal en un valor ≥0,5%.","Leve",IF(K48="Impacto que afecte la ejecución presupuestal en un valor ≥1%.","Menor",IF(K48="Impacto que afecte la ejecución presupuestal en un valor ≥5%.","Moderado",IF(K48="Impacto que afecte la ejecución presupuestal en un valor ≥20%.","Mayor",IF(K48="Impacto que afecte la ejecución presupuestal en un valor ≥50%.","Catastrófico",IF(K48="Incumplimiento máximo del 5% de la meta planeada","Leve",IF(K48="Incumplimiento máximo del 15% de la meta planeada","Menor",IF(K48="Incumplimiento máximo del 20% de la meta planeada","Moderado",IF(K48="Incumplimiento máximo del 50% de la meta planeada","Mayor",IF(K48="Incumplimiento máximo del 80% de la meta planeada","Catastrófico",IF(K48="Cualquier afectación a la violacion de los derechos de los ciudadanos se considera con consecuencias altas","Mayor",IF(K48="Cualquier afectación a la violacion de los derechos de los ciudadanos se considera con consecuencias desastrosas","Catastrófico",IF(K48="Afecta la Prestación del Servicio de Administración de Justicia en 5%","Leve",IF(K48="Afecta la Prestación del Servicio de Administración de Justicia en 10%","Menor",IF(K48="Afecta la Prestación del Servicio de Administración de Justicia en 15%","Moderado",IF(K48="Afecta la Prestación del Servicio de Administración de Justicia en 20%","Mayor",IF(K48="Afecta la Prestación del Servicio de Administración de Justicia en más del 50%","Catastrófico",IF(K48="Cualquier acto indebido de los servidores judiciales genera altas consecuencias para la entidad","Mayor",IF(K48="Cualquier acto indebido de los servidores judiciales genera consecuencias desastrosas para la entidad","Catastrófico",IF(K48="Si el hecho llegara a presentarse, tendría consecuencias o efectos mínimos sobre la entidad","Leve",IF(K48="Si el hecho llegara a presentarse, tendría bajo impacto o efecto sobre la entidad","Menor",IF(K48="Si el hecho llegara a presentarse, tendría medianas consecuencias o efectos sobre la entidad","Moderado",IF(K48="Si el hecho llegara a presentarse, tendría altas consecuencias o efectos sobre la entidad","Mayor",IF(K48="Si el hecho llegara a presentarse, tendría desastrosas consecuencias o efectos sobre la entidad","Catastrófico"))))))))))))))))))))))))))))) -> Leve | M48: =IF(K48="El riesgo afecta la imagen de alguna área de la organización","20%",IF(K48="El riesgo afecta la imagen de la entidad internamente, de conocimiento general, nivel interno, alta dirección, contratista y/o de provedores","40%",IF(K48="El riesgo afecta la imagen de la entidad con algunos usuarios de relevancia frente al logro de los objetivos","60%",IF(K48="El riesgo afecta la imagen de de la entidad con efecto publicitario sostenido a nivel del sector justicia","80%",IF(K48="El riesgo afecta la imagen de la entidad a nivel nacional, con efecto publicitarios sostenible a nivel país","100%",IF(K48="Impacto que afecte la ejecución presupuestal en un valor ≥0,5%.","20%",IF(K48="Impacto que afecte la ejecución presupuestal en un valor ≥1%.","40%",IF(K48="Impacto que afecte la ejecución presupuestal en un valor ≥5%.","60%",IF(K48="Impacto que afecte la ejecución presupuestal en un valor ≥20%.","80%",IF(K48="Impacto que afecte la ejecución presupuestal en un valor ≥50%.","100%",IF(K48="Incumplimiento máximo del 5% de la meta planeada","20%",IF(K48="Incumplimiento máximo del 15% de la meta planeada","40%",IF(K48="Incumplimiento máximo del 20% de la meta planeada","60%",IF(K48="Incumplimiento máximo del 50% de la meta planeada","80%",IF(K48="Incumplimiento máximo del 80% de la meta planeada","100%",IF(K48="Cualquier afectación a la violacion de los derechos de los ciudadanos se considera con consecuencias altas","80%",IF(K48="Cualquier afectación a la violacion de los derechos de los ciudadanos se considera con consecuencias desastrosas","100%",IF(K48="Afecta la Prestación del Servicio de Administración de Justicia en 5%","20%",IF(K48="Afecta la Prestación del Servicio de Administración de Justicia en 10%","40%",IF(K48="Afecta la Prestación del Servicio de Administración de Justicia en 15%","60%",IF(K48="Afecta la Prestación del Servicio de Administración de Justicia en 20%","80%",IF(K48="Afecta la Prestación del Servicio de Administración de Justicia en más del 50%","100%",IF(K48="Cualquier acto indebido de los servidores judiciales genera altas consecuencias para la entidad","80%",IF(K48="Cualquier acto indebido de los servidores judiciales genera consecuencias desastrosas para la entidad","100%",IF(K48="Si el hecho llegara a presentarse, tendría consecuencias o efectos mínimos sobre la entidad","20%",IF(K48="Si el hecho llegara a presentarse, tendría bajo impacto o efecto sobre la entidad","40%",IF(K48="Si el hecho llegara a presentarse, tendría medianas consecuencias o efectos sobre la entidad","60%",IF(K48="Si el hecho llegara a presentarse, tendría altas consecuencias o efectos sobre la entidad","80%",IF(K48="Si el hecho llegara a presentarse, tendría desastrosas consecuencias o efectos sobre la entidad","100%"))))))))))))))))))))))))))))) -> 20% | N48: =VLOOKUP((I48&L48),Hoja1!$B$4:$C$28,2,0) -> Moderado | O48: 1 | P48: Solicitar garantía de Calidad y correcto funcionamiento de los bienes y equipos suministrados. Equivalente al diez por ciento (10%) del valor total del contrato, con una vigencia igual al término de duración del mismo y cuatro (4) meses más. | Q48: =IF(R48="Preventivo","Probabilidad",IF(R48="Detectivo","Probabilidad", IF(R48="Correctivo","Impacto"))) -> Probabilidad | R48: Preventivo | S48: Manual | T48: =VLOOKUP(R48&S48,Hoja1!$Q$4:$R$9,2,0) -> 0.45 | U48: Documentado | V48: Continua | W48: Con Registro | X48: =IF(Q48="Probabilidad",($J$40*T48),IF(Q48="Impacto"," ")) -> 0.09 | Y48: =IF(Z48<=20%,'Tabla probabilidad'!$B$5,IF(Z48<=40%,'Tabla probabilidad'!$B$6,IF(Z48<=60%,'Tabla probabilidad'!$B$7,IF(Z48<=80%,'Tabla probabilidad'!$B$8,IF(Z48<=100%,'Tabla probabilidad'!$B$9))))) -> Baja | Z48: =IF(R48="Preventivo",(J48-(J48*T48)),IF(R48="Detectivo",(J48-(J48*T48)),IF(R48="Correctivo",(J48)))) -> 0.33 | AA48: =IF(AB48<=20%,'Tabla probabilidad'!$B$5,IF(AB48<=40%,'Tabla probabilidad'!$B$6,IF(AB48<=60%,'Tabla probabilidad'!$B$7,IF(AB48<=80%,'Tabla probabilidad'!$B$8,IF(AB48<=100%,'Tabla probabilidad'!$B$9))))) -> Baja | AB48: =AVERAGE(Z48:Z49) -> 0.33 | AC48: =IF(AD48<=20%,"Leve",IF(AD48<=40%,"Menor",IF(AD48<=60%,"Moderado",IF(AD48<=80%,"Mayor",IF(AD48<=100%,"Catastrófico"))))) -> Leve | AD48: =IF(Q48="Probabilidad",(($M$40-0)),IF(Q48="Impacto",($M$40-($M$40*T48)))) -> 0.2 | AE48: =IF(AF48<=20%,"Leve",IF(AF48<=40%,"Menor",IF(AF48<=60%,"Moderado",IF(AF48<=80%,"Mayor",IF(AF48<=100%,"Catastrófico"))))) -> Leve | AF48: =AVERAGE(AD48:AD49) -> 0.2 | AG48: =VLOOKUP(AA48&AE48,Hoja1!$B$4:$C$28,2,0) -> Bajo | AH48: Aceptar
D49: Exigibilidad de garantias | O49: 2 | P49: Consolidación del Plan de Tratamiento del Riesgo | Q49: =IF(R49="Preventivo","Probabilidad",IF(R49="Detectivo","Probabilidad", IF(R49="Correctivo","Impacto"))) -> Probabilidad | R49: Preventivo | S49: Manual | T49: =VLOOKUP(R49&S49,Hoja1!$Q$4:$R$9,2,0) -> 0.45 | U49: Documentado | V49: Continua | W49: Con Registro | X49: =IF(Q49="Probabilidad",($J$40*T49),IF(Q49="Impacto"," ")) -> 0.09 | Y49: =IF(Z49<=20%,'Tabla probabilidad'!$B$5,IF(Z49<=40%,'Tabla probabilidad'!$B$6,IF(Z49<=60%,'Tabla probabilidad'!$B$7,IF(Z49<=80%,'Tabla probabilidad'!$B$8,IF(Z49<=100%,'Tabla probabilidad'!$B$9))))) -> Baja | Z49: =IF(R49="Preventivo",(J48-(J48*T49)),IF(R49="Detectivo",(J48-(J48*T49)),IF(R49="Correctivo",(J48)))) -> 0.33 | AC49: =IF(AD49<=20%,"Leve",IF(AD49<=40%,"Menor",IF(AD49<=60%,"Moderado",IF(AD49<=80%,"Mayor",IF(AD49<=100%,"Catastrófico"))))) -> Leve | AD49: =IF(Q49="Probabilidad",(($M$40-0)),IF(Q49="Impacto",($M$40-($M$40*T49)))) -> 0.2
D50: Demora en el inicio de la ejecución del contrato. | E50: Estreches frente a las necesidades presentadas en el Acuerdo Marco de Precios, frente a las condiciones especificas de cada región. | F50: Comprar a través de los Acuerdo Marco de Precios. Servicio de Aseo y cafeteria. | G50: Usuarios, productos y prácticas organizacionales | H50: 2 | I50: =IF(H50<=2,'Tabla probabilidad'!$B$5,IF(H50<=24,'Tabla probabilidad'!$B$6,IF(H50<=500,'Tabla probabilidad'!$B$7,IF(H50<=5000,'Tabla probabilidad'!$B$8,IF(H50>5000,'Tabla probabilidad'!$B$9))))) -> Muy Baja | J50: =IF(H50<=2,'Tabla probabilidad'!$D$5,IF(H50<=24,'Tabla probabilidad'!$D$6,IF(H50<=500,'Tabla probabilidad'!$D$7,IF(H50<=5000,'Tabla probabilidad'!$D$8,IF(H50>5000,'Tabla probabilidad'!$D$9))))) -> 0.2 | K50: El riesgo afecta la imagen de de la entidad con efecto publicitario sostenido a nivel del sector justicia | L50: =IF(K50="El riesgo afecta la imagen de alguna área de la organización","Leve",IF(K50="El riesgo afecta la imagen de la entidad internamente, de conocimiento general, nivel interno, alta dirección, contratista y/o de provedores","Menor",IF(K50="El riesgo afecta la imagen de la entidad con algunos usuarios de relevancia frente al logro de los objetivos","Moderado",IF(K50="El riesgo afecta la imagen de de la entidad con efecto publicitario sostenido a nivel del sector justicia","Mayor",IF(K50="El riesgo afecta la imagen de la entidad a nivel nacional, con efecto publicitarios sostenible a nivel país","Catastrófico",IF(K50="Impacto que afecte la ejecución presupuestal en un valor ≥0,5%.","Leve",IF(K50="Impacto que afecte la ejecución presupuestal en un valor ≥1%.","Menor",IF(K50="Impacto que afecte la ejecución presupuestal en un valor ≥5%.","Moderado",IF(K50="Impacto que afecte la ejecución presupuestal en un valor ≥20%.","Mayor",IF(K50="Impacto que afecte la ejecución presupuestal en un valor ≥50%.","Catastrófico",IF(K50="Incumplimiento máximo del 5% de la meta planeada","Leve",IF(K50="Incumplimiento máximo del 15% de la meta planeada","Menor",IF(K50="Incumplimiento máximo del 20% de la meta planeada","Moderado",IF(K50="Incumplimiento máximo del 50% de la meta planeada","Mayor",IF(K50="Incumplimiento máximo del 80% de la meta planeada","Catastrófico",IF(K50="Cualquier afectación a la violacion de los derechos de los ciudadanos se considera con consecuencias altas","Mayor",IF(K50="Cualquier afectación a la violacion de los derechos de los ciudadanos se considera con consecuencias desastrosas","Catastrófico",IF(K50="Afecta la Prestación del Servicio de Administración de Justicia en 5%","Leve",IF(K50="Afecta la Prestación del Servicio de Administración de Justicia en 10%","Menor",IF(K50="Afecta la Prestación del Servicio de Administración de Justicia en 15%","Moderado",IF(K50="Afecta la Prestación del Servicio de Administración de Justicia en 20%","Mayor",IF(K50="Afecta la Prestación del Servicio de Administración de Justicia en más del 50%","Catastrófico",IF(K50="Cualquier acto indebido de los servidores judiciales genera altas consecuencias para la entidad","Mayor",IF(K50="Cualquier acto indebido de los servidores judiciales genera consecuencias desastrosas para la entidad","Catastrófico",IF(K50="Si el hecho llegara a presentarse, tendría consecuencias o efectos mínimos sobre la entidad","Leve",IF(K50="Si el hecho llegara a presentarse, tendría bajo impacto o efecto sobre la entidad","Menor",IF(K50="Si el hecho llegara a presentarse, tendría medianas consecuencias o efectos sobre la entidad","Moderado",IF(K50="Si el hecho llegara a presentarse, tendría altas consecuencias o efectos sobre la entidad","Mayor",IF(K50="Si el hecho llegara a presentarse, tendría desastrosas consecuencias o efectos sobre la entidad","Catastrófico"))))))))))))))))))))))))))))) -> Mayor | M50: =IF(K50="El riesgo afecta la imagen de alguna área de la organización","20%",IF(K50="El riesgo afecta la imagen de la entidad internamente, de conocimiento general, nivel interno, alta dirección, contratista y/o de provedores","40%",IF(K50="El riesgo afecta la imagen de la entidad con algunos usuarios de relevancia frente al logro de los objetivos","60%",IF(K50="El riesgo afecta la imagen de de la entidad con efecto publicitario sostenido a nivel del sector justicia","80%",IF(K50="El riesgo afecta la imagen de la entidad a nivel nacional, con efecto publicitarios sostenible a nivel país","100%",IF(K50="Impacto que afecte la ejecución presupuestal en un valor ≥0,5%.","20%",IF(K50="Impacto que afecte la ejecución presupuestal en un valor ≥1%.","40%",IF(K50="Impacto que afecte la ejecución presupuestal en un valor ≥5%.","60%",IF(K50="Impacto que afecte la ejecución presupuestal en un valor ≥20%.","80%",IF(K50="Impacto que afecte la ejecución presupuestal en un valor ≥50%.","100%",IF(K50="Incumplimiento máximo del 5% de la meta planeada","20%",IF(K50="Incumplimiento máximo del 15% de la meta planeada","40%",IF(K50="Incumplimiento máximo del 20% de la meta planeada","60%",IF(K50="Incumplimiento máximo del 50% de la meta planeada","80%",IF(K50="Incumplimiento máximo del 80% de la meta planeada","100%",IF(K50="Cualquier afectación a la violacion de los derechos de los ciudadanos se considera con consecuencias altas","80%",IF(K50="Cualquier afectación a la violacion de los derechos de los ciudadanos se considera con consecuencias desastrosas","100%",IF(K50="Afecta la Prestación del Servicio de Administración de Justicia en 5%","20%",IF(K50="Afecta la Prestación del Servicio de Administración de Justicia en 10%","40%",IF(K50="Afecta la Prestación del Servicio de Administración de Justicia en 15%","60%",IF(K50="Afecta la Prestación del Servicio de Administración de Justicia en 20%","80%",IF(K50="Afecta la Prestación del Servicio de Administración de Justicia en más del 50%","100%",IF(K50="Cualquier acto indebido de los servidores judiciales genera altas consecuencias para la entidad","80%",IF(K50="Cualquier acto indebido de los servidores judiciales genera consecuencias desastrosas para la entidad","100%",IF(K50="Si el hecho llegara a presentarse, tendría consecuencias o efectos mínimos sobre la entidad","20%",IF(K50="Si el hecho llegara a presentarse, tendría bajo impacto o efecto sobre la entidad","40%",IF(K50="Si el hecho llegara a presentarse, tendría medianas consecuencias o efectos sobre la entidad","60%",IF(K50="Si el hecho llegara a presentarse, tendría altas consecuencias o efectos sobre la entidad","80%",IF(K50="Si el hecho llegara a presentarse, tendría desastrosas consecuencias o efectos sobre la entidad","100%"))))))))))))))))))))))))))))) -> 80% | N50: =VLOOKUP((I50&L50),Hoja1!$B$4:$C$28,2,0) -> Alto | O50: 1 | P50: Contratar el servicio integral de aseo por las diferentes modalidades previstas en la Ley 80, decreto 1510 y 1082 | Q50: =IF(R50="Preventivo","Probabilidad",IF(R50="Detectivo","Probabilidad", IF(R50="Correctivo","Impacto"))) -> Probabilidad | R50: Preventivo | S50: Manual | T50: =VLOOKUP(R50&S50,Hoja1!$Q$4:$R$9,2,0) -> 0.45 | U50: Documentado | V50: Continua | W50: Con Registro | X50: =IF(Q50="Probabilidad",($J$40*T50),IF(Q50="Impacto"," ")) -> 0.09 | Y50: =IF(Z50<=20%,'Tabla probabilidad'!$B$5,IF(Z50<=40%,'Tabla probabilidad'!$B$6,IF(Z50<=60%,'Tabla probabilidad'!$B$7,IF(Z50<=80%,'Tabla probabilidad'!$B$8,IF(Z50<=100%,'Tabla probabilidad'!$B$9))))) -> Muy Baja | Z50: =IF(R50="Preventivo",(J50-(J50*T50)),IF(R50="Detectivo",(J50-(J50*T50)),IF(R50="Correctivo",(J50)))) -> 0.11 | AA50: =IF(AB50<=20%,'Tabla probabilidad'!$B$5,IF(AB50<=40%,'Tabla probabilidad'!$B$6,IF(AB50<=60%,'Tabla probabilidad'!$B$7,IF(AB50<=80%,'Tabla probabilidad'!$B$8,IF(AB50<=100%,'Tabla probabilidad'!$B$9))))) -> Muy Baja | AB50: =AVERAGE(Z50:Z52) -> 0.11 | AC50: =IF(AD50<=20%,"Leve",IF(AD50<=40%,"Menor",IF(AD50<=60%,"Moderado",IF(AD50<=80%,"Mayor",IF(AD50<=100%,"Catastrófico"))))) -> Leve | AD50: =IF(Q50="Probabilidad",(($M$40-0)),IF(Q50="Impacto",($M$40-($M$40*T50)))) -> 0.2 | AE50: =IF(AF50<=20%,"Leve",IF(AF50<=40%,"Menor",IF(AF50<=60%,"Moderado",IF(AF50<=80%,"Mayor",IF(AF50<=100%,"Catastrófico"))))) -> Leve | AF50: =AVERAGE(AD50:AD52) -> 0.2 | AG50: =VLOOKUP(AA50&AE50,Hoja1!$B$4:$C$28,2,0) -> Bajo | AH50: Aceptar
D51: La no cobertura del servicio a traves del Acuerdo Marco deprecios en todos los municipios en donde se tienen sedes judiciales. | O51: 2 | P51: Identificar en el proceso de contratación proveedores que se ajusten a la necesidad del servicio a contratar. | Q51: =IF(R51="Preventivo","Probabilidad",IF(R51="Detectivo","Probabilidad", IF(R51="Correctivo","Impacto"))) -> Probabilidad | R51: Preventivo | S51: Manual | T51: =VLOOKUP(R51&S51,Hoja1!$Q$4:$R$9,2,0) -> 0.45 | U51: Documentado | V51: Continua | W51: Con Registro | X51: =IF(Q51="Probabilidad",($J$40*T51),IF(Q51="Impacto"," ")) -> 0.09 | Y51: =IF(Z51<=20%,'Tabla probabilidad'!$B$5,IF(Z51<=40%,'Tabla probabilidad'!$B$6,IF(Z51<=60%,'Tabla probabilidad'!$B$7,IF(Z51<=80%,'Tabla probabilidad'!$B$8,IF(Z51<=100%,'Tabla probabilidad'!$B$9))))) -> Muy Baja | Z51: =IF(R51="Preventivo",(J50-(J50*T51)),IF(R51="Detectivo",(J50-(J50*T51)),IF(R51="Correctivo",(J50)))) -> 0.11 | AC51: =IF(AD51<=20%,"Leve",IF(AD51<=40%,"Menor",IF(AD51<=60%,"Moderado",IF(AD51<=80%,"Mayor",IF(AD51<=100%,"Catastrófico"))))) -> Leve | AD51: =IF(Q51="Probabilidad",(($M$40-0)),IF(Q51="Impacto",($M$40-($M$40*T51)))) -> 0.2
D52: La no cobertura de trabajo en alturas nivel avanzado | O52: 3 | P52: Especificar en los estudios previos la necesidad con los criterios según la realidad de la region de la Seccidonal. | Q52: =IF(R52="Preventivo","Probabilidad",IF(R52="Detectivo","Probabilidad", IF(R52="Correctivo","Impacto"))) -> Probabilidad | R52: Preventivo | S52: Manual | T52: =VLOOKUP(R52&S52,Hoja1!$Q$4:$R$9,2,0) -> 0.45 | U52: Documentado | V52: Continua | W52: Con Registro | X52: =IF(Q52="Probabilidad",($J$40*T52),IF(Q52="Impacto"," ")) -> 0.09 | Y52: =IF(Z52<=20%,'Tabla probabilidad'!$B$5,IF(Z52<=40%,'Tabla probabilidad'!$B$6,IF(Z52<=60%,'Tabla probabilidad'!$B$7,IF(Z52<=80%,'Tabla probabilidad'!$B$8,IF(Z52<=100%,'Tabla probabilidad'!$B$9))))) -> Muy Baja | Z52: =IF(R52="Preventivo",(J50-(J50*T52)),IF(R52="Detectivo",(J50-(J50*T52)),IF(R52="Correctivo",(J50)))) -> 0.11 | AC52: =IF(AD52<=20%,"Leve",IF(AD52<=40%,"Menor",IF(AD52<=60%,"Moderado",IF(AD52<=80%,"Mayor",IF(AD52<=100%,"Catastrófico"))))) -> Leve | AD52: =IF(Q52="Probabilidad",(($M$40-0)),IF(Q52="Impacto",($M$40-($M$40*T52)))) -> 0.2
D53: Mala calidad en el servicio | E53: No señirse a los lineamientos de la norma vigente aplicable al Sistema de Seguridad y Salud en el Trabajo. | F53: Incumplimiento al Sistema de Seguridad y Salud en el trabajo, decreto 1072 del 2015 y resolución 312 de 2019 | G53: Usuarios, productos y prácticas organizacionales | H53: 80 | I53: =IF(H53<=2,'Tabla probabilidad'!$B$5,IF(H53<=24,'Tabla probabilidad'!$B$6,IF(H53<=500,'Tabla probabilidad'!$B$7,IF(H53<=5000,'Tabla probabilidad'!$B$8,IF(H53>5000,'Tabla probabilidad'!$B$9))))) -> Media | J53: =IF(H53<=2,'Tabla probabilidad'!$D$5,IF(H53<=24,'Tabla probabilidad'!$D$6,IF(H53<=500,'Tabla probabilidad'!$D$7,IF(H53<=5000,'Tabla probabilidad'!$D$8,IF(H53>5000,'Tabla probabilidad'!$D$9))))) -> 0.6 | K53: El riesgo afecta la imagen de la entidad internamente, de conocimiento general, nivel interno, alta dirección, contratista y/o de provedores | L53: =IF(K53="El riesgo afecta la imagen de alguna área de la organización","Leve",IF(K53="El riesgo afecta la imagen de la entidad internamente, de conocimiento general, nivel interno, alta dirección, contratista y/o de provedores","Menor",IF(K53="El riesgo afecta la imagen de la entidad con algunos usuarios de relevancia frente al logro de los objetivos","Moderado",IF(K53="El riesgo afecta la imagen de de la entidad con efecto publicitario sostenido a nivel del sector justicia","Mayor",IF(K53="El riesgo afecta la imagen de la entidad a nivel nacional, con efecto publicitarios sostenible a nivel país","Catastrófico",IF(K53="Impacto que afecte la ejecución presupuestal en un valor ≥0,5%.","Leve",IF(K53="Impacto que afecte la ejecución presupuestal en un valor ≥1%.","Menor",IF(K53="Impacto que afecte la ejecución presupuestal en un valor ≥5%.","Moderado",IF(K53="Impacto que afecte la ejecución presupuestal en un valor ≥20%.","Mayor",IF(K53="Impacto que afecte la ejecución presupuestal en un valor ≥50%.","Catastrófico",IF(K53="Incumplimiento máximo del 5% de la meta planeada","Leve",IF(K53="Incumplimiento máximo del 15% de la meta planeada","Menor",IF(K53="Incumplimiento máximo del 20% de la meta planeada","Moderado",IF(K53="Incumplimiento máximo del 50% de la meta planeada","Mayor",IF(K53="Incumplimiento máximo del 80% de la meta planeada","Catastrófico",IF(K53="Cualquier afectación a la violacion de los derechos de los ciudadanos se considera con consecuencias altas","Mayor",IF(K53="Cualquier afectación a la violacion de los derechos de los ciudadanos se considera con consecuencias desastrosas","Catastrófico",IF(K53="Afecta la Prestación del Servicio de Administración de Justicia en 5%","Leve",IF(K53="Afecta la Prestación del Servicio de Administración de Justicia en 10%","Menor",IF(K53="Afecta la Prestación del Servicio de Administración de Justicia en 15%","Moderado",IF(K53="Afecta la Prestación del Servicio de Administración de Justicia en 20%","Mayor",IF(K53="Afecta la Prestación del Servicio de Administración de Justicia en más del 50%","Catastrófico",IF(K53="Cualquier acto indebido de los servidores judiciales genera altas consecuencias para la entidad","Mayor",IF(K53="Cualquier acto indebido de los servidores judiciales genera consecuencias desastrosas para la entidad","Catastrófico",IF(K53="Si el hecho llegara a presentarse, tendría consecuencias o efectos mínimos sobre la entidad","Leve",IF(K53="Si el hecho llegara a presentarse, tendría bajo impacto o efecto sobre la entidad","Menor",IF(K53="Si el hecho llegara a presentarse, tendría medianas consecuencias o efectos sobre la entidad","Moderado",IF(K53="Si el hecho llegara a presentarse, tendría altas consecuencias o efectos sobre la entidad","Mayor",IF(K53="Si el hecho llegara a presentarse, tendría desastrosas consecuencias o efectos sobre la entidad","Catastrófico"))))))))))))))))))))))))))))) -> Menor | M53: =IF(K53="El riesgo afecta la imagen de alguna área de la organización","20%",IF(K53="El riesgo afecta la imagen de la entidad internamente, de conocimiento general, nivel interno, alta dirección, contratista y/o de provedores","40%",IF(K53="El riesgo afecta la imagen de la entidad con algunos usuarios de relevancia frente al logro de los objetivos","60%",IF(K53="El riesgo afecta la imagen de de la entidad con efecto publicitario sostenido a nivel del sector justicia","80%",IF(K53="El riesgo afecta la imagen de la entidad a nivel nacional, con efecto publicitarios sostenible a nivel país","100%",IF(K53="Impacto que afecte la ejecución presupuestal en un valor ≥0,5%.","20%",IF(K53="Impacto que afecte la ejecución presupuestal en un valor ≥1%.","40%",IF(K53="Impacto que afecte la ejecución presupuestal en un valor ≥5%.","60%",IF(K53="Impacto que afecte la ejecución presupuestal en un valor ≥20%.","80%",IF(K53="Impacto que afecte la ejecución presupuestal en un valor ≥50%.","100%",IF(K53="Incumplimiento máximo del 5% de la meta planeada","20%",IF(K53="Incumplimiento máximo del 15% de la meta planeada","40%",IF(K53="Incumplimiento máximo del 20% de la meta planeada","60%",IF(K53="Incumplimiento máximo del 50% de la meta planeada","80%",IF(K53="Incumplimiento máximo del 80% de la meta planeada","100%",IF(K53="Cualquier afectación a la violacion de los derechos de los ciudadanos se considera con consecuencias altas","80%",IF(K53="Cualquier afectación a la violacion de los derechos de los ciudadanos se considera con consecuencias desastrosas","100%",IF(K53="Afecta la Prestación del Servicio de Administración de Justicia en 5%","20%",IF(K53="Afecta la Prestación del Servicio de Administración de Justicia en 10%","40%",IF(K53="Afecta la Prestación del Servicio de Administración de Justicia en 15%","60%",IF(K53="Afecta la Prestación del Servicio de Administración de Justicia en 20%","80%",IF(K53="Afecta la Prestación del Servicio de Administración de Justicia en más del 50%","100%",IF(K53="Cualquier acto indebido de los servidores judiciales genera altas consecuencias para la entidad","80%",IF(K53="Cualquier acto indebido de los servidores judiciales genera consecuencias desastrosas para la entidad","100%",IF(K53="Si el hecho llegara a presentarse, tendría consecuencias o efectos mínimos sobre la entidad","20%",IF(K53="Si el hecho llegara a presentarse, tendría bajo impacto o efecto sobre la entidad","40%",IF(K53="Si el hecho llegara a presentarse, tendría medianas consecuencias o efectos sobre la entidad","60%",IF(K53="Si el hecho llegara a presentarse, tendría altas consecuencias o efectos sobre la entidad","80%",IF(K53="Si el hecho llegara a presentarse, tendría desastrosas consecuencias o efectos sobre la entidad","100%"))))))))))))))))))))))))))))) -> 40% | N53: =VLOOKUP((I53&L53),Hoja1!$B$4:$C$28,2,0) -> Moderado | O53: 1 | P53: Asegurar la participación del personal en campañas y capacitaciones en materia de seguridad y salud en el trabajo con la Seccional y la ARL. | Q53: =IF(R53="Preventivo","Probabilidad",IF(R53="Detectivo","Probabilidad", IF(R53="Correctivo","Impacto"))) -> Probabilidad | R53: Preventivo | S53: Manual | T53: =VLOOKUP(R53&S53,Hoja1!$Q$4:$R$9,2,0) -> 0.45 | U53: Documentado | V53: Continua | W53: Con Registro | X53: =IF(Q53="Probabilidad",($J$40*T53),IF(Q53="Impacto"," ")) -> 0.09 | Y53: =IF(Z53<=20%,'Tabla probabilidad'!$B$5,IF(Z53<=40%,'Tabla probabilidad'!$B$6,IF(Z53<=60%,'Tabla probabilidad'!$B$7,IF(Z53<=80%,'Tabla probabilidad'!$B$8,IF(Z53<=100%,'Tabla probabilidad'!$B$9))))) -> Baja | Z53: =IF(R53="Preventivo",(J53-(J53*T53)),IF(R53="Detectivo",(J53-(J53*T53)),IF(R53="Correctivo",(J53)))) -> 0.33 | AA53: =IF(AB53<=20%,'Tabla probabilidad'!$B$5,IF(AB53<=40%,'Tabla probabilidad'!$B$6,IF(AB53<=60%,'Tabla probabilidad'!$B$7,IF(AB53<=80%,'Tabla probabilidad'!$B$8,IF(AB53<=100%,'Tabla probabilidad'!$B$9))))) -> Baja | AB53: =AVERAGE(Z53:Z55) -> 0.33 | AC53: =IF(AD53<=20%,"Leve",IF(AD53<=40%,"Menor",IF(AD53<=60%,"Moderado",IF(AD53<=80%,"Mayor",IF(AD53<=100%,"Catastrófico"))))) -> Leve | AD53: =IF(Q53="Probabilidad",(($M$40-0)),IF(Q53="Impacto",($M$40-($M$40*T53)))) -> 0.2 | AE53: =IF(AF53<=20%,"Leve",IF(AF53<=40%,"Menor",IF(AF53<=60%,"Moderado",IF(AF53<=80%,"Mayor",IF(AF53<=100%,"Catastrófico"))))) -> Leve | AF53: =AVERAGE(AD53:AD55) -> 0.2 | AG53: =VLOOKUP(AA53&AE53,Hoja1!$B$4:$C$28,2,0) -> Bajo | AH53: Aceptar
D54: incumplimientos a la normatividad legal vigente | O54: 2 | P54: Capacitar y formar al personal interno en riesgos laborales y todo el tema normativo y sancionatorio en materia de seguridad y salud en el trabajo. | Q54: =IF(R54="Preventivo","Probabilidad",IF(R54="Detectivo","Probabilidad", IF(R54="Correctivo","Impacto"))) -> Probabilidad | R54: Preventivo | S54: Manual | T54: =VLOOKUP(R54&S54,Hoja1!$Q$4:$R$9,2,0) -> 0.45 | U54: Documentado | V54: Continua | W54: Con Registro | X54: =IF(Q54="Probabilidad",($J$40*T54),IF(Q54="Impacto"," ")) -> 0.09 | Y54: =IF(Z54<=20%,'Tabla probabilidad'!$B$5,IF(Z54<=40%,'Tabla probabilidad'!$B$6,IF(Z54<=60%,'Tabla probabilidad'!$B$7,IF(Z54<=80%,'Tabla probabilidad'!$B$8,IF(Z54<=100%,'Tabla probabilidad'!$B$9))))) -> Baja | Z54: =IF(R54="Preventivo",(J53-(J53*T54)),IF(R54="Detectivo",(J53-(J53*T54)),IF(R54="Correctivo",(J53)))) -> 0.33 | AC54: =IF(AD54<=20%,"Leve",IF(AD54<=40%,"Menor",IF(AD54<=60%,"Moderado",IF(AD54<=80%,"Mayor",IF(AD54<=100%,"Catastrófico"))))) -> Leve | AD54: =IF(Q54="Probabilidad",(($M$40-0)),IF(Q54="Impacto",($M$40-($M$40*T54)))) -> 0.2
D55: errores operacionales que repercutan en el servicio | O55: 3 | P55: Desarrollar jornadas de promoción y prevención en riesgos biomecánicos y psicosocial | Q55: =IF(R55="Preventivo","Probabilidad",IF(R55="Detectivo","Probabilidad", IF(R55="Correctivo","Impacto"))) -> Probabilidad | R55: Preventivo | S55: Manual | T55: =VLOOKUP(R55&S55,Hoja1!$Q$4:$R$9,2,0) -> 0.45 | U55: Documentado | V55: Continua | W55: Con Registro | X55: =IF(Q55="Probabilidad",($J$40*T55),IF(Q55="Impacto"," ")) -> 0.09 | Y55: =IF(Z55<=20%,'Tabla probabilidad'!$B$5,IF(Z55<=40%,'Tabla probabilidad'!$B$6,IF(Z55<=60%,'Tabla probabilidad'!$B$7,IF(Z55<=80%,'Tabla probabilidad'!$B$8,IF(Z55<=100%,'Tabla probabilidad'!$B$9))))) -> Baja | Z55: =IF(R55="Preventivo",(J53-(J53*T55)),IF(R55="Detectivo",(J53-(J53*T55)),IF(R55="Correctivo",(J53)))) -> 0.33 | AC55: =IF(AD55<=20%,"Leve",IF(AD55<=40%,"Menor",IF(AD55<=60%,"Moderado",IF(AD55<=80%,"Mayor",IF(AD55<=100%,"Catastrófico"))))) -> Leve | AD55: =IF(Q55="Probabilidad",(($M$40-0)),IF(Q55="Impacto",($M$40-($M$40*T55)))) -> 0.2
D56: No publicidad de los actos contractuales | E56: incumplimiento del principio de libre concurrencia | F56: Restriccion del numero de oferentes participantes | G56: Usuarios, productos y prácticas organizacionales | H56: 2 | I56: =IF(H56<=2,'Tabla probabilidad'!$B$5,IF(H56<=24,'Tabla probabilidad'!$B$6,IF(H56<=500,'Tabla probabilidad'!$B$7,IF(H56<=5000,'Tabla probabilidad'!$B$8,IF(H56>5000,'Tabla probabilidad'!$B$9))))) -> Muy Baja | J56: =IF(H56<=2,'Tabla probabilidad'!$D$5,IF(H56<=24,'Tabla probabilidad'!$D$6,IF(H56<=500,'Tabla probabilidad'!$D$7,IF(H56<=5000,'Tabla probabilidad'!$D$8,IF(H56>5000,'Tabla probabilidad'!$D$9))))) -> 0.2 | K56: El riesgo afecta la imagen de la entidad internamente, de conocimiento general, nivel interno, alta dirección, contratista y/o de provedores | L56: =IF(K56="El riesgo afecta la imagen de alguna área de la organización","Leve",IF(K56="El riesgo afecta la imagen de la entidad internamente, de conocimiento general, nivel interno, alta dirección, contratista y/o de provedores","Menor",IF(K56="El riesgo afecta la imagen de la entidad con algunos usuarios de relevancia frente al logro de los objetivos","Moderado",IF(K56="El riesgo afecta la imagen de de la entidad con efecto publicitario sostenido a nivel del sector justicia","Mayor",IF(K56="El riesgo afecta la imagen de la entidad a nivel nacional, con efecto publicitarios sostenible a nivel país","Catastrófico",IF(K56="Impacto que afecte la ejecución presupuestal en un valor ≥0,5%.","Leve",IF(K56="Impacto que afecte la ejecución presupuestal en un valor ≥1%.","Menor",IF(K56="Impacto que afecte la ejecución presupuestal en un valor ≥5%.","Moderado",IF(K56="Impacto que afecte la ejecución presupuestal en un valor ≥20%.","Mayor",IF(K56="Impacto que afecte la ejecución presupuestal en un valor ≥50%.","Catastrófico",IF(K56="Incumplimiento máximo del 5% de la meta planeada","Leve",IF(K56="Incumplimiento máximo del 15% de la meta planeada","Menor",IF(K56="Incumplimiento máximo del 20% de la meta planeada","Moderado",IF(K56="Incumplimiento máximo del 50% de la meta planeada","Mayor",IF(K56="Incumplimiento máximo del 80% de la meta planeada","Catastrófico",IF(K56="Cualquier afectación a la violacion de los derechos de los ciudadanos se considera con consecuencias altas","Mayor",IF(K56="Cualquier afectación a la violacion de los derechos de los ciudadanos se considera con consecuencias desastrosas","Catastrófico",IF(K56="Afecta la Prestación del Servicio de Administración de Justicia en 5%","Leve",IF(K56="Afecta la Prestación del Servicio de Administración de Justicia en 10%","Menor",IF(K56="Afecta la Prestación del Servicio de Administración de Justicia en 15%","Moderado",IF(K56="Afecta la Prestación del Servicio de Administración de Justicia en 20%","Mayor",IF(K56="Afecta la Prestación del Servicio de Administración de Justicia en más del 50%","Catastrófico",IF(K56="Cualquier acto indebido de los servidores judiciales genera altas consecuencias para la entidad","Mayor",IF(K56="Cualquier acto indebido de los servidores judiciales genera consecuencias desastrosas para la entidad","Catastrófico",IF(K56="Si el hecho llegara a presentarse, tendría consecuencias o efectos mínimos sobre la entidad","Leve",IF(K56="Si el hecho llegara a presentarse, tendría bajo impacto o efecto sobre la entidad","Menor",IF(K56="Si el hecho llegara a presentarse, tendría medianas consecuencias o efectos sobre la entidad","Moderado",IF(K56="Si el hecho llegara a presentarse, tendría altas consecuencias o efectos sobre la entidad","Mayor",IF(K56="Si el hecho llegara a presentarse, tendría desastrosas consecuencias o efectos sobre la entidad","Catastrófico"))))))))))))))))))))))))))))) -> Menor | M56: =IF(K56="El riesgo afecta la imagen de alguna área de la organización","20%",IF(K56="El riesgo afecta la imagen de la entidad internamente, de conocimiento general, nivel interno, alta dirección, contratista y/o de provedores","40%",IF(K56="El riesgo afecta la imagen de la entidad con algunos usuarios de relevancia frente al logro de los objetivos","60%",IF(K56="El riesgo afecta la imagen de de la entidad con efecto publicitario sostenido a nivel del sector justicia","80%",IF(K56="El riesgo afecta la imagen de la entidad a nivel nacional, con efecto publicitarios sostenible a nivel país","100%",IF(K56="Impacto que afecte la ejecución presupuestal en un valor ≥0,5%.","20%",IF(K56="Impacto que afecte la ejecución presupuestal en un valor ≥1%.","40%",IF(K56="Impacto que afecte la ejecución presupuestal en un valor ≥5%.","60%",IF(K56="Impacto que afecte la ejecución presupuestal en un valor ≥20%.","80%",IF(K56="Impacto que afecte la ejecución presupuestal en un valor ≥50%.","100%",IF(K56="Incumplimiento máximo del 5% de la meta planeada","20%",IF(K56="Incumplimiento máximo del 15% de la meta planeada","40%",IF(K56="Incumplimiento máximo del 20% de la meta planeada","60%",IF(K56="Incumplimiento máximo del 50% de la meta planeada","80%",IF(K56="Incumplimiento máximo del 80% de la meta planeada","100%",IF(K56="Cualquier afectación a la violacion de los derechos de los ciudadanos se considera con consecuencias altas","80%",IF(K56="Cualquier afectación a la violacion de los derechos de los ciudadanos se considera con consecuencias desastrosas","100%",IF(K56="Afecta la Prestación del Servicio de Administración de Justicia en 5%","20%",IF(K56="Afecta la Prestación del Servicio de Administración de Justicia en 10%","40%",IF(K56="Afecta la Prestación del Servicio de Administración de Justicia en 15%","60%",IF(K56="Afecta la Prestación del Servicio de Administración de Justicia en 20%","80%",IF(K56="Afecta la Prestación del Servicio de Administración de Justicia en más del 50%","100%",IF(K56="Cualquier acto indebido de los servidores judiciales genera altas consecuencias para la entidad","80%",IF(K56="Cualquier acto indebido de los servidores judiciales genera consecuencias desastrosas para la entidad","100%",IF(K56="Si el hecho llegara a presentarse, tendría consecuencias o efectos mínimos sobre la entidad","20%",IF(K56="Si el hecho llegara a presentarse, tendría bajo impacto o efecto sobre la entidad","40%",IF(K56="Si el hecho llegara a presentarse, tendría medianas consecuencias o efectos sobre la entidad","60%",IF(K56="Si el hecho llegara a presentarse, tendría altas consecuencias o efectos sobre la entidad","80%",IF(K56="Si el hecho llegara a presentarse, tendría desastrosas consecuencias o efectos sobre la entidad","100%"))))))))))))))))))))))))))))) -> 40% | N56: =VLOOKUP((I56&L56),Hoja1!$B$4:$C$28,2,0) -> Bajo | O56: 1 | P56: Adelantar estudio de mercado para evaluar la existencia de multiplicidad de oferentes en Pereira. | Q56: =IF(R56="Preventivo","Probabilidad",IF(R56="Detectivo","Probabilidad", IF(R56="Correctivo","Impacto"))) -> Probabilidad | R56: Detectivo | S56: Manual | T56: =VLOOKUP(R56&S56,Hoja1!$Q$4:$R$9,2,0) -> 0.35 | U56: Documentado | V56: Aleatoria | W56: Con Registro | X56: =IF(Q56="Probabilidad",($J$40*T56),IF(Q56="Impacto"," ")) -> 0.07 | Y56: =IF(Z56<=20%,'Tabla probabilidad'!$B$5,IF(Z56<=40%,'Tabla probabilidad'!$B$6,IF(Z56<=60%,'Tabla probabilidad'!$B$7,IF(Z56<=80%,'Tabla probabilidad'!$B$8,IF(Z56<=100%,'Tabla probabilidad'!$B$9))))) -> Muy Baja | Z56: =IF(R56="Preventivo",(J56-(J56*T56)),IF(R56="Detectivo",(J56-(J56*T56)),IF(R56="Correctivo",(J56)))) -> 0.13 | AA56: =IF(AB56<=20%,'Tabla probabilidad'!$B$5,IF(AB56<=40%,'Tabla probabilidad'!$B$6,IF(AB56<=60%,'Tabla probabilidad'!$B$7,IF(AB56<=80%,'Tabla probabilidad'!$B$8,IF(AB56<=100%,'Tabla probabilidad'!$B$9))))) -> Muy Baja | AB56: =AVERAGE(Z56:Z58) -> 0.11666667 | AC56: =IF(AD56<=20%,"Leve",IF(AD56<=40%,"Menor",IF(AD56<=60%,"Moderado",IF(AD56<=80%,"Mayor",IF(AD56<=100%,"Catastrófico"))))) -> Leve | AD56: =IF(Q56="Probabilidad",(($M$40-0)),IF(Q56="Impacto",($M$40-($M$40*T56)))) -> 0.2 | AE56: =IF(AF56<=20%,"Leve",IF(AF56<=40%,"Menor",IF(AF56<=60%,"Moderado",IF(AF56<=80%,"Mayor",IF(AF56<=100%,"Catastrófico"))))) -> Leve | AF56: =AVERAGE(AD56:AD58) -> 0.2 | AG56: =VLOOKUP(AA56&AE56,Hoja1!$B$4:$C$28,2,0) -> Bajo | AH56: Aceptar
D57: Requisitos exhorbitantes | O57: 2 | P57: Aplicación de la Ley 80, capacidad de contratar de los consorcios y uniones temporales. | Q57: =IF(R57="Preventivo","Probabilidad",IF(R57="Detectivo","Probabilidad", IF(R57="Correctivo","Impacto"))) -> Probabilidad | R57: Preventivo | S57: Manual | T57: =VLOOKUP(R57&S57,Hoja1!$Q$4:$R$9,2,0) -> 0.45 | U57: Documentado | V57: Continua | W57: Con Registro | X57: =IF(Q57="Probabilidad",($J$40*T57),IF(Q57="Impacto"," ")) -> 0.09 | Y57: =IF(Z57<=20%,'Tabla probabilidad'!$B$5,IF(Z57<=40%,'Tabla probabilidad'!$B$6,IF(Z57<=60%,'Tabla probabilidad'!$B$7,IF(Z57<=80%,'Tabla probabilidad'!$B$8,IF(Z57<=100%,'Tabla probabilidad'!$B$9))))) -> Muy Baja | Z57: =IF(R57="Preventivo",(J56-(J56*T57)),IF(R57="Detectivo",(J56-(J56*T57)),IF(R57="Correctivo",(J56)))) -> 0.11 | AC57: =IF(AD57<=20%,"Leve",IF(AD57<=40%,"Menor",IF(AD57<=60%,"Moderado",IF(AD57<=80%,"Mayor",IF(AD57<=100%,"Catastrófico"))))) -> Leve | AD57: =IF(Q57="Probabilidad",(($M$40-0)),IF(Q57="Impacto",($M$40-($M$40*T57)))) -> 0.2
D58: Limitaciones dentro que menoscaban la participación de oferentes | O58: 3 | P58: Ajuste de la relatividad del principio de la libre concurrencia. | Q58: =IF(R58="Preventivo","Probabilidad",IF(R58="Detectivo","Probabilidad", IF(R58="Correctivo","Impacto"))) -> Probabilidad | R58: Preventivo | S58: Manual | T58: =VLOOKUP(R58&S58,Hoja1!$Q$4:$R$9,2,0) -> 0.45 | U58: Documentado | V58: Continua | W58: Con Registro | X58: =IF(Q58="Probabilidad",($J$40*T58),IF(Q58="Impacto"," ")) -> 0.09 | Y58: =IF(Z58<=20%,'Tabla probabilidad'!$B$5,IF(Z58<=40%,'Tabla probabilidad'!$B$6,IF(Z58<=60%,'Tabla probabilidad'!$B$7,IF(Z58<=80%,'Tabla probabilidad'!$B$8,IF(Z58<=100%,'Tabla probabilidad'!$B$9))))) -> Muy Baja | Z58: =IF(R58="Preventivo",(J56-(J56*T58)),IF(R58="Detectivo",(J56-(J56*T58)),IF(R58="Correctivo",(J56)))) -> 0.11 | AC58: =IF(AD58<=20%,"Leve",IF(AD58<=40%,"Menor",IF(AD58<=60%,"Moderado",IF(AD58<=80%,"Mayor",IF(AD58<=100%,"Catastrófico"))))) -> Leve | AD58: =IF(Q58="Probabilidad",(($M$40-0)),IF(Q58="Impacto",($M$40-($M$40*T58)))) -> 0.2
D59: Que el contratista no firme el contrato | E59: Falta de desarrollo procedimental | F59: Retrazo en la ejecucion del contrato | G59: Ejecución y Administración de Procesos | H59: 80 | I59: =IF(H59<=2,'Tabla probabilidad'!$B$5,IF(H59<=24,'Tabla probabilidad'!$B$6,IF(H59<=500,'Tabla probabilidad'!$B$7,IF(H59<=5000,'Tabla probabilidad'!$B$8,IF(H59>5000,'Tabla probabilidad'!$B$9))))) -> Media | J59: =IF(H59<=2,'Tabla probabilidad'!$D$5,IF(H59<=24,'Tabla probabilidad'!$D$6,IF(H59<=500,'Tabla probabilidad'!$D$7,IF(H59<=5000,'Tabla probabilidad'!$D$8,IF(H59>5000,'Tabla probabilidad'!$D$9))))) -> 0.6 | K59: Afecta la Prestación del Servicio de Administración de Justicia en 15% | L59: =IF(K59="El riesgo afecta la imagen de alguna área de la organización","Leve",IF(K59="El riesgo afecta la imagen de la entidad internamente, de conocimiento general, nivel interno, alta dirección, contratista y/o de provedores","Menor",IF(K59="El riesgo afecta la imagen de la entidad con algunos usuarios de relevancia frente al logro de los objetivos","Moderado",IF(K59="El riesgo afecta la imagen de de la entidad con efecto publicitario sostenido a nivel del sector justicia","Mayor",IF(K59="El riesgo afecta la imagen de la entidad a nivel nacional, con efecto publicitarios sostenible a nivel país","Catastrófico",IF(K59="Impacto que afecte la ejecución presupuestal en un valor ≥0,5%.","Leve",IF(K59="Impacto que afecte la ejecución presupuestal en un valor ≥1%.","Menor",IF(K59="Impacto que afecte la ejecución presupuestal en un valor ≥5%.","Moderado",IF(K59="Impacto que afecte la ejecución presupuestal en un valor ≥20%.","Mayor",IF(K59="Impacto que afecte la ejecución presupuestal en un valor ≥50%.","Catastrófico",IF(K59="Incumplimiento máximo del 5% de la meta planeada","Leve",IF(K59="Incumplimiento máximo del 15% de la meta planeada","Menor",IF(K59="Incumplimiento máximo del 20% de la meta planeada","Moderado",IF(K59="Incumplimiento máximo del 50% de la meta planeada","Mayor",IF(K59="Incumplimiento máximo del 80% de la meta planeada","Catastrófico",IF(K59="Cualquier afectación a la violacion de los derechos de los ciudadanos se considera con consecuencias altas","Mayor",IF(K59="Cualquier afectación a la violacion de los derechos de los ciudadanos se considera con consecuencias desastrosas","Catastrófico",IF(K59="Afecta la Prestación del Servicio de Administración de Justicia en 5%","Leve",IF(K59="Afecta la Prestación del Servicio de Administración de Justicia en 10%","Menor",IF(K59="Afecta la Prestación del Servicio de Administración de Justicia en 15%","Moderado",IF(K59="Afecta la Prestación del Servicio de Administración de Justicia en 20%","Mayor",IF(K59="Afecta la Prestación del Servicio de Administración de Justicia en más del 50%","Catastrófico",IF(K59="Cualquier acto indebido de los servidores judiciales genera altas consecuencias para la entidad","Mayor",IF(K59="Cualquier acto indebido de los servidores judiciales genera consecuencias desastrosas para la entidad","Catastrófico",IF(K59="Si el hecho llegara a presentarse, tendría consecuencias o efectos mínimos sobre la entidad","Leve",IF(K59="Si el hecho llegara a presentarse, tendría bajo impacto o efecto sobre la entidad","Menor",IF(K59="Si el hecho llegara a presentarse, tendría medianas consecuencias o efectos sobre la entidad","Moderado",IF(K59="Si el hecho llegara a presentarse, tendría altas consecuencias o efectos sobre la entidad","Mayor",IF(K59="Si el hecho llegara a presentarse, tendría desastrosas consecuencias o efectos sobre la entidad","Catastrófico"))))))))))))))))))))))))))))) -> Moderado | M59: =IF(K59="El riesgo afecta la imagen de alguna área de la organización","20%",IF(K59="El riesgo afecta la imagen de la entidad internamente, de conocimiento general, nivel interno, alta dirección, contratista y/o de provedores","40%",IF(K59="El riesgo afecta la imagen de la entidad con algunos usuarios de relevancia frente al logro de los objetivos","60%",IF(K59="El riesgo afecta la imagen de de la entidad con efecto publicitario sostenido a nivel del sector justicia","80%",IF(K59="El riesgo afecta la imagen de la entidad a nivel nacional, con efecto publicitarios sostenible a nivel país","100%",IF(K59="Impacto que afecte la ejecución presupuestal en un valor ≥0,5%.","20%",IF(K59="Impacto que afecte la ejecución presupuestal en un valor ≥1%.","40%",IF(K59="Impacto que afecte la ejecución presupuestal en un valor ≥5%.","60%",IF(K59="Impacto que afecte la ejecución presupuestal en un valor ≥20%.","80%",IF(K59="Impacto que afecte la ejecución presupuestal en un valor ≥50%.","100%",IF(K59="Incumplimiento máximo del 5% de la meta planeada","20%",IF(K59="Incumplimiento máximo del 15% de la meta planeada","40%",IF(K59="Incumplimiento máximo del 20% de la meta planeada","60%",IF(K59="Incumplimiento máximo del 50% de la meta planeada","80%",IF(K59="Incumplimiento máximo del 80% de la meta planeada","100%",IF(K59="Cualquier afectación a la violacion de los derechos de los ciudadanos se considera con consecuencias altas","80%",IF(K59="Cualquier afectación a la violacion de los derechos de los ciudadanos se considera con consecuencias desastrosas","100%",IF(K59="Afecta la Prestación del Servicio de Administración de Justicia en 5%","20%",IF(K59="Afecta la Prestación del Servicio de Administración de Justicia en 10%","40%",IF(K59="Afecta la Prestación del Servicio de Administración de Justicia en 15%","60%",IF(K59="Afecta la Prestación del Servicio de Administración de Justicia en 20%","80%",IF(K59="Afecta la Prestación del Servicio de Administración de Justicia en más del 50%","100%",IF(K59="Cualquier acto indebido de los servidores judiciales genera altas consecuencias para la entidad","80%",IF(K59="Cualquier acto indebido de los servidores judiciales genera consecuencias desastrosas para la entidad","100%",IF(K59="Si el hecho llegara a presentarse, tendría consecuencias o efectos mínimos sobre la entidad","20%",IF(K59="Si el hecho llegara a presentarse, tendría bajo impacto o efecto sobre la entidad","40%",IF(K59="Si el hecho llegara a presentarse, tendría medianas consecuencias o efectos sobre la entidad","60%",IF(K59="Si el hecho llegara a presentarse, tendría altas consecuencias o efectos sobre la entidad","80%",IF(K59="Si el hecho llegara a presentarse, tendría desastrosas consecuencias o efectos sobre la entidad","100%"))))))))))))))))))))))))))))) -> 60% | N59: =VLOOKUP((I59&L59),Hoja1!$B$4:$C$28,2,0) -> Moderado | O59: 1 | P59: Ceñirse a lo establecido en el pliego de condiciones. | Q59: =IF(R59="Preventivo","Probabilidad",IF(R59="Detectivo","Probabilidad", IF(R59="Correctivo","Impacto"))) -> Probabilidad | R59: Preventivo | S59: Manual | T59: =VLOOKUP(R59&S59,Hoja1!$Q$4:$R$9,2,0) -> 0.45 | U59: Documentado | V59: Continua | W59: Con Registro | X59: =IF(Q59="Probabilidad",($J$40*T59),IF(Q59="Impacto"," ")) -> 0.09 | Y59: =IF(Z59<=20%,'Tabla probabilidad'!$B$5,IF(Z59<=40%,'Tabla probabilidad'!$B$6,IF(Z59<=60%,'Tabla probabilidad'!$B$7,IF(Z59<=80%,'Tabla probabilidad'!$B$8,IF(Z59<=100%,'Tabla probabilidad'!$B$9))))) -> Baja | Z59: =IF(R59="Preventivo",(J59-(J59*T59)),IF(R59="Detectivo",(J59-(J59*T59)),IF(R59="Correctivo",(J59)))) -> 0.33 | AA59: =IF(AB59<=20%,'Tabla probabilidad'!$B$5,IF(AB59<=40%,'Tabla probabilidad'!$B$6,IF(AB59<=60%,'Tabla probabilidad'!$B$7,IF(AB59<=80%,'Tabla probabilidad'!$B$8,IF(AB59<=100%,'Tabla probabilidad'!$B$9))))) -> Baja | AB59: =AVERAGE(Z59:Z61) -> 0.33 | AC59: =IF(AD59<=20%,"Leve",IF(AD59<=40%,"Menor",IF(AD59<=60%,"Moderado",IF(AD59<=80%,"Mayor",IF(AD59<=100%,"Catastrófico"))))) -> Leve | AD59: =IF(Q59="Probabilidad",(($M$40-0)),IF(Q59="Impacto",($M$40-($M$40*T59)))) -> 0.2 | AE59: =IF(AF59<=20%,"Leve",IF(AF59<=40%,"Menor",IF(AF59<=60%,"Moderado",IF(AF59<=80%,"Mayor",IF(AF59<=100%,"Catastrófico"))))) -> Leve | AF59: =AVERAGE(AD59:AD61) -> 0.2 | AG59: =VLOOKUP(AA59&AE59,Hoja1!$B$4:$C$28,2,0) -> Bajo | AH59: Aceptar
D60: Contratista no presente las garantias | O60: 2 | P60: Dar cumplimiento a los cronogramas establecidos. | Q60: =IF(R60="Preventivo","Probabilidad",IF(R60="Detectivo","Probabilidad", IF(R60="Correctivo","Impacto"))) -> Probabilidad | R60: Preventivo | S60: Manual | T60: =VLOOKUP(R60&S60,Hoja1!$Q$4:$R$9,2,0) -> 0.45 | U60: Documentado | V60: Continua | W60: Con Registro | X60: =IF(Q60="Probabilidad",($J$40*T60),IF(Q60="Impacto"," ")) -> 0.09 | Y60: =IF(Z60<=20%,'Tabla probabilidad'!$B$5,IF(Z60<=40%,'Tabla probabilidad'!$B$6,IF(Z60<=60%,'Tabla probabilidad'!$B$7,IF(Z60<=80%,'Tabla probabilidad'!$B$8,IF(Z60<=100%,'Tabla probabilidad'!$B$9))))) -> Baja | Z60: =IF(R60="Preventivo",(J59-(J59*T60)),IF(R60="Detectivo",(J59-(J59*T60)),IF(R60="Correctivo",(J59)))) -> 0.33 | AC60: =IF(AD60<=20%,"Leve",IF(AD60<=40%,"Menor",IF(AD60<=60%,"Moderado",IF(AD60<=80%,"Mayor",IF(AD60<=100%,"Catastrófico"))))) -> Leve | AD60: =IF(Q60="Probabilidad",(($M$40-0)),IF(Q60="Impacto",($M$40-($M$40*T60)))) -> 0.2
D61: No se de la publicacion o registro presupuestal del contrato | O61: 3 | P61: Hacer seguimientos frente al desarrollo de los cronogramas | Q61: =IF(R61="Preventivo","Probabilidad",IF(R61="Detectivo","Probabilidad", IF(R61="Correctivo","Impacto"))) -> Probabilidad | R61: Preventivo | S61: Manual | T61: =VLOOKUP(R61&S61,Hoja1!$Q$4:$R$9,2,0) -> 0.45 | U61: Documentado | V61: Continua | W61: Con Registro | X61: =IF(Q61="Probabilidad",($J$40*T61),IF(Q61="Impacto"," ")) -> 0.09 | Y61: =IF(Z61<=20%,'Tabla probabilidad'!$B$5,IF(Z61<=40%,'Tabla probabilidad'!$B$6,IF(Z61<=60%,'Tabla probabilidad'!$B$7,IF(Z61<=80%,'Tabla probabilidad'!$B$8,IF(Z61<=100%,'Tabla probabilidad'!$B$9))))) -> Baja | Z61: =IF(R61="Preventivo",(J59-(J59*T61)),IF(R61="Detectivo",(J59-(J59*T61)),IF(R61="Correctivo",(J59)))) -> 0.33 | AC61: =IF(AD61<=20%,"Leve",IF(AD61<=40%,"Menor",IF(AD61<=60%,"Moderado",IF(AD61<=80%,"Mayor",IF(AD61<=100%,"Catastrófico"))))) -> Leve | AD61: =IF(Q61="Probabilidad",(($M$40-0)),IF(Q61="Impacto",($M$40-($M$40*T61)))) -> 0.2
D62: Incumplimiento en la prestación del servicio. | E62: Incumplimiento de obligaciones contractuales establecidas | F62: Terminacion anticipada del contrato | G62: Ejecución y Administración de Procesos | H62: 2 | I62: =IF(H62<=2,'Tabla probabilidad'!$B$5,IF(H62<=24,'Tabla probabilidad'!$B$6,IF(H62<=500,'Tabla probabilidad'!$B$7,IF(H62<=5000,'Tabla probabilidad'!$B$8,IF(H62>5000,'Tabla probabilidad'!$B$9))))) -> Muy Baja | J62: =IF(H62<=2,'Tabla probabilidad'!$D$5,IF(H62<=24,'Tabla probabilidad'!$D$6,IF(H62<=500,'Tabla probabilidad'!$D$7,IF(H62<=5000,'Tabla probabilidad'!$D$8,IF(H62>5000,'Tabla probabilidad'!$D$9))))) -> 0.2 | K62: El riesgo afecta la imagen de la entidad internamente, de conocimiento general, nivel interno, alta dirección, contratista y/o de provedores | L62: =IF(K62="El riesgo afecta la imagen de alguna área de la organización","Leve",IF(K62="El riesgo afecta la imagen de la entidad internamente, de conocimiento general, nivel interno, alta dirección, contratista y/o de provedores","Menor",IF(K62="El riesgo afecta la imagen de la entidad con algunos usuarios de relevancia frente al logro de los objetivos","Moderado",IF(K62="El riesgo afecta la imagen de de la entidad con efecto publicitario sostenido a nivel del sector justicia","Mayor",IF(K62="El riesgo afecta la imagen de la entidad a nivel nacional, con efecto publicitarios sostenible a nivel país","Catastrófico",IF(K62="Impacto que afecte la ejecución presupuestal en un valor ≥0,5%.","Leve",IF(K62="Impacto que afecte la ejecución presupuestal en un valor ≥1%.","Menor",IF(K62="Impacto que afecte la ejecución presupuestal en un valor ≥5%.","Moderado",IF(K62="Impacto que afecte la ejecución presupuestal en un valor ≥20%.","Mayor",IF(K62="Impacto que afecte la ejecución presupuestal en un valor ≥50%.","Catastrófico",IF(K62="Incumplimiento máximo del 5% de la meta planeada","Leve",IF(K62="Incumplimiento máximo del 15% de la meta planeada","Menor",IF(K62="Incumplimiento máximo del 20% de la meta planeada","Moderado",IF(K62="Incumplimiento máximo del 50% de la meta planeada","Mayor",IF(K62="Incumplimiento máximo del 80% de la meta planeada","Catastrófico",IF(K62="Cualquier afectación a la violacion de los derechos de los ciudadanos se considera con consecuencias altas","Mayor",IF(K62="Cualquier afectación a la violacion de los derechos de los ciudadanos se considera con consecuencias desastrosas","Catastrófico",IF(K62="Afecta la Prestación del Servicio de Administración de Justicia en 5%","Leve",IF(K62="Afecta la Prestación del Servicio de Administración de Justicia en 10%","Menor",IF(K62="Afecta la Prestación del Servicio de Administración de Justicia en 15%","Moderado",IF(K62="Afecta la Prestación del Servicio de Administración de Justicia en 20%","Mayor",IF(K62="Afecta la Prestación del Servicio de Administración de Justicia en más del 50%","Catastrófico",IF(K62="Cualquier acto indebido de los servidores judiciales genera altas consecuencias para la entidad","Mayor",IF(K62="Cualquier acto indebido de los servidores judiciales genera consecuencias desastrosas para la entidad","Catastrófico",IF(K62="Si el hecho llegara a presentarse, tendría consecuencias o efectos mínimos sobre la entidad","Leve",IF(K62="Si el hecho llegara a presentarse, tendría bajo impacto o efecto sobre la entidad","Menor",IF(K62="Si el hecho llegara a presentarse, tendría medianas consecuencias o efectos sobre la entidad","Moderado",IF(K62="Si el hecho llegara a presentarse, tendría altas consecuencias o efectos sobre la entidad","Mayor",IF(K62="Si el hecho llegara a presentarse, tendría desastrosas consecuencias o efectos sobre la entidad","Catastrófico"))))))))))))))))))))))))))))) -> Menor | M62: =IF(K62="El riesgo afecta la imagen de alguna área de la organización","20%",IF(K62="El riesgo afecta la imagen de la entidad internamente, de conocimiento general, nivel interno, alta dirección, contratista y/o de provedores","40%",IF(K62="El riesgo afecta la imagen de la entidad con algunos usuarios de relevancia frente al logro de los objetivos","60%",IF(K62="El riesgo afecta la imagen de de la entidad con efecto publicitario sostenido a nivel del sector justicia","80%",IF(K62="El riesgo afecta la imagen de la entidad a nivel nacional, con efecto publicitarios sostenible a nivel país","100%",IF(K62="Impacto que afecte la ejecución presupuestal en un valor ≥0,5%.","20%",IF(K62="Impacto que afecte la ejecución presupuestal en un valor ≥1%.","40%",IF(K62="Impacto que afecte la ejecución presupuestal en un valor ≥5%.","60%",IF(K62="Impacto que afecte la ejecución presupuestal en un valor ≥20%.","80%",IF(K62="Impacto que afecte la ejecución presupuestal en un valor ≥50%.","100%",IF(K62="Incumplimiento máximo del 5% de la meta planeada","20%",IF(K62="Incumplimiento máximo del 15% de la meta planeada","40%",IF(K62="Incumplimiento máximo del 20% de la meta planeada","60%",IF(K62="Incumplimiento máximo del 50% de la meta planeada","80%",IF(K62="Incumplimiento máximo del 80% de la meta planeada","100%",IF(K62="Cualquier afectación a la violacion de los derechos de los ciudadanos se considera con consecuencias altas","80%",IF(K62="Cualquier afectación a la violacion de los derechos de los ciudadanos se considera con consecuencias desastrosas","100%",IF(K62="Afecta la Prestación del Servicio de Administración de Justicia en 5%","20%",IF(K62="Afecta la Prestación del Servicio de Administración de Justicia en 10%","40%",IF(K62="Afecta la Prestación del Servicio de Administración de Justicia en 15%","60%",IF(K62="Afecta la Prestación del Servicio de Administración de Justicia en 20%","80%",IF(K62="Afecta la Prestación del Servicio de Administración de Justicia en más del 50%","100%",IF(K62="Cualquier acto indebido de los servidores judiciales genera altas consecuencias para la entidad","80%",IF(K62="Cualquier acto indebido de los servidores judiciales genera consecuencias desastrosas para la entidad","100%",IF(K62="Si el hecho llegara a presentarse, tendría consecuencias o efectos mínimos sobre la entidad","20%",IF(K62="Si el hecho llegara a presentarse, tendría bajo impacto o efecto sobre la entidad","40%",IF(K62="Si el hecho llegara a presentarse, tendría medianas consecuencias o efectos sobre la entidad","60%",IF(K62="Si el hecho llegara a presentarse, tendría altas consecuencias o efectos sobre la entidad","80%",IF(K62="Si el hecho llegara a presentarse, tendría desastrosas consecuencias o efectos sobre la entidad","100%"))))))))))))))))))))))))))))) -> 40% | N62: =VLOOKUP((I62&L62),Hoja1!$B$4:$C$28,2,0) -> Bajo | O62: 1 | P62: Solicitar poliza para garantizar el cumplimiento general del contrato y el pago de multas y sanciones | Q62: =IF(R62="Preventivo","Probabilidad",IF(R62="Detectivo","Probabilidad", IF(R62="Correctivo","Impacto"))) -> Probabilidad | R62: Preventivo | S62: Manual | T62: =VLOOKUP(R62&S62,Hoja1!$Q$4:$R$9,2,0) -> 0.45 | U62: Documentado | V62: Continua | W62: Con Registro | X62: =IF(Q62="Probabilidad",($J$40*T62),IF(Q62="Impacto"," ")) -> 0.09 | Y62: =IF(Z62<=20%,'Tabla probabilidad'!$B$5,IF(Z62<=40%,'Tabla probabilidad'!$B$6,IF(Z62<=60%,'Tabla probabilidad'!$B$7,IF(Z62<=80%,'Tabla probabilidad'!$B$8,IF(Z62<=100%,'Tabla probabilidad'!$B$9))))) -> Muy Baja | Z62: =IF(R62="Preventivo",(J62-(J62*T62)),IF(R62="Detectivo",(J62-(J62*T62)),IF(R62="Correctivo",(J62)))) -> 0.11 | AA62: =IF(AB62<=20%,'Tabla probabilidad'!$B$5,IF(AB62<=40%,'Tabla probabilidad'!$B$6,IF(AB62<=60%,'Tabla probabilidad'!$B$7,IF(AB62<=80%,'Tabla probabilidad'!$B$8,IF(AB62<=100%,'Tabla probabilidad'!$B$9))))) -> Muy Baja | AB62: =AVERAGE(Z62:Z65) -> 0.11 | AC62: =IF(AD62<=20%,"Leve",IF(AD62<=40%,"Menor",IF(AD62<=60%,"Moderado",IF(AD62<=80%,"Mayor",IF(AD62<=100%,"Catastrófico"))))) -> Leve | AD62: =IF(Q62="Probabilidad",(($M$40-0)),IF(Q62="Impacto",($M$40-($M$40*T62)))) -> 0.2 | AE62: =IF(AF62<=20%,"Leve",IF(AF62<=40%,"Menor",IF(AF62<=60%,"Moderado",IF(AF62<=80%,"Mayor",IF(AF62<=100%,"Catastrófico"))))) -> Leve | AF62: =AVERAGE(AD62:AD65) -> 0.2 | AG62: =VLOOKUP(AA62&AE62,Hoja1!$B$4:$C$28,2,0) -> Bajo | AH62: Aceptar
D63: Desequilibrio contractual | O63: 2 | P63: Consolidación del plan de contigencia | Q63: =IF(R63="Preventivo","Probabilidad",IF(R63="Detectivo","Probabilidad", IF(R63="Correctivo","Impacto"))) -> Probabilidad | R63: Preventivo | S63: Manual | T63: =VLOOKUP(R63&S63,Hoja1!$Q$4:$R$9,2,0) -> 0.45 | U63: Documentado | V63: Continua | W63: Con Registro | X63: =IF(Q63="Probabilidad",($J$40*T63),IF(Q63="Impacto"," ")) -> 0.09 | Y63: =IF(Z63<=20%,'Tabla probabilidad'!$B$5,IF(Z63<=40%,'Tabla probabilidad'!$B$6,IF(Z63<=60%,'Tabla probabilidad'!$B$7,IF(Z63<=80%,'Tabla probabilidad'!$B$8,IF(Z63<=100%,'Tabla probabilidad'!$B$9))))) -> Muy Baja | Z63: =IF(R63="Preventivo",(J62-(J62*T63)),IF(R63="Detectivo",(J62-(J62*T63)),IF(R63="Correctivo",(J62)))) -> 0.11 | AC63: =IF(AD63<=20%,"Leve",IF(AD63<=40%,"Menor",IF(AD63<=60%,"Moderado",IF(AD63<=80%,"Mayor",IF(AD63<=100%,"Catastrófico"))))) -> Leve | AD63: =IF(Q63="Probabilidad",(($M$40-0)),IF(Q63="Impacto",($M$40-($M$40*T63)))) -> 0.2
D64: Sanciones administrativas | O64: 3 | P64: Trazabilidad documental de la administración del riesgo | Q64: =IF(R64="Preventivo","Probabilidad",IF(R64="Detectivo","Probabilidad", IF(R64="Correctivo","Impacto"))) -> Probabilidad | R64: Preventivo | S64: Manual | T64: =VLOOKUP(R64&S64,Hoja1!$Q$4:$R$9,2,0) -> 0.45 | U64: Documentado | V64: Continua | W64: Con Registro | X64: =IF(Q64="Probabilidad",($J$40*T64),IF(Q64="Impacto"," ")) -> 0.09 | Y64: =IF(Z64<=20%,'Tabla probabilidad'!$B$5,IF(Z64<=40%,'Tabla probabilidad'!$B$6,IF(Z64<=60%,'Tabla probabilidad'!$B$7,IF(Z64<=80%,'Tabla probabilidad'!$B$8,IF(Z64<=100%,'Tabla probabilidad'!$B$9))))) -> Muy Baja | Z64: =IF(R64="Preventivo",(J62-(J62*T64)),IF(R64="Detectivo",(J62-(J62*T64)),IF(R64="Correctivo",(J62)))) -> 0.11 | AC64: =IF(AD64<=20%,"Leve",IF(AD64<=40%,"Menor",IF(AD64<=60%,"Moderado",IF(AD64<=80%,"Mayor",IF(AD64<=100%,"Catastrófico"))))) -> Leve | AD64: =IF(Q64="Probabilidad",(($M$40-0)),IF(Q64="Impacto",($M$40-($M$40*T64)))) -> 0.2
D65: Desgaste institucional | O65: 4 | P65: Activación del protocolo de comunicaciones | Q65: =IF(R65="Preventivo","Probabilidad",IF(R65="Detectivo","Probabilidad", IF(R65="Correctivo","Impacto"))) -> Probabilidad | R65: Preventivo | S65: Manual | T65: =VLOOKUP(R65&S65,Hoja1!$Q$4:$R$9,2,0) -> 0.45 | U65: Documentado | V65: Continua | W65: Con Registro | X65: =IF(Q65="Probabilidad",($J$40*T65),IF(Q65="Impacto"," ")) -> 0.09 | Y65: =IF(Z65<=20%,'Tabla probabilidad'!$B$5,IF(Z65<=40%,'Tabla probabilidad'!$B$6,IF(Z65<=60%,'Tabla probabilidad'!$B$7,IF(Z65<=80%,'Tabla probabilidad'!$B$8,IF(Z65<=100%,'Tabla probabilidad'!$B$9))))) -> Muy Baja | Z65: =IF(R65="Preventivo",(J62-(J62*T65)),IF(R65="Detectivo",(J62-(J62*T65)),IF(R65="Correctivo",(J62)))) -> 0.11 | AC65: =IF(AD65<=20%,"Leve",IF(AD65<=40%,"Menor",IF(AD65<=60%,"Moderado",IF(AD65<=80%,"Mayor",IF(AD65<=100%,"Catastrófico"))))) -> Leve | AD65: =IF(Q65="Probabilidad",(($M$40-0)),IF(Q65="Impacto",($M$40-($M$40*T65)))) -> 0.2
D66: Ceses de actividades | E66: No cumplimiento de las clausulas contractuales | F66: Incumplimiento del contraista en pago de salarios y prestaciones sociales a su personal | G66: Ejecución y Administración de Procesos | H66: 2 | I66: =IF(H66<=2,'Tabla probabilidad'!$B$5,IF(H66<=24,'Tabla probabilidad'!$B$6,IF(H66<=500,'Tabla probabilidad'!$B$7,IF(H66<=5000,'Tabla probabilidad'!$B$8,IF(H66>5000,'Tabla probabilidad'!$B$9))))) -> Muy Baja | J66: =IF(H66<=2,'Tabla probabilidad'!$D$5,IF(H66<=24,'Tabla probabilidad'!$D$6,IF(H66<=500,'Tabla probabilidad'!$D$7,IF(H66<=5000,'Tabla probabilidad'!$D$8,IF(H66>5000,'Tabla probabilidad'!$D$9))))) -> 0.2 | K66: El riesgo afecta la imagen de la entidad internamente, de conocimiento general, nivel interno, alta dirección, contratista y/o de provedores | L66: =IF(K66="El riesgo afecta la imagen de alguna área de la organización","Leve",IF(K66="El riesgo afecta la imagen de la entidad internamente, de conocimiento general, nivel interno, alta dirección, contratista y/o de provedores","Menor",IF(K66="El riesgo afecta la imagen de la entidad con algunos usuarios de relevancia frente al logro de los objetivos","Moderado",IF(K66="El riesgo afecta la imagen de de la entidad con efecto publicitario sostenido a nivel del sector justicia","Mayor",IF(K66="El riesgo afecta la imagen de la entidad a nivel nacional, con efecto publicitarios sostenible a nivel país","Catastrófico",IF(K66="Impacto que afecte la ejecución presupuestal en un valor ≥0,5%.","Leve",IF(K66="Impacto que afecte la ejecución presupuestal en un valor ≥1%.","Menor",IF(K66="Impacto que afecte la ejecución presupuestal en un valor ≥5%.","Moderado",IF(K66="Impacto que afecte la ejecución presupuestal en un valor ≥20%.","Mayor",IF(K66="Impacto que afecte la ejecución presupuestal en un valor ≥50%.","Catastrófico",IF(K66="Incumplimiento máximo del 5% de la meta planeada","Leve",IF(K66="Incumplimiento máximo del 15% de la meta planeada","Menor",IF(K66="Incumplimiento máximo del 20% de la meta planeada","Moderado",IF(K66="Incumplimiento máximo del 50% de la meta planeada","Mayor",IF(K66="Incumplimiento máximo del 80% de la meta planeada","Catastrófico",IF(K66="Cualquier afectación a la violacion de los derechos de los ciudadanos se considera con consecuencias altas","Mayor",IF(K66="Cualquier afectación a la violacion de los derechos de los ciudadanos se considera con consecuencias desastrosas","Catastrófico",IF(K66="Afecta la Prestación del Servicio de Administración de Justicia en 5%","Leve",IF(K66="Afecta la Prestación del Servicio de Administración de Justicia en 10%","Menor",IF(K66="Afecta la Prestación del Servicio de Administración de Justicia en 15%","Moderado",IF(K66="Afecta la Prestación del Servicio de Administración de Justicia en 20%","Mayor",IF(K66="Afecta la Prestación del Servicio de Administración de Justicia en más del 50%","Catastrófico",IF(K66="Cualquier acto indebido de los servidores judiciales genera altas consecuencias para la entidad","Mayor",IF(K66="Cualquier acto indebido de los servidores judiciales genera consecuencias desastrosas para la entidad","Catastrófico",IF(K66="Si el hecho llegara a presentarse, tendría consecuencias o efectos mínimos sobre la entidad","Leve",IF(K66="Si el hecho llegara a presentarse, tendría bajo impacto o efecto sobre la entidad","Menor",IF(K66="Si el hecho llegara a presentarse, tendría medianas consecuencias o efectos sobre la entidad","Moderado",IF(K66="Si el hecho llegara a presentarse, tendría altas consecuencias o efectos sobre la entidad","Mayor",IF(K66="Si el hecho llegara a presentarse, tendría desastrosas consecuencias o efectos sobre la entidad","Catastrófico"))))))))))))))))))))))))))))) -> Menor | M66: =IF(K66="El riesgo afecta la imagen de alguna área de la organización","20%",IF(K66="El riesgo afecta la imagen de la entidad internamente, de conocimiento general, nivel interno, alta dirección, contratista y/o de provedores","40%",IF(K66="El riesgo afecta la imagen de la entidad con algunos usuarios de relevancia frente al logro de los objetivos","60%",IF(K66="El riesgo afecta la imagen de de la entidad con efecto publicitario sostenido a nivel del sector justicia","80%",IF(K66="El riesgo afecta la imagen de la entidad a nivel nacional, con efecto publicitarios sostenible a nivel país","100%",IF(K66="Impacto que afecte la ejecución presupuestal en un valor ≥0,5%.","20%",IF(K66="Impacto que afecte la ejecución presupuestal en un valor ≥1%.","40%",IF(K66="Impacto que afecte la ejecución presupuestal en un valor ≥5%.","60%",IF(K66="Impacto que afecte la ejecución presupuestal en un valor ≥20%.","80%",IF(K66="Impacto que afecte la ejecución presupuestal en un valor ≥50%.","100%",IF(K66="Incumplimiento máximo del 5% de la meta planeada","20%",IF(K66="Incumplimiento máximo del 15% de la meta planeada","40%",IF(K66="Incumplimiento máximo del 20% de la meta planeada","60%",IF(K66="Incumplimiento máximo del 50% de la meta planeada","80%",IF(K66="Incumplimiento máximo del 80% de la meta planeada","100%",IF(K66="Cualquier afectación a la violacion de los derechos de los ciudadanos se considera con consecuencias altas","80%",IF(K66="Cualquier afectación a la violacion de los derechos de los ciudadanos se considera con consecuencias desastrosas","100%",IF(K66="Afecta la Prestación del Servicio de Administración de Justicia en 5%","20%",IF(K66="Afecta la Prestación del Servicio de Administración de Justicia en 10%","40%",IF(K66="Afecta la Prestación del Servicio de Administración de Justicia en 15%","60%",IF(K66="Afecta la Prestación del Servicio de Administración de Justicia en 20%","80%",IF(K66="Afecta la Prestación del Servicio de Administración de Justicia en más del 50%","100%",IF(K66="Cualquier acto indebido de los servidores judiciales genera altas consecuencias para la entidad","80%",IF(K66="Cualquier acto indebido de los servidores judiciales genera consecuencias desastrosas para la entidad","100%",IF(K66="Si el hecho llegara a presentarse, tendría consecuencias o efectos mínimos sobre la entidad","20%",IF(K66="Si el hecho llegara a presentarse, tendría bajo impacto o efecto sobre la entidad","40%",IF(K66="Si el hecho llegara a presentarse, tendría medianas consecuencias o efectos sobre la entidad","60%",IF(K66="Si el hecho llegara a presentarse, tendría altas consecuencias o efectos sobre la entidad","80%",IF(K66="Si el hecho llegara a presentarse, tendría desastrosas consecuencias o efectos sobre la entidad","100%"))))))))))))))))))))))))))))) -> 40% | N66: =VLOOKUP((I66&L66),Hoja1!$B$4:$C$28,2,0) -> Bajo | O66: 1 | P66: Solicitar poliza para garantizar el cumplimiento general del contrato y el pago de multas y sanciones | Q66: =IF(R66="Preventivo","Probabilidad",IF(R66="Detectivo","Probabilidad", IF(R66="Correctivo","Impacto"))) -> Probabilidad | R66: Preventivo | S66: Manual | T66: =VLOOKUP(R66&S66,Hoja1!$Q$4:$R$9,2,0) -> 0.45 | U66: Documentado | V66: Continua | W66: Con Registro | X66: =IF(Q66="Probabilidad",($J$40*T66),IF(Q66="Impacto"," ")) -> 0.09 | Y66: =IF(Z66<=20%,'Tabla probabilidad'!$B$5,IF(Z66<=40%,'Tabla probabilidad'!$B$6,IF(Z66<=60%,'Tabla probabilidad'!$B$7,IF(Z66<=80%,'Tabla probabilidad'!$B$8,IF(Z66<=100%,'Tabla probabilidad'!$B$9))))) -> Muy Baja | Z66: =IF(R66="Preventivo",(J66-(J66*T66)),IF(R66="Detectivo",(J66-(J66*T66)),IF(R66="Correctivo",(J66)))) -> 0.11 | AA66: =IF(AB66<=20%,'Tabla probabilidad'!$B$5,IF(AB66<=40%,'Tabla probabilidad'!$B$6,IF(AB66<=60%,'Tabla probabilidad'!$B$7,IF(AB66<=80%,'Tabla probabilidad'!$B$8,IF(AB66<=100%,'Tabla probabilidad'!$B$9))))) -> Muy Baja | AB66: =AVERAGE(Z66:Z69) -> 0.11 | AC66: =IF(AD66<=20%,"Leve",IF(AD66<=40%,"Menor",IF(AD66<=60%,"Moderado",IF(AD66<=80%,"Mayor",IF(AD66<=100%,"Catastrófico"))))) -> Leve | AD66: =IF(Q66="Probabilidad",(($M$40-0)),IF(Q66="Impacto",($M$40-($M$40*T66)))) -> 0.2 | AE66: =IF(AF66<=20%,"Leve",IF(AF66<=40%,"Menor",IF(AF66<=60%,"Moderado",IF(AF66<=80%,"Mayor",IF(AF66<=100%,"Catastrófico"))))) -> Leve | AF66: =AVERAGE(AD66:AD69) -> 0.2 | AG66: =VLOOKUP(AA66&AE66,Hoja1!$B$4:$C$28,2,0) -> Bajo | AH66: Aceptar
D67: Solicitud desequilibrio contractual | O67: 2 | P67: Inclusión de indicadores de apalancamiento financiero y liquidez de parte del contratista. | Q67: =IF(R67="Preventivo","Probabilidad",IF(R67="Detectivo","Probabilidad", IF(R67="Correctivo","Impacto"))) -> Probabilidad | R67: Preventivo | S67: Manual | T67: =VLOOKUP(R67&S67,Hoja1!$Q$4:$R$9,2,0) -> 0.45 | U67: Documentado | V67: Continua | W67: Con Registro | X67: =IF(Q67="Probabilidad",($J$40*T67),IF(Q67="Impacto"," ")) -> 0.09 | Y67: =IF(Z67<=20%,'Tabla probabilidad'!$B$5,IF(Z67<=40%,'Tabla probabilidad'!$B$6,IF(Z67<=60%,'Tabla probabilidad'!$B$7,IF(Z67<=80%,'Tabla probabilidad'!$B$8,IF(Z67<=100%,'Tabla probabilidad'!$B$9))))) -> Muy Baja | Z67: =IF(R67="Preventivo",(J66-(J66*T67)),IF(R67="Detectivo",(J66-(J66*T67)),IF(R67="Correctivo",(J66)))) -> 0.11 | AC67: =IF(AD67<=20%,"Leve",IF(AD67<=40%,"Menor",IF(AD67<=60%,"Moderado",IF(AD67<=80%,"Mayor",IF(AD67<=100%,"Catastrófico"))))) -> Leve | AD67: =IF(Q67="Probabilidad",(($M$40-0)),IF(Q67="Impacto",($M$40-($M$40*T67)))) -> 0.2
D68: Sancioes administrativas por parte de Min trabajo y Supervigilancia | O68: 3 | P68: Solicitud de constitución de poliza de pago de salarios y prestaciones sociales | Q68: =IF(R68="Preventivo","Probabilidad",IF(R68="Detectivo","Probabilidad", IF(R68="Correctivo","Impacto"))) -> Probabilidad | R68: Preventivo | S68: Manual | T68: =VLOOKUP(R68&S68,Hoja1!$Q$4:$R$9,2,0) -> 0.45 | U68: Documentado | V68: Continua | W68: Con Registro | X68: =IF(Q68="Probabilidad",($J$40*T68),IF(Q68="Impacto"," ")) -> 0.09 | Y68: =IF(Z68<=20%,'Tabla probabilidad'!$B$5,IF(Z68<=40%,'Tabla probabilidad'!$B$6,IF(Z68<=60%,'Tabla probabilidad'!$B$7,IF(Z68<=80%,'Tabla probabilidad'!$B$8,IF(Z68<=100%,'Tabla probabilidad'!$B$9))))) -> Muy Baja | Z68: =IF(R68="Preventivo",(J66-(J66*T68)),IF(R68="Detectivo",(J66-(J66*T68)),IF(R68="Correctivo",(J66)))) -> 0.11 | AC68: =IF(AD68<=20%,"Leve",IF(AD68<=40%,"Menor",IF(AD68<=60%,"Moderado",IF(AD68<=80%,"Mayor",IF(AD68<=100%,"Catastrófico"))))) -> Leve | AD68: =IF(Q68="Probabilidad",(($M$40-0)),IF(Q68="Impacto",($M$40-($M$40*T68)))) -> 0.2
O69: 4 | P69: Clausula de verificación del pago de sueldos y seguridad social, anterior al pago. | Q69: =IF(R69="Preventivo","Probabilidad",IF(R69="Detectivo","Probabilidad", IF(R69="Correctivo","Impacto"))) -> Probabilidad | R69: Preventivo | S69: Manual | T69: =VLOOKUP(R69&S69,Hoja1!$Q$4:$R$9,2,0) -> 0.45 | U69: Documentado | V69: Continua | W69: Con Registro | X69: =IF(Q69="Probabilidad",($J$40*T69),IF(Q69="Impacto"," ")) -> 0.09 | Y69: =IF(Z69<=20%,'Tabla probabilidad'!$B$5,IF(Z69<=40%,'Tabla probabilidad'!$B$6,IF(Z69<=60%,'Tabla probabilidad'!$B$7,IF(Z69<=80%,'Tabla probabilidad'!$B$8,IF(Z69<=100%,'Tabla probabilidad'!$B$9))))) -> Muy Baja | Z69: =IF(R69="Preventivo",(J66-(J66*T69)),IF(R69="Detectivo",(J66-(J66*T69)),IF(R69="Correctivo",(J66)))) -> 0.11 | AC69: =IF(AD69<=20%,"Leve",IF(AD69<=40%,"Menor",IF(AD69<=60%,"Moderado",IF(AD69<=80%,"Mayor",IF(AD69<=100%,"Catastrófico"))))) -> Leve | AD69: =IF(Q69="Probabilidad",(($M$40-0)),IF(Q69="Impacto",($M$40-($M$40*T69)))) -> 0.2
